Workbook
Name catdw_1_BBHV_12: Categorienormen!$F$20
Name catdw_1_BCHB_1: Categorienormen!$F$6
Name catdw_1_BCHV_51: Categorienormen!$F$7
Name catdw_1_BKHB_1: Categorienormen!$F$8
Name catdw_1_BKHV_51: Categorienormen!$F$9
Name catdw_1_BKZB_1: Categorienormen!$F$10
Name catdw_1_BKZV_51: Categorienormen!$F$11
Name catdw_1_BRHB_1: Categorienormen!$F$12
Name catdw_1_BRHV_51: Categorienormen!$F$13
Name catdw_1_BVHB_1: Categorienormen!$F$14
Name catdw_1_BVHV_51: Categorienormen!$F$15
Name catdw_1_BVZB_1: Categorienormen!$F$16
Name catdw_1_BVZV_51: Categorienormen!$F$17
Name catdw_1_EAHB_1: Categorienormen!$F$34
Name catdw_1_EAHV_51: Categorienormen!$F$35
Name catdw_1_ERHV_1: Categorienormen!$F$36
Name catdw_1_LAHB_1: Categorienormen!$F$18
Name catdw_1_LAHV_51: Categorienormen!$F$19
Name catdw_1_MAHB_1: Categorienormen!$F$37
Name catdw_1_MAHV_51: Categorienormen!$F$38
Name catdw_1_MAZV_1: Categorienormen!$F$39
Name catdw_1_MAZV_12: Categorienormen!$F$40
Name catdw_1_MAZV_51: Categorienormen!$F$41
Name catdw_1_RKHB_1: Categorienormen!$F$42
Name catdw_1_RKHV_51: Categorienormen!$F$43
Name catdw_1_RPHB_1: Categorienormen!$F$44
Name catdw_1_RPHV_2: Categorienormen!$F$45
Name catdw_1_RPHV_4: Categorienormen!$F$46
Name catdw_1_RPHV_51: Categorienormen!$F$47
Name catdw_1_RRHB_1: Categorienormen!$F$48
Name catdw_1_RRHV_4: Categorienormen!$F$49
Name catdw_1_RRHV_51: Categorienormen!$F$50
Name catdw_1_RRZB_1: Categorienormen!$F$51
Name catdw_1_RRZV_51: Categorienormen!$F$52
Name catdw_1_SDHB_1: Categorienormen!$F$22
Name catdw_1_SDHV_51: Categorienormen!$F$23
Name catdw_1_SKHB_1: Categorienormen!$F$24
Name catdw_1_SKHV_51: Categorienormen!$F$25
Name catdw_1_STHB_1: Categorienormen!$F$26
Name catdw_1_STHV_12: Categorienormen!$F$29
Name catdw_1_STHV_2: Categorienormen!$F$27
Name catdw_1_STHV_26: Categorienormen!$F$30
Name catdw_1_STHV_4: Categorienormen!$F$28
Name catdw_1_STHV_51: Categorienormen!$F$31
Name catdw_1_SWHB_1: Categorienormen!$F$32
Name catdw_1_SWHV_51: Categorienormen!$F$33
Name catdw_1_VAHB_1: Categorienormen!$F$53
Name catdw_1_VAHV_2: Categorienormen!$F$54
Name catdw_1_VAHV_51: Categorienormen!$F$55
Name catdw_1_VAZB_1: Categorienormen!$F$56
Name catdw_1_VAZV_51: Categorienormen!$F$57
Name catdw_1_VBHV_10: Categorienormen!$F$21
Name catdw_1_VEHB_1: Categorienormen!$F$58
Name catdw_1_VEHV_51: Categorienormen!$F$59
Name catdw_1_VEZB_1: Categorienormen!$F$60
Name catdw_1_VEZV_51: Categorienormen!$F$61
Name catdw_1_VLHB_1: Categorienormen!$F$62
Name catdw_1_VLHV_51: Categorienormen!$F$63
Name catdw_1_VOHB_1: Categorienormen!$F$64
Name catdw_1_VOHV_12: Categorienormen!$F$65

Sheet Omreken
A1: Blad 'Omreken'
A3: Dit blad mag niet worden gewijzigd!
A5: Type: | B5: Invultabel
A7: Werkdagen
A9: per jaar: | B9: 255
A10: per week: | B10: 5
A12: FREQ | B12: FACTOR
A13: 5W | B13: =IF(A13="2½W",2.5/dagenperweek1,IF(RIGHT(A13,1)="W",VALUE(LEFT(A13,LEN(A13)-1))/dagenperweek1,IF(RIGHT(A13,1)="J",VALUE(LEFT(A13,LEN(A13)-1))/dagenperjaar1,IF(RIGHT(A13,1)="D",VALUE(LEFT(A13,LEN(A13)-1)),"handmatig!")))) -> 1
A14: 4W | B14: =IF(A14="2½W",2.5/dagenperweek1,IF(RIGHT(A14,1)="W",VALUE(LEFT(A14,LEN(A14)-1))/dagenperweek1,IF(RIGHT(A14,1)="J",VALUE(LEFT(A14,LEN(A14)-1))/dagenperjaar1,IF(RIGHT(A14,1)="D",VALUE(LEFT(A14,LEN(A14)-1)),"handmatig!")))) -> 0.8
A15: 3W | B15: =IF(A15="2½W",2.5/dagenperweek1,IF(RIGHT(A15,1)="W",VALUE(LEFT(A15,LEN(A15)-1))/dagenperweek1,IF(RIGHT(A15,1)="J",VALUE(LEFT(A15,LEN(A15)-1))/dagenperjaar1,IF(RIGHT(A15,1)="D",VALUE(LEFT(A15,LEN(A15)-1)),"handmatig!")))) -> 0.6
A16: 2W | B16: =IF(A16="2½W",2.5/dagenperweek1,IF(RIGHT(A16,1)="W",VALUE(LEFT(A16,LEN(A16)-1))/dagenperweek1,IF(RIGHT(A16,1)="J",VALUE(LEFT(A16,LEN(A16)-1))/dagenperjaar1,IF(RIGHT(A16,1)="D",VALUE(LEFT(A16,LEN(A16)-1)),"handmatig!")))) -> 0.4
A17: 1W | B17: =IF(A17="2½W",2.5/dagenperweek1,IF(RIGHT(A17,1)="W",VALUE(LEFT(A17,LEN(A17)-1))/dagenperweek1,IF(RIGHT(A17,1)="J",VALUE(LEFT(A17,LEN(A17)-1))/dagenperjaar1,IF(RIGHT(A17,1)="D",VALUE(LEFT(A17,LEN(A17)-1)),"handmatig!")))) -> 0.2
A18: 26J | B18: =IF(A18="2½W",2.5/dagenperweek1,IF(RIGHT(A18,1)="W",VALUE(LEFT(A18,LEN(A18)-1))/dagenperweek1,IF(RIGHT(A18,1)="J",VALUE(LEFT(A18,LEN(A18)-1))/dagenperjaar1,IF(RIGHT(A18,1)="D",VALUE(LEFT(A18,LEN(A18)-1)),"handmatig!")))) -> 0.10196078
A19: 12J | B19: =IF(A19="2½W",2.5/dagenperweek1,IF(RIGHT(A19,1)="W",VALUE(LEFT(A19,LEN(A19)-1))/dagenperweek1,IF(RIGHT(A19,1)="J",VALUE(LEFT(A19,LEN(A19)-1))/dagenperjaar1,IF(RIGHT(A19,1)="D",VALUE(LEFT(A19,LEN(A19)-1)),"handmatig!")))) -> 0.047058824
A20: 10J | B20: =IF(A20="2½W",2.5/dagenperweek1,IF(RIGHT(A20,1)="W",VALUE(LEFT(A20,LEN(A20)-1))/dagenperweek1,IF(RIGHT(A20,1)="J",VALUE(LEFT(A20,LEN(A20)-1))/dagenperjaar1,IF(RIGHT(A20,1)="D",VALUE(LEFT(A20,LEN(A20)-1)),"handmatig!")))) -> 0.039215686
A21: 9J | B21: =IF(A21="2½W",2.5/dagenperweek1,IF(RIGHT(A21,1)="W",VALUE(LEFT(A21,LEN(A21)-1))/dagenperweek1,IF(RIGHT(A21,1)="J",VALUE(LEFT(A21,LEN(A21)-1))/dagenperjaar1,IF(RIGHT(A21,1)="D",VALUE(LEFT(A21,LEN(A21)-1)),"handmatig!")))) -> 0.035294118
A22: 7J | B22: =IF(A22="2½W",2.5/dagenperweek1,IF(RIGHT(A22,1)="W",VALUE(LEFT(A22,LEN(A22)-1))/dagenperweek1,IF(RIGHT(A22,1)="J",VALUE(LEFT(A22,LEN(A22)-1))/dagenperjaar1,IF(RIGHT(A22,1)="D",VALUE(LEFT(A22,LEN(A22)-1)),"handmatig!")))) -> 0.02745098
A23: 6J | B23: =IF(A23="2½W",2.5/dagenperweek1,IF(RIGHT(A23,1)="W",VALUE(LEFT(A23,LEN(A23)-1))/dagenperweek1,IF(RIGHT(A23,1)="J",VALUE(LEFT(A23,LEN(A23)-1))/dagenperjaar1,IF(RIGHT(A23,1)="D",VALUE(LEFT(A23,LEN(A23)-1)),"handmatig!")))) -> 0.023529412
A24: 4J | B24: =IF(A24="2½W",2.5/dagenperweek1,IF(RIGHT(A24,1)="W",VALUE(LEFT(A24,LEN(A24)-1))/dagenperweek1,IF(RIGHT(A24,1)="J",VALUE(LEFT(A24,LEN(A24)-1))/dagenperjaar1,IF(RIGHT(A24,1)="D",VALUE(LEFT(A24,LEN(A24)-1)),"handmatig!")))) -> 0.015686275
... A27: 1J | B27: =IF(A27="2½W",2.5/dagenperweek1,IF(RIGHT(A27,1)="W",VALUE(LEFT(A27,LEN(A27)-1))/dagenperweek1,IF(RIGHT(A27,1)="J",VALUE(LEFT(A27,LEN(A27)-1))/dagenperjaar1,IF(RIGHT(A27,1)="D",VALUE(LEFT(A27,LEN(A27)-1)),"handmatig!")))) -> 0.0039215686

Sheet Tariefopbouw
A1: Opbouw uurtarief
B3: Regulier werk | D3: Regulier werk | F3: Regulier werk | H3: Regulier werk | J3: Regulier werk | L3: Regie werk | N3: Regie werk | P3: Regie werk
B4: Uitvoering | D4: Uitvoering | F4: Uitvoering | H4: Directe leiding | J4: Directe leiding | L4: Uitvoering | N4: Uitvoering | P4: Directe leiding
A5: ONDERDEEL | B5: Vakvolwassene | D5: Vakvolwassene | F5: Leiding (meewerkend) | H5: Leiding (niet-meewerkend) | J5: Leiding (niet-meewerkend) | L5: Vakvolwassene regie | N5: Vakvolwassene regie | P5: Leiding regie
A6: Loongroep/ervaring | B6: >3 dienstjaren | F6: voorman/vrouw | H6: voorman/vrouw | J6: objectleider | N6: specialist
A7: Basis uurloon (CAO)
A8: Basis toeslagen
A9: Totaal basisloon | B9: =SUM(B7:B8) -> 0 | D9: =SUM(D7:D8) -> 0 | F9: =SUM(F7:F8) -> 0 | H9: =SUM(H7:H8) -> 0 | J9: =SUM(J7:J8) -> 0 | L9: =SUM(L7:L8) -> 0 | N9: =SUM(N7:N8) -> 0 | P9: =SUM(P7:P8) -> 0
A10: Vakantietoeslag | C10: =TariefOpbouwBasisloon1*B10 -> 0 | E10: =TariefOpbouwBasisloon2*D10 -> 0 | G10: =TariefOpbouwBasisloon3*F10 -> 0 | I10: =TariefOpbouwBasisloon4*H10 -> 0 | K10: =TariefOpbouwBasisloon5*J10 -> 0 | M10: =TariefOpbouwBasisloon6*L10 -> 0 | O10: =TariefOpbouwBasisloon7*N10 -> 0 | Q10: =TariefOpbouwBasisloon8*P10 -> 0
A11: Overige structurele uitkeringen | C11: =TariefOpbouwBasisloon1*B11 -> 0 | E11: =TariefOpbouwBasisloon2*D11 -> 0 | G11: =TariefOpbouwBasisloon3*F11 -> 0 | I11: =TariefOpbouwBasisloon4*H11 -> 0 | K11: =TariefOpbouwBasisloon5*J11 -> 0 | M11: =TariefOpbouwBasisloon6*L11 -> 0 | O11: =TariefOpbouwBasisloon7*N11 -> 0 | Q11: =TariefOpbouwBasisloon8*P11 -> 0
A12: Totaal uurloon inclusief toeslagen | B12: =SUM(TariefOpbouwBasisloon1,C10:C11) -> 0 | D12: =SUM(TariefOpbouwBasisloon2,E10:E11) -> 0 | F12: =SUM(TariefOpbouwBasisloon3,G10:G11) -> 0 | H12: =SUM(TariefOpbouwBasisloon4,I10:I11) -> 0 | J12: =SUM(TariefOpbouwBasisloon5,K10:K11) -> 0 | L12: =SUM(TariefOpbouwBasisloon6,M10:M11) -> 0 | N12: =SUM(TariefOpbouwBasisloon7,O10:O11) -> 0 | P12: =SUM(TariefOpbouwBasisloon8,Q10:Q11) -> 0
A13: Sociale lasten | C13: =TariefOpbouwUurloon1*B13 -> 0 | E13: =TariefOpbouwUurloon2*D13 -> 0 | G13: =TariefOpbouwUurloon3*F13 -> 0 | I13: =TariefOpbouwUurloon4*H13 -> 0 | K13: =TariefOpbouwUurloon5*J13 -> 0 | M13: =TariefOpbouwUurloon6*L13 -> 0 | O13: =TariefOpbouwUurloon7*N13 -> 0 | Q13: =TariefOpbouwUurloon8*P13 -> 0
A14: Totaal uurloon inclusief sociale lasten | B14: =SUM(TariefOpbouwUurloon1,C13:C13) -> 0 | D14: =SUM(TariefOpbouwUurloon2,E13:E13) -> 0 | F14: =SUM(TariefOpbouwUurloon3,G13:G13) -> 0 | H14: =SUM(TariefOpbouwUurloon4,I13:I13) -> 0 | J14: =SUM(TariefOpbouwUurloon5,K13:K13) -> 0 | L14: =SUM(TariefOpbouwUurloon6,M13:M13) -> 0 | N14: =SUM(TariefOpbouwUurloon7,O13:O13) -> 0 | P14: =SUM(TariefOpbouwUurloon8,Q13:Q13) -> 0
A15: Vakantiedagen | C15: =TariefOpbouwUurloonkosten1*B15 -> 0 | E15: =TariefOpbouwUurloonkosten2*D15 -> 0 | G15: =TariefOpbouwUurloonkosten3*F15 -> 0 | I15: =TariefOpbouwUurloonkosten4*H15 -> 0 | K15: =TariefOpbouwUurloonkosten5*J15 -> 0 | M15: =TariefOpbouwUurloonkosten6*L15 -> 0 | O15: =TariefOpbouwUurloonkosten7*N15 -> 0 | Q15: =TariefOpbouwUurloonkosten8*P15 -> 0
A16: Betaalde feestdagen | C16: =TariefOpbouwUurloonkosten1*B16 -> 0 | E16: =TariefOpbouwUurloonkosten2*D16 -> 0 | G16: =TariefOpbouwUurloonkosten3*F16 -> 0 | I16: =TariefOpbouwUurloonkosten4*H16 -> 0 | K16: =TariefOpbouwUurloonkosten5*J16 -> 0 | M16: =TariefOpbouwUurloonkosten6*L16 -> 0 | O16: =TariefOpbouwUurloonkosten7*N16 -> 0 | Q16: =TariefOpbouwUurloonkosten8*P16 -> 0
A17: Ziektedagen | C17: =TariefOpbouwUurloonkosten1*B17 -> 0 | E17: =TariefOpbouwUurloonkosten2*D17 -> 0 | G17: =TariefOpbouwUurloonkosten3*F17 -> 0 | I17: =TariefOpbouwUurloonkosten4*H17 -> 0 | K17: =TariefOpbouwUurloonkosten5*J17 -> 0 | M17: =TariefOpbouwUurloonkosten6*L17 -> 0 | O17: =TariefOpbouwUurloonkosten7*N17 -> 0 | Q17: =TariefOpbouwUurloonkosten8*P17 -> 0
A18: Overige niet werkbare dagen | C18: =TariefOpbouwUurloonkosten1*B18 -> 0 | E18: =TariefOpbouwUurloonkosten2*D18 -> 0 | G18: =TariefOpbouwUurloonkosten3*F18 -> 0 | I18: =TariefOpbouwUurloonkosten4*H18 -> 0 | K18: =TariefOpbouwUurloonkosten5*J18 -> 0 | M18: =TariefOpbouwUurloonkosten6*L18 -> 0 | O18: =TariefOpbouwUurloonkosten7*N18 -> 0 | Q18: =TariefOpbouwUurloonkosten8*P18 -> 0
A19: TOTAAL LOONKOSTEN PER UUR | B19: =SUM(TariefOpbouwUurloonkosten1,C15:C18) -> 0 | D19: =SUM(TariefOpbouwUurloonkosten2,E15:E18) -> 0 | F19: =SUM(TariefOpbouwUurloonkosten3,G15:G18) -> 0 | H19: =SUM(TariefOpbouwUurloonkosten4,I15:I18) -> 0 | J19: =SUM(TariefOpbouwUurloonkosten5,K15:K18) -> 0 | L19: =SUM(TariefOpbouwUurloonkosten6,M15:M18) -> 0 | N19: =SUM(TariefOpbouwUurloonkosten7,O15:O18) -> 0 | P19: =SUM(TariefOpbouwUurloonkosten8,Q15:Q18) -> 0
A20: Materialen en middelen | C20: =TariefOpbouwTotaalLoonkosten1*B20 -> 0 | E20: =TariefOpbouwTotaalLoonkosten2*D20 -> 0 | G20: =TariefOpbouwTotaalLoonkosten3*F20 -> 0 | I20: =TariefOpbouwTotaalLoonkosten4*H20 -> 0 | K20: =TariefOpbouwTotaalLoonkosten5*J20 -> 0 | M20: =TariefOpbouwTotaalLoonkosten6*L20 -> 0 | O20: =TariefOpbouwTotaalLoonkosten7*N20 -> 0 | Q20: =TariefOpbouwTotaalLoonkosten8*P20 -> 0
A21: Machinekosten | C21: =TariefOpbouwTotaalLoonkosten1*B21 -> 0 | E21: =TariefOpbouwTotaalLoonkosten2*D21 -> 0 | G21: =TariefOpbouwTotaalLoonkosten3*F21 -> 0 | I21: =TariefOpbouwTotaalLoonkosten4*H21 -> 0 | K21: =TariefOpbouwTotaalLoonkosten5*J21 -> 0 | M21: =TariefOpbouwTotaalLoonkosten6*L21 -> 0 | O21: =TariefOpbouwTotaalLoonkosten7*N21 -> 0 | Q21: =TariefOpbouwTotaalLoonkosten8*P21 -> 0
A22: Werkkleding en uitrusting | C22: =TariefOpbouwTotaalLoonkosten1*B22 -> 0 | E22: =TariefOpbouwTotaalLoonkosten2*D22 -> 0 | G22: =TariefOpbouwTotaalLoonkosten3*F22 -> 0 | I22: =TariefOpbouwTotaalLoonkosten4*H22 -> 0 | K22: =TariefOpbouwTotaalLoonkosten5*J22 -> 0 | M22: =TariefOpbouwTotaalLoonkosten6*L22 -> 0 | O22: =TariefOpbouwTotaalLoonkosten7*N22 -> 0 | Q22: =TariefOpbouwTotaalLoonkosten8*P22 -> 0
A23: Afvalzakken | C23: =TariefOpbouwTotaalLoonkosten1*B23 -> 0 | E23: =TariefOpbouwTotaalLoonkosten2*D23 -> 0 | G23: =TariefOpbouwTotaalLoonkosten3*F23 -> 0 | I23: =TariefOpbouwTotaalLoonkosten4*H23 -> 0 | K23: =TariefOpbouwTotaalLoonkosten5*J23 -> 0 | M23: =TariefOpbouwTotaalLoonkosten6*L23 -> 0 | O23: =TariefOpbouwTotaalLoonkosten7*N23 -> 0 | Q23: =TariefOpbouwTotaalLoonkosten8*P23 -> 0
A24: Reiskosten/vervoerskosten/parkeergelden | C24: =TariefOpbouwTotaalLoonkosten1*B24 -> 0 | E24: =TariefOpbouwTotaalLoonkosten2*D24 -> 0 | G24: =TariefOpbouwTotaalLoonkosten3*F24 -> 0 | I24: =TariefOpbouwTotaalLoonkosten4*H24 -> 0 | K24: =TariefOpbouwTotaalLoonkosten5*J24 -> 0 | M24: =TariefOpbouwTotaalLoonkosten6*L24 -> 0 | O24: =TariefOpbouwTotaalLoonkosten7*N24 -> 0 | Q24: =TariefOpbouwTotaalLoonkosten8*P24 -> 0
A25: Overige directe kosten | C25: =TariefOpbouwTotaalLoonkosten1*B25 -> 0 | E25: =TariefOpbouwTotaalLoonkosten2*D25 -> 0 | G25: =TariefOpbouwTotaalLoonkosten3*F25 -> 0 | I25: =TariefOpbouwTotaalLoonkosten4*H25 -> 0 | K25: =TariefOpbouwTotaalLoonkosten5*J25 -> 0 | M25: =TariefOpbouwTotaalLoonkosten6*L25 -> 0 | O25: =TariefOpbouwTotaalLoonkosten7*N25 -> 0 | Q25: =TariefOpbouwTotaalLoonkosten8*P25 -> 0
A26: TOTAAL DIRECTE KOSTEN | B26: =SUM(TariefOpbouwTotaalLoonkosten1,C20:C25) -> 0 | D26: =SUM(TariefOpbouwTotaalLoonkosten2,E20:E25) -> 0 | F26: =SUM(TariefOpbouwTotaalLoonkosten3,G20:G25) -> 0 | H26: =SUM(TariefOpbouwTotaalLoonkosten4,I20:I25) -> 0 | J26: =SUM(TariefOpbouwTotaalLoonkosten5,K20:K25) -> 0 | L26: =SUM(TariefOpbouwTotaalLoonkosten6,M20:M25) -> 0 | N26: =SUM(TariefOpbouwTotaalLoonkosten7,O20:O25) -> 0 | P26: =SUM(TariefOpbouwTotaalLoonkosten8,Q20:Q25) -> 0
A28: Indirecte leiding | C28: =TariefOpbouwDirecteKosten1*B28 -> 0 | E28: =TariefOpbouwDirecteKosten2*D28 -> 0 | G28: =TariefOpbouwDirecteKosten3*F28 -> 0 | I28: =TariefOpbouwDirecteKosten4*H28 -> 0 | K28: =TariefOpbouwDirecteKosten5*J28 -> 0 | M28: =TariefOpbouwDirecteKosten6*L28 -> 0 | O28: =TariefOpbouwDirecteKosten7*N28 -> 0 | Q28: =TariefOpbouwDirecteKosten8*P28 -> 0
A29: Managementkosten | C29: =TariefOpbouwDirecteKosten1*B29 -> 0 | E29: =TariefOpbouwDirecteKosten2*D29 -> 0 | G29: =TariefOpbouwDirecteKosten3*F29 -> 0 | I29: =TariefOpbouwDirecteKosten4*H29 -> 0 | K29: =TariefOpbouwDirecteKosten5*J29 -> 0 | M29: =TariefOpbouwDirecteKosten6*L29 -> 0 | O29: =TariefOpbouwDirecteKosten7*N29 -> 0 | Q29: =TariefOpbouwDirecteKosten8*P29 -> 0
A30: P.Z. kosten | C30: =TariefOpbouwDirecteKosten1*B30 -> 0 | E30: =TariefOpbouwDirecteKosten2*D30 -> 0 | G30: =TariefOpbouwDirecteKosten3*F30 -> 0 | I30: =TariefOpbouwDirecteKosten4*H30 -> 0 | K30: =TariefOpbouwDirecteKosten5*J30 -> 0 | M30: =TariefOpbouwDirecteKosten6*L30 -> 0 | O30: =TariefOpbouwDirecteKosten7*N30 -> 0 | Q30: =TariefOpbouwDirecteKosten8*P30 -> 0
A31: Opleiding | C31: =TariefOpbouwDirecteKosten1*B31 -> 0 | E31: =TariefOpbouwDirecteKosten2*D31 -> 0 | G31: =TariefOpbouwDirecteKosten3*F31 -> 0 | I31: =TariefOpbouwDirecteKosten4*H31 -> 0 | K31: =TariefOpbouwDirecteKosten5*J31 -> 0 | M31: =TariefOpbouwDirecteKosten6*L31 -> 0 | O31: =TariefOpbouwDirecteKosten7*N31 -> 0 | Q31: =TariefOpbouwDirecteKosten8*P31 -> 0
A32: Huisvesting | C32: =TariefOpbouwDirecteKosten1*B32 -> 0 | E32: =TariefOpbouwDirecteKosten2*D32 -> 0 | G32: =TariefOpbouwDirecteKosten3*F32 -> 0 | I32: =TariefOpbouwDirecteKosten4*H32 -> 0 | K32: =TariefOpbouwDirecteKosten5*J32 -> 0 | M32: =TariefOpbouwDirecteKosten6*L32 -> 0 | O32: =TariefOpbouwDirecteKosten7*N32 -> 0 | Q32: =TariefOpbouwDirecteKosten8*P32 -> 0
A33: Administratiekosten | C33: =TariefOpbouwDirecteKosten1*B33 -> 0 | E33: =TariefOpbouwDirecteKosten2*D33 -> 0 | G33: =TariefOpbouwDirecteKosten3*F33 -> 0 | I33: =TariefOpbouwDirecteKosten4*H33 -> 0 | K33: =TariefOpbouwDirecteKosten5*J33 -> 0 | M33: =TariefOpbouwDirecteKosten6*L33 -> 0 | O33: =TariefOpbouwDirecteKosten7*N33 -> 0 | Q33: =TariefOpbouwDirecteKosten8*P33 -> 0
A34: Overige overhead | C34: =TariefOpbouwDirecteKosten1*B34 -> 0 | E34: =TariefOpbouwDirecteKosten2*D34 -> 0 | G34: =TariefOpbouwDirecteKosten3*F34 -> 0 | I34: =TariefOpbouwDirecteKosten4*H34 -> 0 | K34: =TariefOpbouwDirecteKosten5*J34 -> 0 | M34: =TariefOpbouwDirecteKosten6*L34 -> 0 | O34: =TariefOpbouwDirecteKosten7*N34 -> 0 | Q34: =TariefOpbouwDirecteKosten8*P34 -> 0
A35: TOTAAL INDIRECTE KOSTEN | B35: =SUM(C28:C34) -> 0 | D35: =SUM(E28:E34) -> 0 | F35: =SUM(G28:G34) -> 0 | H35: =SUM(I28:I34) -> 0 | J35: =SUM(K28:K34) -> 0 | L35: =SUM(M28:M34) -> 0 | N35: =SUM(O28:O34) -> 0 | P35: =SUM(Q28:Q34) -> 0
A37: RISICO EN WINST | C37: =(TariefOpbouwDirecteKosten1+TariefOpbouwIndirecteKosten1)*B37 -> 0 | E37: =(TariefOpbouwDirecteKosten2+TariefOpbouwIndirecteKosten2)*D37 -> 0 | G37: =(TariefOpbouwDirecteKosten3+TariefOpbouwIndirecteKosten3)*F37 -> 0 | I37: =(TariefOpbouwDirecteKosten4+TariefOpbouwIndirecteKosten4)*H37 -> 0 | K37: =(TariefOpbouwDirecteKosten5+TariefOpbouwIndirecteKosten5)*J37 -> 0 | M37: =(TariefOpbouwDirecteKosten6+TariefOpbouwIndirecteKosten6)*L37 -> 0 | O37: =(TariefOpbouwDirecteKosten7+TariefOpbouwIndirecteKosten7)*N37 -> 0 | Q37: =(TariefOpbouwDirecteKosten8+TariefOpbouwIndirecteKosten8)*P37 -> 0
A39: TOTAAL UURTARIEF (excl. BTW) | B39: =TariefOpbouwDirecteKosten1+TariefOpbouwIndirecteKosten1+TariefOpbouwRisicoWinst1 -> 0 | D39: =TariefOpbouwDirecteKosten2+TariefOpbouwIndirecteKosten2+TariefOpbouwRisicoWinst2 -> 0 | F39: =TariefOpbouwDirecteKosten3+TariefOpbouwIndirecteKosten3+TariefOpbouwRisicoWinst3 -> 0 | H39: =TariefOpbouwDirecteKosten4+TariefOpbouwIndirecteKosten4+TariefOpbouwRisicoWinst4 -> 0 | J39: =TariefOpbouwDirecteKosten5+TariefOpbouwIndirecteKosten5+TariefOpbouwRisicoWinst5 -> 0 | L39: =TariefOpbouwDirecteKosten6+TariefOpbouwIndirecteKosten6+TariefOpbouwRisicoWinst6 -> 0 | N39: =TariefOpbouwDirecteKosten7+TariefOpbouwIndirecteKosten7+TariefOpbouwRisicoWinst7 -> 0 | P39: =TariefOpbouwDirecteKosten8+TariefOpbouwIndirecteKosten8+TariefOpbouwRisicoWinst8 -> 0
A40: Onregelmatigheids tijdstip: | B40: toeslag | C40: tarief | D40: toeslag | E40: tarief | F40: toeslag | G40: tarief | H40: toeslag | I40: tarief | J40: toeslag | K40: tarief | L40: toeslag | M40: tarief | N40: toeslag | O40: tarief | P40: toeslag | Q40: tarief
A41: - DN: ma-vr nacht | B41: 0.3 | C41: =((1+B41)*TariefOpbouwTotaalLoonkosten1+TariefOpbouwDirecteKosten1-TariefOpbouwTotaalLoonkosten1+TariefOpbouwIndirecteKosten1)*(1+TariefOpbouwRisicoWinstPercentage1) -> 0 | D41: 0.3 | E41: =((1+D41)*TariefOpbouwTotaalLoonkosten2+TariefOpbouwDirecteKosten2-TariefOpbouwTotaalLoonkosten2+TariefOpbouwIndirecteKosten2)*(1+TariefOpbouwRisicoWinstPercentage2) -> 0 | F41: 0.3 | G41: =((1+F41)*TariefOpbouwTotaalLoonkosten3+TariefOpbouwDirecteKosten3-TariefOpbouwTotaalLoonkosten3+TariefOpbouwIndirecteKosten3)*(1+TariefOpbouwRisicoWinstPercentage3) -> 0 | H41: 0.3 | I41: =((1+H41)*TariefOpbouwTotaalLoonkosten4+TariefOpbouwDirecteKosten4-TariefOpbouwTotaalLoonkosten4+TariefOpbouwIndirecteKosten4)*(1+TariefOpbouwRisicoWinstPercentage4) -> 0 | J41: 0.3 | K41: =((1+J41)*TariefOpbouwTotaalLoonkosten5+TariefOpbouwDirecteKosten5-TariefOpbouwTotaalLoonkosten5+TariefOpbouwIndirecteKosten5)*(1+TariefOpbouwRisicoWinstPercentage5) -> 0 | L41: 0.3 | M41: =((1+L41)*TariefOpbouwTotaalLoonkosten6+TariefOpbouwDirecteKosten6-TariefOpbouwTotaalLoonkosten6+TariefOpbouwIndirecteKosten6)*(1+TariefOpbouwRisicoWinstPercentage6) -> 0 | N41: 0.3 | O41: =((1+N41)*TariefOpbouwTotaalLoonkosten7+TariefOpbouwDirecteKosten7-TariefOpbouwTotaalLoonkosten7+TariefOpbouwIndirecteKosten7)*(1+TariefOpbouwRisicoWinstPercentage7) -> 0 | P41: 0.3 | Q41: =((1+P41)*TariefOpbouwTotaalLoonkosten8+TariefOpbouwDirecteKosten8-TariefOpbouwTotaalLoonkosten8+TariefOpbouwIndirecteKosten8)*(1+TariefOpbouwRisicoWinstPercentage8) -> 0
A42: - W: weekend | B42: 0.5 | C42: =((1+B42)*TariefOpbouwTotaalLoonkosten1+TariefOpbouwDirecteKosten1-TariefOpbouwTotaalLoonkosten1+TariefOpbouwIndirecteKosten1)*(1+TariefOpbouwRisicoWinstPercentage1) -> 0 | D42: 0.5 | E42: =((1+D42)*TariefOpbouwTotaalLoonkosten2+TariefOpbouwDirecteKosten2-TariefOpbouwTotaalLoonkosten2+TariefOpbouwIndirecteKosten2)*(1+TariefOpbouwRisicoWinstPercentage2) -> 0 | F42: 0.5 | G42: =((1+F42)*TariefOpbouwTotaalLoonkosten3+TariefOpbouwDirecteKosten3-TariefOpbouwTotaalLoonkosten3+TariefOpbouwIndirecteKosten3)*(1+TariefOpbouwRisicoWinstPercentage3) -> 0 | H42: 0.5 | I42: =((1+H42)*TariefOpbouwTotaalLoonkosten4+TariefOpbouwDirecteKosten4-TariefOpbouwTotaalLoonkosten4+TariefOpbouwIndirecteKosten4)*(1+TariefOpbouwRisicoWinstPercentage4) -> 0 | J42: 0.5 | K42: =((1+J42)*TariefOpbouwTotaalLoonkosten5+TariefOpbouwDirecteKosten5-TariefOpbouwTotaalLoonkosten5+TariefOpbouwIndirecteKosten5)*(1+TariefOpbouwRisicoWinstPercentage5) -> 0 | L42: 0.5 | M42: =((1+L42)*TariefOpbouwTotaalLoonkosten6+TariefOpbouwDirecteKosten6-TariefOpbouwTotaalLoonkosten6+TariefOpbouwIndirecteKosten6)*(1+TariefOpbouwRisicoWinstPercentage6) -> 0 | N42: 0.5 | O42: =((1+N42)*TariefOpbouwTotaalLoonkosten7+TariefOpbouwDirecteKosten7-TariefOpbouwTotaalLoonkosten7+TariefOpbouwIndirecteKosten7)*(1+TariefOpbouwRisicoWinstPercentage7) -> 0 | P42: 0.5 | Q42: =((1+P42)*TariefOpbouwTotaalLoonkosten8+TariefOpbouwDirecteKosten8-TariefOpbouwTotaalLoonkosten8+TariefOpbouwIndirecteKosten8)*(1+TariefOpbouwRisicoWinstPercentage8) -> 0
A43: - X: feestdag | B43: 1.5 | C43: =((1+B43)*TariefOpbouwTotaalLoonkosten1+TariefOpbouwDirecteKosten1-TariefOpbouwTotaalLoonkosten1+TariefOpbouwIndirecteKosten1)*(1+TariefOpbouwRisicoWinstPercentage1) -> 0 | D43: 1.5 | E43: =((1+D43)*TariefOpbouwTotaalLoonkosten2+TariefOpbouwDirecteKosten2-TariefOpbouwTotaalLoonkosten2+TariefOpbouwIndirecteKosten2)*(1+TariefOpbouwRisicoWinstPercentage2) -> 0 | F43: 1.5 | G43: =((1+F43)*TariefOpbouwTotaalLoonkosten3+TariefOpbouwDirecteKosten3-TariefOpbouwTotaalLoonkosten3+TariefOpbouwIndirecteKosten3)*(1+TariefOpbouwRisicoWinstPercentage3) -> 0 | H43: 1.5 | I43: =((1+H43)*TariefOpbouwTotaalLoonkosten4+TariefOpbouwDirecteKosten4-TariefOpbouwTotaalLoonkosten4+TariefOpbouwIndirecteKosten4)*(1+TariefOpbouwRisicoWinstPercentage4) -> 0 | J43: 1.5 | K43: =((1+J43)*TariefOpbouwTotaalLoonkosten5+TariefOpbouwDirecteKosten5-TariefOpbouwTotaalLoonkosten5+TariefOpbouwIndirecteKosten5)*(1+TariefOpbouwRisicoWinstPercentage5) -> 0 | L43: 1.5 | M43: =((1+L43)*TariefOpbouwTotaalLoonkosten6+TariefOpbouwDirecteKosten6-TariefOpbouwTotaalLoonkosten6+TariefOpbouwIndirecteKosten6)*(1+TariefOpbouwRisicoWinstPercentage6) -> 0 | N43: 1.5 | O43: =((1+N43)*TariefOpbouwTotaalLoonkosten7+TariefOpbouwDirecteKosten7-TariefOpbouwTotaalLoonkosten7+TariefOpbouwIndirecteKosten7)*(1+TariefOpbouwRisicoWinstPercentage7) -> 0 | P43: 1.5 | Q43: =((1+P43)*TariefOpbouwTotaalLoonkosten8+TariefOpbouwDirecteKosten8-TariefOpbouwTotaalLoonkosten8+TariefOpbouwIndirecteKosten8)*(1+TariefOpbouwRisicoWinstPercentage8) -> 0
A45: TARIEVEN REGULIER WERK | B45: Werkdag | D45: Weekend | F45: Feestdag
B46: Aandeel | C46: Tarief | D46: Aandeel | E46: Tarief | F46: Aandeel | G46: Tarief
A47: =TariefOpbouwNaam1&" "&TariefOpbouwErvaring1 -> Vakvolwassene >3 dienstjaren | C47: =TariefOpbouwTarief1 -> 0 | E47: =TariefOpbouwTarief1W -> 0 | G47: =TariefOpbouwTarief1X -> 0
A48: =TariefOpbouwNaam2&" "&TariefOpbouwErvaring2 -> Vakvolwassene | C48: =TariefOpbouwTarief2 -> 0 | E48: =TariefOpbouwTarief2W -> 0 | G48: =TariefOpbouwTarief2X -> 0
A49: =TariefOpbouwNaam3&" "&TariefOpbouwErvaring3 -> Leiding (meewerkend) voorman/vrouw | C49: =TariefOpbouwTarief3 -> 0 | E49: =TariefOpbouwTarief3W -> 0 | G49: =TariefOpbouwTarief3X -> 0
A50: Gewogen tarief uitvoering | B50: =IF(SUM(B47:B49)=1,SUM(B47:B49),"ongeldig") -> ongeldig | C50: =SUMPRODUCT(B47:B49,C47:C49) -> 0 | D50: =IF(SUM(D47:D49)=1,SUM(D47:D49),"ongeldig") -> ongeldig | E50: =SUMPRODUCT(D47:D49,E47:E49) -> 0 | F50: =IF(SUM(F47:F49)=1,SUM(F47:F49),"ongeldig") -> ongeldig | G50: =SUMPRODUCT(F47:F49,G47:G49) -> 0
A51: =TariefOpbouwNaam4&" "&TariefOpbouwErvaring4 -> Leiding (niet-meewerkend) voorman/vrouw | C51: =TariefOpbouwTarief4 -> 0 | E51: =TariefOpbouwTarief4W -> 0 | G51: =TariefOpbouwTarief4X -> 0
A52: =TariefOpbouwNaam5&" "&TariefOpbouwErvaring5 -> Leiding (niet-meewerkend) objectleider | C52: =TariefOpbouwTarief5 -> 0 | E52: =TariefOpbouwTarief5W -> 0 | G52: =TariefOpbouwTarief5X -> 0
A53: Tarieven regulier werk | B53: =TariefUitvoering1+IF(SUM(B51:B52)>0,SUMPRODUCT(B51:B52,C51:C52)) -> 0 | D53: =TariefUitvoering8+IF(SUM(D51:D52)>0,SUMPRODUCT(D51:D52,E51:E52)) -> 0 | F53: =TariefUitvoering9+IF(SUM(F51:F52)>0,SUMPRODUCT(F51:F52,G51:G52)) -> 0
A55: TARIEVEN REGIE WERK | B55: Uurtarief regie werk | D55: Uurtarief regie specialistich | F55: Uurtarief specialistisch vloeronderhoud | H55: Uurtarief glasbewassing | J55: Uuirtarief medewerker bouwschoonmaak | L55: Uuirtarief mw specialitisch bouwschoonma
B56: Aandeel | C56: Tarief | D56: Aandeel | E56: Tarief | F56: Aandeel | G56: Tarief | H56: Aandeel | I56: Tarief | J56: Aandeel | K56: Tarief | L56: Aandeel | M56: Tarief
A57: =TariefOpbouwNaam6&" "&TariefOpbouwErvaring6 -> Vakvolwassene regie | C57: =TariefOpbouwTarief6 -> 0 | E57: =TariefOpbouwTarief6 -> 0 | G57: =TariefOpbouwTarief6 -> 0 | I57: =TariefOpbouwTarief6 -> 0 | K57: =TariefOpbouwTarief6 -> 0 | M57: =TariefOpbouwTarief6 -> 0
A58: =TariefOpbouwNaam7&" "&TariefOpbouwErvaring7 -> Vakvolwassene regie specialist | C58: =TariefOpbouwTarief7 -> 0 | E58: =TariefOpbouwTarief7 -> 0 | G58: =TariefOpbouwTarief7 -> 0 | I58: =TariefOpbouwTarief7 -> 0 | K58: =TariefOpbouwTarief7 -> 0 | M58: =TariefOpbouwTarief7 -> 0
A59: Gewogen tarief uitvoering | B59: =IF(SUM(B57:B58)=1,SUM(B57:B58),"ongeldig") -> ongeldig | C59: =SUMPRODUCT(B57:B58,C57:C58) -> 0 | D59: =IF(SUM(D57:D58)=1,SUM(D57:D58),"ongeldig") -> ongeldig | E59: =SUMPRODUCT(D57:D58,E57:E58) -> 0 | F59: =IF(SUM(F57:F58)=1,SUM(F57:F58),"ongeldig") -> ongeldig | G59: =SUMPRODUCT(F57:F58,G57:G58) -> 0 | H59: =IF(SUM(H57:H58)=1,SUM(H57:H58),"ongeldig") -> ongeldig | I59: =SUMPRODUCT(H57:H58,I57:I58) -> 0 | J59: =IF(SUM(J57:J58)=1,SUM(J57:J58),"ongeldig") -> ongeldig | K59: =SUMPRODUCT(J57:J58,K57:K58) -> 0 | L59: =IF(SUM(L57:L58)=1,SUM(L57:L58),"ongeldig") -> ongeldig | M59: =SUMPRODUCT(L57:L58,M57:M58) -> 0
A60: =TariefOpbouwNaam8&" "&TariefOpbouwErvaring8 -> Leiding regie | C60: =TariefOpbouwTarief8 -> 0 | E60: =TariefOpbouwTarief8 -> 0 | G60: =TariefOpbouwTarief8 -> 0 | I60: =TariefOpbouwTarief8 -> 0 | K60: =TariefOpbouwTarief8 -> 0 | M60: =TariefOpbouwTarief8 -> 0
A61: Tarieven regie werk | B61: =TariefUitvoering2+IF(SUM(B60:B60)>0,SUMPRODUCT(B60:B60,C60:C60)) -> 0 | D61: =TariefUitvoering3+IF(SUM(D60:D60)>0,SUMPRODUCT(D60:D60,E60:E60)) -> 0 | F61: =TariefUitvoering4+IF(SUM(F60:F60)>0,SUMPRODUCT(F60:F60,G60:G60)) -> 0 | H61: =TariefUitvoering5+IF(SUM(H60:H60)>0,SUMPRODUCT(H60:H60,I60:I60)) -> 0 | J61: =TariefUitvoering6+IF(SUM(J60:J60)>0,SUMPRODUCT(J60:J60,K60:K60)) -> 0 | L61: =TariefUitvoering7+IF(SUM(L60:L60)>0,SUMPRODUCT(L60:L60,M60:M60)) -> 0

Sheet Categorienormen
A1: =CONCATENATE("Bijlage G.1: ",tabeltype," categorienormen") -> Bijlage G.1: Invultabel categorienormen
A3: NORM-CODE | B3: CATEGORIE | C3: DAGEN/JAAR | D3: OMSCHRIJVING | E3: PRODUCTIE-NORM | F3: % HOOG-FREQUENT | G3: EENHEID | H3: TARIEF (EURO)
A5: WERKDAG
A6: BCHB | B6: B | C6: 1 | D6: Belcel harde vloer (basis) | G6: m²/uur | H6: =Tariefopbouw1 -> 0
A7: BCHV | B7: B | C7: 51 | D7: Belcel harde vloer (volledig) | G7: m²/uur | H7: =Tariefopbouw1 -> 0
A8: BKHB | B8: B | C8: 1 | D8: Kantoorruimte hard (basis) | G8: m²/uur | H8: =Tariefopbouw1 -> 0
A9: BKHV | B9: B | C9: 51 | D9: Kantoorruimte hard (volledig) | G9: m²/uur | H9: =Tariefopbouw1 -> 0
A10: BKZB | B10: B | C10: 1 | D10: Kantoorruimte zacht (basis) | G10: m²/uur | H10: =Tariefopbouw1 -> 0
A11: BKZV | B11: B | C11: 51 | D11: Kantoorruimte zacht (volledig) | G11: m²/uur | H11: =Tariefopbouw1 -> 0
A12: BRHB | B12: B | C12: 1 | D12: Receptie/ontvangst/wachtruimte - hard (basis) | G12: m²/uur | H12: =Tariefopbouw1 -> 0
A13: BRHV | B13: B | C13: 51 | D13: Receptie/ontvangst/wachtruimte - hard (volledig) | G13: m²/uur | H13: =Tariefopbouw1 -> 0
A14: BVHB | B14: B | C14: 1 | D14: Spreek-/overleg-/vergaderruimte/studio hard (basis) | G14: m²/uur | H14: =Tariefopbouw1 -> 0
A15: BVHV | B15: B | C15: 51 | D15: Spreek-/overleg-/vergaderruimte/studio hard (volledig) | G15: m²/uur | H15: =Tariefopbouw1 -> 0
A16: BVZB | B16: B | C16: 1 | D16: Spreek-/overleg-/vergaderruimte/studio zacht (basis) | G16: m²/uur | H16: =Tariefopbouw1 -> 0
A17: BVZV | B17: B | C17: 51 | D17: Spreek-/overleg-/vergaderruimte/studio zacht (volledig) | G17: m²/uur | H17: =Tariefopbouw1 -> 0
... A76: VTZV | B76: V | C76: 51 | D76: Trappenhuis/trap zacht (volledig) | G76: m²/uur | H76: =Tariefopbouw1 -> 0

Sheet Regulier werk
A1: =CONCATENATE("Bijlage G.2: ",tabeltype," regulier werk") -> Bijlage G.2: Invultabel regulier werk
A3: TAAK | B3: FREQ | C3: WERK- SOORT | D3: OMSCHRIJVING | E3: OPP OF AANTAL | F3: OPP OF AANTAL /DAG | G3: PRODUCTIE-NORM | H3: EENHEID | I3: TARIEF (EURO) | J3: UREN/ DAG | K3: PRIJS/ DAG | L3: UREN/ JAAR | M3: PRIJS/ JAAR
A5: WERKDAG
A6: BBH | B6: 12J | C6: interieur | D6: Behandel-/onderzoeksruimte harde vloeren | E6: 6 | F6: =E6*VLOOKUP(B6,dagsoorttabel1,2,FALSE) -> 0.28235294 | G6: =catpn_1_BBHV_12 -> 0 | H6: m²/uur | I6: =cattf_1_BBHV_12 -> 0 | J6: =IF(OR(ISBLANK(G6),G6=0),0,F6/ROUND(G6,4)) -> 0 | K6: =ROUND(I6,2)*J6 -> 0 | L6: =J6*dagenperjaar1 -> 0 | M6: =L6*ROUND(I6,2) -> 0
A7: BCH | B7: 1W | C7: interieur | D7: Belcel harde vloer | E7: 2 | F7: =E7*VLOOKUP(B7,dagsoorttabel1,2,FALSE) -> 0.4 | G7: =IF(AND(catpn_1_BCHB_1>0,catpn_1_BCHV_51>0),(dagenperjaar1*VLOOKUP(B7,dagsoorttabel1,2,FALSE))/(((dagenperjaar1*VLOOKUP(B7,dagsoorttabel1,2,FALSE))-catfd_1_BCHV_51)/catpn_1_BCHB_1+catfd_1_BCHV_51/catpn_1_BCHV_51),0) -> 0 | H7: m²/uur | I7: =IF(AND(catpn_1_BCHB_1>0,catpn_1_BCHV_51>0),(cattf_1_BCHB_1*((dagenperjaar1*VLOOKUP(B7,dagsoorttabel1,2,FALSE))-catfd_1_BCHV_51)/catpn_1_BCHB_1+cattf_1_BCHV_51*catfd_1_BCHV_51/catpn_1_BCHV_51)/(((dagenperjaar1*VLOOKUP(B7,dagsoorttabel1,2,FALSE))-catfd_1_BCHV_51)/catpn_1_BCHB_1+catfd_1_BCHV_51/catpn_1_BCHV_51),0) -> 0 | J7: =IF(OR(ISBLANK(G7),G7=0),0,F7/ROUND(G7,4)) -> 0 | K7: =ROUND(I7,2)*J7 -> 0 | L7: =J7*dagenperjaar1 -> 0 | M7: =L7*ROUND(I7,2) -> 0
A8: BCH | B8: 2W | C8: interieur | D8: Belcel harde vloer | E8: 2.4 | F8: =E8*VLOOKUP(B8,dagsoorttabel1,2,FALSE) -> 0.96 | G8: =IF(AND(catpn_1_BKHB_1>0,catpn_1_BKHV_51>0),(dagenperjaar1*VLOOKUP(B8,dagsoorttabel1,2,FALSE))/(((dagenperjaar1*VLOOKUP(B8,dagsoorttabel1,2,FALSE))-catfd_1_BKHV_51)/catpn_1_BKHB_1+catfd_1_BKHV_51/catpn_1_BKHV_51),0) -> 0 | H8: m²/uur | I8: =IF(AND(catpn_1_BKHB_1>0,catpn_1_BKHV_51>0),(cattf_1_BKHB_1*((dagenperjaar1*VLOOKUP(B8,dagsoorttabel1,2,FALSE))-catfd_1_BKHV_51)/catpn_1_BKHB_1+cattf_1_BKHV_51*catfd_1_BKHV_51/catpn_1_BKHV_51)/(((dagenperjaar1*VLOOKUP(B8,dagsoorttabel1,2,FALSE))-catfd_1_BKHV_51)/catpn_1_BKHB_1+catfd_1_BKHV_51/catpn_1_BKHV_51),0) -> 0 | J8: =IF(OR(ISBLANK(G8),G8=0),0,F8/ROUND(G8,4)) -> 0 | K8: =ROUND(I8,2)*J8 -> 0 | L8: =J8*dagenperjaar1 -> 0 | M8: =L8*ROUND(I8,2) -> 0
A9: BKH | B9: 1W | C9: interieur | D9: Kantoorruimte harde vloer | E9: 170.9 | F9: =E9*VLOOKUP(B9,dagsoorttabel1,2,FALSE) -> 34.18 | G9: =IF(AND(catpn_1_BKHB_1>0,catpn_1_BKHV_51>0),(dagenperjaar1*VLOOKUP(B9,dagsoorttabel1,2,FALSE))/(((dagenperjaar1*VLOOKUP(B9,dagsoorttabel1,2,FALSE))-catfd_1_BKHV_51)/catpn_1_BKHB_1+catfd_1_BKHV_51/catpn_1_BKHV_51),0) -> 0 | H9: m²/uur | I9: =IF(AND(catpn_1_BKHB_1>0,catpn_1_BKHV_51>0),(cattf_1_BKHB_1*((dagenperjaar1*VLOOKUP(B9,dagsoorttabel1,2,FALSE))-catfd_1_BKHV_51)/catpn_1_BKHB_1+cattf_1_BKHV_51*catfd_1_BKHV_51/catpn_1_BKHV_51)/(((dagenperjaar1*VLOOKUP(B9,dagsoorttabel1,2,FALSE))-catfd_1_BKHV_51)/catpn_1_BKHB_1+catfd_1_BKHV_51/catpn_1_BKHV_51),0) -> 0 | J9: =IF(OR(ISBLANK(G9),G9=0),0,F9/ROUND(G9,4)) -> 0 | K9: =ROUND(I9,2)*J9 -> 0 | L9: =J9*dagenperjaar1 -> 0 | M9: =L9*ROUND(I9,2) -> 0
A10: BKH | B10: 26J | C10: interieur | D10: Kantoorruimte harde vloer | E10: 42 | F10: =E10*VLOOKUP(B10,dagsoorttabel1,2,FALSE) -> 4.2823529 | G10: =catpn_1_BKHV_51 -> 0 | H10: m²/uur | I10: =cattf_1_BKHV_51 -> 0 | J10: =IF(OR(ISBLANK(G10),G10=0),0,F10/ROUND(G10,4)) -> 0 | K10: =ROUND(I10,2)*J10 -> 0 | L10: =J10*dagenperjaar1 -> 0 | M10: =L10*ROUND(I10,2) -> 0
A11: BKH | B11: 2W | C11: interieur | D11: Kantoorruimte harde vloer | E11: 392.7 | F11: =E11*VLOOKUP(B11,dagsoorttabel1,2,FALSE) -> 157.08 | G11: =IF(AND(catpn_1_BKHB_1>0,catpn_1_BKHV_51>0),(dagenperjaar1*VLOOKUP(B11,dagsoorttabel1,2,FALSE))/(((dagenperjaar1*VLOOKUP(B11,dagsoorttabel1,2,FALSE))-catfd_1_BKHV_51)/catpn_1_BKHB_1+catfd_1_BKHV_51/catpn_1_BKHV_51),0) -> 0 | H11: m²/uur | I11: =IF(AND(catpn_1_BKHB_1>0,catpn_1_BKHV_51>0),(cattf_1_BKHB_1*((dagenperjaar1*VLOOKUP(B11,dagsoorttabel1,2,FALSE))-catfd_1_BKHV_51)/catpn_1_BKHB_1+cattf_1_BKHV_51*catfd_1_BKHV_51/catpn_1_BKHV_51)/(((dagenperjaar1*VLOOKUP(B11,dagsoorttabel1,2,FALSE))-catfd_1_BKHV_51)/catpn_1_BKHB_1+catfd_1_BKHV_51/catpn_1_BKHV_51),0) -> 0 | J11: =IF(OR(ISBLANK(G11),G11=0),0,F11/ROUND(G11,4)) -> 0 | K11: =ROUND(I11,2)*J11 -> 0 | L11: =J11*dagenperjaar1 -> 0 | M11: =L11*ROUND(I11,2) -> 0
A12: BKH | B12: 3W | C12: interieur | D12: Kantoorruimte harde vloer | E12: 534.51 | F12: =E12*VLOOKUP(B12,dagsoorttabel1,2,FALSE) -> 320.706 | G12: =catpn_1_BKHV_51 -> 0 | H12: m²/uur | I12: =cattf_1_BKHV_51 -> 0 | J12: =IF(OR(ISBLANK(G12),G12=0),0,F12/ROUND(G12,4)) -> 0 | K12: =ROUND(I12,2)*J12 -> 0 | L12: =J12*dagenperjaar1 -> 0 | M12: =L12*ROUND(I12,2) -> 0
A13: BKH | B13: 5W | C13: interieur | D13: Kantoorruimte harde vloer | E13: 337.73 | F13: =E13*VLOOKUP(B13,dagsoorttabel1,2,FALSE) -> 337.73 | G13: =IF(AND(catpn_1_BKHB_1>0,catpn_1_BKHV_51>0),(dagenperjaar1*VLOOKUP(B13,dagsoorttabel1,2,FALSE))/(((dagenperjaar1*VLOOKUP(B13,dagsoorttabel1,2,FALSE))-catfd_1_BKHV_51)/catpn_1_BKHB_1+catfd_1_BKHV_51/catpn_1_BKHV_51),0) -> 0 | H13: m²/uur | I13: =IF(AND(catpn_1_BKHB_1>0,catpn_1_BKHV_51>0),(cattf_1_BKHB_1*((dagenperjaar1*VLOOKUP(B13,dagsoorttabel1,2,FALSE))-catfd_1_BKHV_51)/catpn_1_BKHB_1+cattf_1_BKHV_51*catfd_1_BKHV_51/catpn_1_BKHV_51)/(((dagenperjaar1*VLOOKUP(B13,dagsoorttabel1,2,FALSE))-catfd_1_BKHV_51)/catpn_1_BKHB_1+catfd_1_BKHV_51/catpn_1_BKHV_51),0) -> 0 | J13: =IF(OR(ISBLANK(G13),G13=0),0,F13/ROUND(G13,4)) -> 0 | K13: =ROUND(I13,2)*J13 -> 0 | L13: =J13*dagenperjaar1 -> 0 | M13: =L13*ROUND(I13,2) -> 0
A14: BKZ | B14: 1W | C14: interieur | D14: Kantoorruimte zachte vloer | E14: 112.9 | F14: =E14*VLOOKUP(B14,dagsoorttabel1,2,FALSE) -> 22.58 | G14: =IF(AND(catpn_1_BKZB_1>0,catpn_1_BKZV_51>0),(dagenperjaar1*VLOOKUP(B14,dagsoorttabel1,2,FALSE))/(((dagenperjaar1*VLOOKUP(B14,dagsoorttabel1,2,FALSE))-catfd_1_BKZV_51)/catpn_1_BKZB_1+catfd_1_BKZV_51/catpn_1_BKZV_51),0) -> 0 | H14: m²/uur | I14: =IF(AND(catpn_1_BKZB_1>0,catpn_1_BKZV_51>0),(cattf_1_BKZB_1*((dagenperjaar1*VLOOKUP(B14,dagsoorttabel1,2,FALSE))-catfd_1_BKZV_51)/catpn_1_BKZB_1+cattf_1_BKZV_51*catfd_1_BKZV_51/catpn_1_BKZV_51)/(((dagenperjaar1*VLOOKUP(B14,dagsoorttabel1,2,FALSE))-catfd_1_BKZV_51)/catpn_1_BKZB_1+catfd_1_BKZV_51/catpn_1_BKZV_51),0) -> 0 | J14: =IF(OR(ISBLANK(G14),G14=0),0,F14/ROUND(G14,4)) -> 0 | K14: =ROUND(I14,2)*J14 -> 0 | L14: =J14*dagenperjaar1 -> 0 | M14: =L14*ROUND(I14,2) -> 0
A15: BKZ | B15: 3W | C15: interieur | D15: Kantoorruimte zachte vloer | E15: 199.1 | F15: =E15*VLOOKUP(B15,dagsoorttabel1,2,FALSE) -> 119.46 | G15: =IF(AND(catpn_1_BKZB_1>0,catpn_1_BKHV_51>0),(dagenperjaar1*VLOOKUP(B15,dagsoorttabel1,2,FALSE))/(((dagenperjaar1*VLOOKUP(B15,dagsoorttabel1,2,FALSE))-catfd_1_BKHV_51)/catpn_1_BKZB_1+catfd_1_BKHV_51/catpn_1_BKHV_51),0) -> 0 | H15: m²/uur | I15: =IF(AND(catpn_1_BKZB_1>0,catpn_1_BKHV_51>0),(cattf_1_BKZB_1*((dagenperjaar1*VLOOKUP(B15,dagsoorttabel1,2,FALSE))-catfd_1_BKHV_51)/catpn_1_BKZB_1+cattf_1_BKHV_51*catfd_1_BKHV_51/catpn_1_BKHV_51)/(((dagenperjaar1*VLOOKUP(B15,dagsoorttabel1,2,FALSE))-catfd_1_BKHV_51)/catpn_1_BKZB_1+catfd_1_BKHV_51/catpn_1_BKHV_51),0) -> 0 | J15: =IF(OR(ISBLANK(G15),G15=0),0,F15/ROUND(G15,4)) -> 0 | K15: =ROUND(I15,2)*J15 -> 0 | L15: =J15*dagenperjaar1 -> 0 | M15: =L15*ROUND(I15,2) -> 0
A16: BKZ | B16: 4W | C16: interieur | D16: Kantoorruimte zachte vloer | E16: 1320.69 | F16: =E16*VLOOKUP(B16,dagsoorttabel1,2,FALSE) -> 1056.552 | G16: =IF(AND(catpn_1_BKZB_1>0,catpn_1_BKZV_51>0),(dagenperjaar1*VLOOKUP(B16,dagsoorttabel1,2,FALSE))/(((dagenperjaar1*VLOOKUP(B16,dagsoorttabel1,2,FALSE))-catfd_1_BKZV_51)/catpn_1_BKZB_1+catfd_1_BKZV_51/catpn_1_BKZV_51),0) -> 0 | H16: m²/uur | I16: =IF(AND(catpn_1_BKZB_1>0,catpn_1_BKZV_51>0),(cattf_1_BKZB_1*((dagenperjaar1*VLOOKUP(B16,dagsoorttabel1,2,FALSE))-catfd_1_BKZV_51)/catpn_1_BKZB_1+cattf_1_BKZV_51*catfd_1_BKZV_51/catpn_1_BKZV_51)/(((dagenperjaar1*VLOOKUP(B16,dagsoorttabel1,2,FALSE))-catfd_1_BKZV_51)/catpn_1_BKZB_1+catfd_1_BKZV_51/catpn_1_BKZV_51),0) -> 0 | J16: =IF(OR(ISBLANK(G16),G16=0),0,F16/ROUND(G16,4)) -> 0 | K16: =ROUND(I16,2)*J16 -> 0 | L16: =J16*dagenperjaar1 -> 0 | M16: =L16*ROUND(I16,2) -> 0
A17: BKZ | B17: 5W | C17: interieur | D17: Kantoorruimte zachte vloer | E17: 2071 | F17: =E17*VLOOKUP(B17,dagsoorttabel1,2,FALSE) -> 2071 | G17: =IF(AND(catpn_1_BKZB_1>0,catpn_1_BKZV_51>0),(dagenperjaar1*VLOOKUP(B17,dagsoorttabel1,2,FALSE))/(((dagenperjaar1*VLOOKUP(B17,dagsoorttabel1,2,FALSE))-catfd_1_BKZV_51)/catpn_1_BKZB_1+catfd_1_BKZV_51/catpn_1_BKZV_51),0) -> 0 | H17: m²/uur | I17: =IF(AND(catpn_1_BKZB_1>0,catpn_1_BKZV_51>0),(cattf_1_BKZB_1*((dagenperjaar1*VLOOKUP(B17,dagsoorttabel1,2,FALSE))-catfd_1_BKZV_51)/catpn_1_BKZB_1+cattf_1_BKZV_51*catfd_1_BKZV_51/catpn_1_BKZV_51)/(((dagenperjaar1*VLOOKUP(B17,dagsoorttabel1,2,FALSE))-catfd_1_BKZV_51)/catpn_1_BKZB_1+catfd_1_BKZV_51/catpn_1_BKZV_51),0) -> 0 | J17: =IF(OR(ISBLANK(G17),G17=0),0,F17/ROUND(G17,4)) -> 0 | K17: =ROUND(I17,2)*J17 -> 0 | L17: =J17*dagenperjaar1 -> 0 | M17: =L17*ROUND(I17,2) -> 0
A18: BRH | B18: 5W | C18: interieur | D18: Receptie/ontvangst-/wachtruimte harde vloer | E18: 14.8 | F18: =E18*VLOOKUP(B18,dagsoorttabel1,2,FALSE) -> 14.8 | G18: =IF(AND(catpn_1_BRHB_1>0,catpn_1_BRHV_51>0),(dagenperjaar1*VLOOKUP(B18,dagsoorttabel1,2,FALSE))/(((dagenperjaar1*VLOOKUP(B18,dagsoorttabel1,2,FALSE))-catfd_1_BRHV_51)/catpn_1_BRHB_1+catfd_1_BRHV_51/catpn_1_BRHV_51),0) -> 0 | H18: m²/uur | I18: =IF(AND(catpn_1_BRHB_1>0,catpn_1_BRHV_51>0),(cattf_1_BRHB_1*((dagenperjaar1*VLOOKUP(B18,dagsoorttabel1,2,FALSE))-catfd_1_BRHV_51)/catpn_1_BRHB_1+cattf_1_BRHV_51*catfd_1_BRHV_51/catpn_1_BRHV_51)/(((dagenperjaar1*VLOOKUP(B18,dagsoorttabel1,2,FALSE))-catfd_1_BRHV_51)/catpn_1_BRHB_1+catfd_1_BRHV_51/catpn_1_BRHV_51),0) -> 0 | J18: =IF(OR(ISBLANK(G18),G18=0),0,F18/ROUND(G18,4)) -> 0 | K18: =ROUND(I18,2)*J18 -> 0 | L18: =J18*dagenperjaar1 -> 0 | M18: =L18*ROUND(I18,2) -> 0
A19: BVH | B19: 2W | C19: interieur | D19: Spreek-/overleg-/vergaderruimte/studio harde vloer | E19: 232.7 | F19: =E19*VLOOKUP(B19,dagsoorttabel1,2,FALSE) -> 93.08 | G19: =IF(AND(catpn_1_BVHB_1>0,catpn_1_BVHV_51>0),(dagenperjaar1*VLOOKUP(B19,dagsoorttabel1,2,FALSE))/(((dagenperjaar1*VLOOKUP(B19,dagsoorttabel1,2,FALSE))-catfd_1_BVHV_51)/catpn_1_BVHB_1+catfd_1_BVHV_51/catpn_1_BVHV_51),0) -> 0 | H19: m²/uur | I19: =IF(AND(catpn_1_BVHB_1>0,catpn_1_BVHV_51>0),(cattf_1_BVHB_1*((dagenperjaar1*VLOOKUP(B19,dagsoorttabel1,2,FALSE))-catfd_1_BVHV_51)/catpn_1_BVHB_1+cattf_1_BVHV_51*catfd_1_BVHV_51/catpn_1_BVHV_51)/(((dagenperjaar1*VLOOKUP(B19,dagsoorttabel1,2,FALSE))-catfd_1_BVHV_51)/catpn_1_BVHB_1+catfd_1_BVHV_51/catpn_1_BVHV_51),0) -> 0 | J19: =IF(OR(ISBLANK(G19),G19=0),0,F19/ROUND(G19,4)) -> 0 | K19: =ROUND(I19,2)*J19 -> 0 | L19: =J19*dagenperjaar1 -> 0 | M19: =L19*ROUND(I19,2) -> 0
A20: BVH | B20: 3W | C20: interieur | D20: Spreek-/overleg-/vergaderruimte/studio harde vloer | E20: 187.6 | F20: =E20*VLOOKUP(B20,dagsoorttabel1,2,FALSE) -> 112.56 | G20: =IF(AND(catpn_1_BVHB_1>0,catpn_1_BVHV_51>0),(dagenperjaar1*VLOOKUP(B20,dagsoorttabel1,2,FALSE))/(((dagenperjaar1*VLOOKUP(B20,dagsoorttabel1,2,FALSE))-catfd_1_BVHV_51)/catpn_1_BVHB_1+catfd_1_BVHV_51/catpn_1_BVHV_51),0) -> 0 | H20: m²/uur | I20: =IF(AND(catpn_1_BVHB_1>0,catpn_1_BVHV_51>0),(cattf_1_BVHB_1*((dagenperjaar1*VLOOKUP(B20,dagsoorttabel1,2,FALSE))-catfd_1_BVHV_51)/catpn_1_BVHB_1+cattf_1_BVHV_51*catfd_1_BVHV_51/catpn_1_BVHV_51)/(((dagenperjaar1*VLOOKUP(B20,dagsoorttabel1,2,FALSE))-catfd_1_BVHV_51)/catpn_1_BVHB_1+catfd_1_BVHV_51/catpn_1_BVHV_51),0) -> 0 | J20: =IF(OR(ISBLANK(G20),G20=0),0,F20/ROUND(G20,4)) -> 0 | K20: =ROUND(I20,2)*J20 -> 0 | L20: =J20*dagenperjaar1 -> 0 | M20: =L20*ROUND(I20,2) -> 0
A21: BVH | B21: 5W | C21: interieur | D21: Spreek-/overleg-/vergaderruimte/studio harde vloer | E21: 105.8 | F21: =E21*VLOOKUP(B21,dagsoorttabel1,2,FALSE) -> 105.8 | G21: =IF(AND(catpn_1_BVHB_1>0,catpn_1_BVHV_51>0),(dagenperjaar1*VLOOKUP(B21,dagsoorttabel1,2,FALSE))/(((dagenperjaar1*VLOOKUP(B21,dagsoorttabel1,2,FALSE))-catfd_1_BVHV_51)/catpn_1_BVHB_1+catfd_1_BVHV_51/catpn_1_BVHV_51),0) -> 0 | H21: m²/uur | I21: =IF(AND(catpn_1_BVHB_1>0,catpn_1_BVHV_51>0),(cattf_1_BVHB_1*((dagenperjaar1*VLOOKUP(B21,dagsoorttabel1,2,FALSE))-catfd_1_BVHV_51)/catpn_1_BVHB_1+cattf_1_BVHV_51*catfd_1_BVHV_51/catpn_1_BVHV_51)/(((dagenperjaar1*VLOOKUP(B21,dagsoorttabel1,2,FALSE))-catfd_1_BVHV_51)/catpn_1_BVHB_1+catfd_1_BVHV_51/catpn_1_BVHV_51),0) -> 0 | J21: =IF(OR(ISBLANK(G21),G21=0),0,F21/ROUND(G21,4)) -> 0 | K21: =ROUND(I21,2)*J21 -> 0 | L21: =J21*dagenperjaar1 -> 0 | M21: =L21*ROUND(I21,2) -> 0
A22: BVZ | B22: 1W | C22: interieur | D22: Spreek-/overleg-/vergaderruimte/studio zachte vloer | E22: 93.25 | F22: =E22*VLOOKUP(B22,dagsoorttabel1,2,FALSE) -> 18.65 | G22: =IF(AND(catpn_1_BVZB_1>0,catpn_1_BVZV_51>0),(dagenperjaar1*VLOOKUP(B22,dagsoorttabel1,2,FALSE))/(((dagenperjaar1*VLOOKUP(B22,dagsoorttabel1,2,FALSE))-catfd_1_BVZV_51)/catpn_1_BVZB_1+catfd_1_BVZV_51/catpn_1_BVZV_51),0) -> 0 | H22: m²/uur | I22: =IF(AND(catpn_1_BVZB_1>0,catpn_1_BVZV_51>0),(cattf_1_BVZB_1*((dagenperjaar1*VLOOKUP(B22,dagsoorttabel1,2,FALSE))-catfd_1_BVZV_51)/catpn_1_BVZB_1+cattf_1_BVZV_51*catfd_1_BVZV_51/catpn_1_BVZV_51)/(((dagenperjaar1*VLOOKUP(B22,dagsoorttabel1,2,FALSE))-catfd_1_BVZV_51)/catpn_1_BVZB_1+catfd_1_BVZV_51/catpn_1_BVZV_51),0) -> 0 | J22: =IF(OR(ISBLANK(G22),G22=0),0,F22/ROUND(G22,4)) -> 0 | K22: =ROUND(I22,2)*J22 -> 0 | L22: =J22*dagenperjaar1 -> 0 | M22: =L22*ROUND(I22,2) -> 0
A23: BVZ | B23: 3W | C23: interieur | D23: Spreek-/overleg-/vergaderruimte/studio zachte vloer | E23: 63 | F23: =E23*VLOOKUP(B23,dagsoorttabel1,2,FALSE) -> 37.8 | G23: =IF(AND(catpn_1_BVZB_1>0,catpn_1_BVZV_51>0),(dagenperjaar1*VLOOKUP(B23,dagsoorttabel1,2,FALSE))/(((dagenperjaar1*VLOOKUP(B23,dagsoorttabel1,2,FALSE))-catfd_1_BVZV_51)/catpn_1_BVZB_1+catfd_1_BVZV_51/catpn_1_BVZV_51),0) -> 0 | H23: m²/uur | I23: =IF(AND(catpn_1_BVZB_1>0,catpn_1_BVZV_51>0),(cattf_1_BVZB_1*((dagenperjaar1*VLOOKUP(B23,dagsoorttabel1,2,FALSE))-catfd_1_BVZV_51)/catpn_1_BVZB_1+cattf_1_BVZV_51*catfd_1_BVZV_51/catpn_1_BVZV_51)/(((dagenperjaar1*VLOOKUP(B23,dagsoorttabel1,2,FALSE))-catfd_1_BVZV_51)/catpn_1_BVZB_1+catfd_1_BVZV_51/catpn_1_BVZV_51),0) -> 0 | J23: =IF(OR(ISBLANK(G23),G23=0),0,F23/ROUND(G23,4)) -> 0 | K23: =ROUND(I23,2)*J23 -> 0 | L23: =J23*dagenperjaar1 -> 0 | M23: =L23*ROUND(I23,2) -> 0
A24: BVZ | B24: 4W | C24: interieur | D24: Spreek-/overleg-/vergaderruimte/studio zachte vloer | E24: 27.7 | F24: =E24*VLOOKUP(B24,dagsoorttabel1,2,FALSE) -> 22.16 | G24: =IF(AND(catpn_1_BVZB_1>0,catpn_1_BVZV_51>0),(dagenperjaar1*VLOOKUP(B24,dagsoorttabel1,2,FALSE))/(((dagenperjaar1*VLOOKUP(B24,dagsoorttabel1,2,FALSE))-catfd_1_BVZV_51)/catpn_1_BVZB_1+catfd_1_BVZV_51/catpn_1_BVZV_51),0) -> 0 | H24: m²/uur | I24: =IF(AND(catpn_1_BVZB_1>0,catpn_1_BVZV_51>0),(cattf_1_BVZB_1*((dagenperjaar1*VLOOKUP(B24,dagsoorttabel1,2,FALSE))-catfd_1_BVZV_51)/catpn_1_BVZB_1+cattf_1_BVZV_51*catfd_1_BVZV_51/catpn_1_BVZV_51)/(((dagenperjaar1*VLOOKUP(B24,dagsoorttabel1,2,FALSE))-catfd_1_BVZV_51)/catpn_1_BVZB_1+catfd_1_BVZV_51/catpn_1_BVZV_51),0) -> 0 | J24: =IF(OR(ISBLANK(G24),G24=0),0,F24/ROUND(G24,4)) -> 0 | K24: =ROUND(I24,2)*J24 -> 0 | L24: =J24*dagenperjaar1 -> 0 | M24: =L24*ROUND(I24,2) -> 0
A25: BVZ | B25: 5W | C25: interieur | D25: Spreek-/overleg-/vergaderruimte/studio zachte vloer | E25: 511.8 | F25: =E25*VLOOKUP(B25,dagsoorttabel1,2,FALSE) -> 511.8 | G25: =IF(AND(catpn_1_BVZB_1>0,catpn_1_BVZV_51>0),(dagenperjaar1*VLOOKUP(B25,dagsoorttabel1,2,FALSE))/(((dagenperjaar1*VLOOKUP(B25,dagsoorttabel1,2,FALSE))-catfd_1_BVZV_51)/catpn_1_BVZB_1+catfd_1_BVZV_51/catpn_1_BVZV_51),0) -> 0 | H25: m²/uur | I25: =IF(AND(catpn_1_BVZB_1>0,catpn_1_BVZV_51>0),(cattf_1_BVZB_1*((dagenperjaar1*VLOOKUP(B25,dagsoorttabel1,2,FALSE))-catfd_1_BVZV_51)/catpn_1_BVZB_1+cattf_1_BVZV_51*catfd_1_BVZV_51/catpn_1_BVZV_51)/(((dagenperjaar1*VLOOKUP(B25,dagsoorttabel1,2,FALSE))-catfd_1_BVZV_51)/catpn_1_BVZB_1+catfd_1_BVZV_51/catpn_1_BVZV_51),0) -> 0 | J25: =IF(OR(ISBLANK(G25),G25=0),0,F25/ROUND(G25,4)) -> 0 | K25: =ROUND(I25,2)*J25 -> 0 | L25: =J25*dagenperjaar1 -> 0 | M25: =L25*ROUND(I25,2) -> 0
A26: EAH | B26: 3W | C26: interieur | D26: Werkplaats harde vloer | E26: 1.6 | F26: =E26*VLOOKUP(B26,dagsoorttabel1,2,FALSE) -> 0.96 | G26: =IF(AND(catpn_1_EAHB_1>0,catpn_1_EAHV_51>0),(dagenperjaar1*VLOOKUP(B26,dagsoorttabel1,2,FALSE))/(((dagenperjaar1*VLOOKUP(B26,dagsoorttabel1,2,FALSE))-catfd_1_EAHV_51)/catpn_1_EAHB_1+catfd_1_EAHV_51/catpn_1_EAHV_51),0) -> 0 | H26: m²/uur | I26: =IF(AND(catpn_1_EAHB_1>0,catpn_1_EAHV_51>0),(cattf_1_EAHB_1*((dagenperjaar1*VLOOKUP(B26,dagsoorttabel1,2,FALSE))-catfd_1_EAHV_51)/catpn_1_EAHB_1+cattf_1_EAHV_51*catfd_1_EAHV_51/catpn_1_EAHV_51)/(((dagenperjaar1*VLOOKUP(B26,dagsoorttabel1,2,FALSE))-catfd_1_EAHV_51)/catpn_1_EAHB_1+catfd_1_EAHV_51/catpn_1_EAHV_51),0) -> 0 | J26: =IF(OR(ISBLANK(G26),G26=0),0,F26/ROUND(G26,4)) -> 0 | K26: =ROUND(I26,2)*J26 -> 0 | L26: =J26*dagenperjaar1 -> 0 | M26: =L26*ROUND(I26,2) -> 0
A27: EAH | B27: 5W | C27: interieur | D27: Werkplaats harde vloer | E27: 72.8 | F27: =E27*VLOOKUP(B27,dagsoorttabel1,2,FALSE) -> 72.8 | G27: =IF(AND(catpn_1_EAHB_1>0,catpn_1_EAHV_51>0),(dagenperjaar1*VLOOKUP(B27,dagsoorttabel1,2,FALSE))/(((dagenperjaar1*VLOOKUP(B27,dagsoorttabel1,2,FALSE))-catfd_1_EAHV_51)/catpn_1_EAHB_1+catfd_1_EAHV_51/catpn_1_EAHV_51),0) -> 0 | H27: m²/uur | I27: =IF(AND(catpn_1_EAHB_1>0,catpn_1_EAHV_51>0),(cattf_1_EAHB_1*((dagenperjaar1*VLOOKUP(B27,dagsoorttabel1,2,FALSE))-catfd_1_EAHV_51)/catpn_1_EAHB_1+cattf_1_EAHV_51*catfd_1_EAHV_51/catpn_1_EAHV_51)/(((dagenperjaar1*VLOOKUP(B27,dagsoorttabel1,2,FALSE))-catfd_1_EAHV_51)/catpn_1_EAHB_1+catfd_1_EAHV_51/catpn_1_EAHV_51),0) -> 0 | J27: =IF(OR(ISBLANK(G27),G27=0),0,F27/ROUND(G27,4)) -> 0 | K27: =ROUND(I27,2)*J27 -> 0 | L27: =J27*dagenperjaar1 -> 0 | M27: =L27*ROUND(I27,2) -> 0
A28: ERH | B28: 4J | C28: interieur | D28: Expositie ruimte harde vloer | E28: 123.1 | F28: =E28*VLOOKUP(B28,dagsoorttabel1,2,FALSE) -> 1.9309804 | G28: =catpn_1_ERHV_1 -> 0 | H28: m²/uur | I28: =cattf_1_ERHV_1 -> 0 | J28: =IF(OR(ISBLANK(G28),G28=0),0,F28/ROUND(G28,4)) -> 0 | K28: =ROUND(I28,2)*J28 -> 0 | L28: =J28*dagenperjaar1 -> 0 | M28: =L28*ROUND(I28,2) -> 0
A29: LAH | B29: 1W | C29: interieur | D29: Laboratorium harde vloer | E29: 64 | F29: =E29*VLOOKUP(B29,dagsoorttabel1,2,FALSE) -> 12.8 | G29: =IF(AND(catpn_1_LAHB_1>0,catpn_1_LAHV_51>0),(dagenperjaar1*VLOOKUP(B29,dagsoorttabel1,2,FALSE))/(((dagenperjaar1*VLOOKUP(B29,dagsoorttabel1,2,FALSE))-catfd_1_LAHV_51)/catpn_1_LAHB_1+catfd_1_LAHV_51/catpn_1_LAHV_51),0) -> 0 | H29: m²/uur | I29: =IF(AND(catpn_1_LAHB_1>0,catpn_1_LAHV_51>0),(cattf_1_LAHB_1*((dagenperjaar1*VLOOKUP(B29,dagsoorttabel1,2,FALSE))-catfd_1_LAHV_51)/catpn_1_LAHB_1+cattf_1_LAHV_51*catfd_1_LAHV_51/catpn_1_LAHV_51)/(((dagenperjaar1*VLOOKUP(B29,dagsoorttabel1,2,FALSE))-catfd_1_LAHV_51)/catpn_1_LAHB_1+catfd_1_LAHV_51/catpn_1_LAHV_51),0) -> 0 | J29: =IF(OR(ISBLANK(G29),G29=0),0,F29/ROUND(G29,4)) -> 0 | K29: =ROUND(I29,2)*J29 -> 0 | L29: =J29*dagenperjaar1 -> 0 | M29: =L29*ROUND(I29,2) -> 0
A30: LAH | B30: 2W | C30: interieur | D30: Laboratorium harde vloer | E30: 14 | F30: =E30*VLOOKUP(B30,dagsoorttabel1,2,FALSE) -> 5.6 | G30: =IF(AND(catpn_1_LAHB_1>0,catpn_1_LAHV_51>0),(dagenperjaar1*VLOOKUP(B30,dagsoorttabel1,2,FALSE))/(((dagenperjaar1*VLOOKUP(B30,dagsoorttabel1,2,FALSE))-catfd_1_LAHV_51)/catpn_1_LAHB_1+catfd_1_LAHV_51/catpn_1_LAHV_51),0) -> 0 | H30: m²/uur | I30: =IF(AND(catpn_1_LAHB_1>0,catpn_1_LAHV_51>0),(cattf_1_LAHB_1*((dagenperjaar1*VLOOKUP(B30,dagsoorttabel1,2,FALSE))-catfd_1_LAHV_51)/catpn_1_LAHB_1+cattf_1_LAHV_51*catfd_1_LAHV_51/catpn_1_LAHV_51)/(((dagenperjaar1*VLOOKUP(B30,dagsoorttabel1,2,FALSE))-catfd_1_LAHV_51)/catpn_1_LAHB_1+catfd_1_LAHV_51/catpn_1_LAHV_51),0) -> 0 | J30: =IF(OR(ISBLANK(G30),G30=0),0,F30/ROUND(G30,4)) -> 0 | K30: =ROUND(I30,2)*J30 -> 0 | L30: =J30*dagenperjaar1 -> 0 | M30: =L30*ROUND(I30,2) -> 0
A31: LAH | B31: 3W | C31: interieur | D31: Laboratorium harde vloer | E31: 85.56 | F31: =E31*VLOOKUP(B31,dagsoorttabel1,2,FALSE) -> 51.336 | G31: =IF(AND(catpn_1_LAHB_1>0,catpn_1_LAHV_51>0),(dagenperjaar1*VLOOKUP(B31,dagsoorttabel1,2,FALSE))/(((dagenperjaar1*VLOOKUP(B31,dagsoorttabel1,2,FALSE))-catfd_1_LAHV_51)/catpn_1_LAHB_1+catfd_1_LAHV_51/catpn_1_LAHV_51),0) -> 0 | H31: m²/uur | I31: =IF(AND(catpn_1_LAHB_1>0,catpn_1_LAHV_51>0),(cattf_1_LAHB_1*((dagenperjaar1*VLOOKUP(B31,dagsoorttabel1,2,FALSE))-catfd_1_LAHV_51)/catpn_1_LAHB_1+cattf_1_LAHV_51*catfd_1_LAHV_51/catpn_1_LAHV_51)/(((dagenperjaar1*VLOOKUP(B31,dagsoorttabel1,2,FALSE))-catfd_1_LAHV_51)/catpn_1_LAHB_1+catfd_1_LAHV_51/catpn_1_LAHV_51),0) -> 0 | J31: =IF(OR(ISBLANK(G31),G31=0),0,F31/ROUND(G31,4)) -> 0 | K31: =ROUND(I31,2)*J31 -> 0 | L31: =J31*dagenperjaar1 -> 0 | M31: =L31*ROUND(I31,2) -> 0
A32: LAH | B32: 5W | C32: interieur | D32: Laboratorium harde vloer | E32: 43.9 | F32: =E32*VLOOKUP(B32,dagsoorttabel1,2,FALSE) -> 43.9 | G32: =IF(AND(catpn_1_LAHB_1>0,catpn_1_LAHV_51>0),(dagenperjaar1*VLOOKUP(B32,dagsoorttabel1,2,FALSE))/(((dagenperjaar1*VLOOKUP(B32,dagsoorttabel1,2,FALSE))-catfd_1_LAHV_51)/catpn_1_LAHB_1+catfd_1_LAHV_51/catpn_1_LAHV_51),0) -> 0 | H32: m²/uur | I32: =IF(AND(catpn_1_LAHB_1>0,catpn_1_LAHV_51>0),(cattf_1_LAHB_1*((dagenperjaar1*VLOOKUP(B32,dagsoorttabel1,2,FALSE))-catfd_1_LAHV_51)/catpn_1_LAHB_1+cattf_1_LAHV_51*catfd_1_LAHV_51/catpn_1_LAHV_51)/(((dagenperjaar1*VLOOKUP(B32,dagsoorttabel1,2,FALSE))-catfd_1_LAHV_51)/catpn_1_LAHB_1+catfd_1_LAHV_51/catpn_1_LAHV_51),0) -> 0 | J32: =IF(OR(ISBLANK(G32),G32=0),0,F32/ROUND(G32,4)) -> 0 | K32: =ROUND(I32,2)*J32 -> 0 | L32: =J32*dagenperjaar1 -> 0 | M32: =L32*ROUND(I32,2) -> 0
A33: MAH | B33: 12J | C33: interieur | D33: Magazijn-/ berg-/opslagruimte harde vloer | E33: 33.3 | F33: =E33*VLOOKUP(B33,dagsoorttabel1,2,FALSE) -> 1.5670588 | G33: =catpn_1_MAZV_12 -> 0 | H33: m²/uur | I33: =cattf_1_MAZV_12 -> 0 | J33: =IF(OR(ISBLANK(G33),G33=0),0,F33/ROUND(G33,4)) -> 0 | K33: =ROUND(I33,2)*J33 -> 0 | L33: =J33*dagenperjaar1 -> 0 | M33: =L33*ROUND(I33,2) -> 0
A34: MAH | B34: 26J | C34: interieur | D34: Magazijn-/ berg-/opslagruimte harde vloer | E34: 20 | F34: =E34*VLOOKUP(B34,dagsoorttabel1,2,FALSE) -> 2.0392157 | G34: =IF(AND(catpn_1_MAHB_1>0,catpn_1_MAZV_51>0),(dagenperjaar1*VLOOKUP(B34,dagsoorttabel1,2,FALSE))/(((dagenperjaar1*VLOOKUP(B34,dagsoorttabel1,2,FALSE))-catfd_1_MAZV_51)/catpn_1_MAHB_1+catfd_1_MAZV_51/catpn_1_MAZV_51),0) -> 0 | H34: m²/uur | I34: =IF(AND(catpn_1_MAHB_1>0,catpn_1_MAZV_51>0),(cattf_1_MAHB_1*((dagenperjaar1*VLOOKUP(B34,dagsoorttabel1,2,FALSE))-catfd_1_MAZV_51)/catpn_1_MAHB_1+cattf_1_MAZV_51*catfd_1_MAZV_51/catpn_1_MAZV_51)/(((dagenperjaar1*VLOOKUP(B34,dagsoorttabel1,2,FALSE))-catfd_1_MAZV_51)/catpn_1_MAHB_1+catfd_1_MAZV_51/catpn_1_MAZV_51),0) -> 0 | J34: =IF(OR(ISBLANK(G34),G34=0),0,F34/ROUND(G34,4)) -> 0 | K34: =ROUND(I34,2)*J34 -> 0 | L34: =J34*dagenperjaar1 -> 0 | M34: =L34*ROUND(I34,2) -> 0
A35: MAH | B35: 2J | C35: interieur | D35: Magazijn-/ berg-/opslagruimte harde vloer | E35: 3.7 | F35: =E35*VLOOKUP(B35,dagsoorttabel1,2,FALSE) -> 0.029019608 | G35: =catpn_1_MAZV_1 -> 0 | H35: m²/uur | I35: =cattf_1_MAZV_1 -> 0 | J35: =IF(OR(ISBLANK(G35),G35=0),0,F35/ROUND(G35,4)) -> 0 | K35: =ROUND(I35,2)*J35 -> 0 | L35: =J35*dagenperjaar1 -> 0 | M35: =L35*ROUND(I35,2) -> 0
A36: MAH | B36: 2W | C36: interieur | D36: Magazijn-/ berg-/opslagruimte harde vloer | E36: 12.55 | F36: =E36*VLOOKUP(B36,dagsoorttabel1,2,FALSE) -> 5.02 | G36: =IF(AND(catpn_1_MAHB_1>0,catpn_1_MAHV_51>0),(dagenperjaar1*VLOOKUP(B36,dagsoorttabel1,2,FALSE))/(((dagenperjaar1*VLOOKUP(B36,dagsoorttabel1,2,FALSE))-catfd_1_MAHV_51)/catpn_1_MAHB_1+catfd_1_MAHV_51/catpn_1_MAHV_51),0) -> 0 | H36: m²/uur | I36: =IF(AND(catpn_1_MAHB_1>0,catpn_1_MAHV_51>0),(cattf_1_MAHB_1*((dagenperjaar1*VLOOKUP(B36,dagsoorttabel1,2,FALSE))-catfd_1_MAHV_51)/catpn_1_MAHB_1+cattf_1_MAHV_51*catfd_1_MAHV_51/catpn_1_MAHV_51)/(((dagenperjaar1*VLOOKUP(B36,dagsoorttabel1,2,FALSE))-catfd_1_MAHV_51)/catpn_1_MAHB_1+catfd_1_MAHV_51/catpn_1_MAHV_51),0) -> 0 | J36: =IF(OR(ISBLANK(G36),G36=0),0,F36/ROUND(G36,4)) -> 0 | K36: =ROUND(I36,2)*J36 -> 0 | L36: =J36*dagenperjaar1 -> 0 | M36: =L36*ROUND(I36,2) -> 0
A37: MAH | B37: 4J | C37: interieur | D37: Magazijn-/ berg-/opslagruimte harde vloer | E37: 42.8 | F37: =E37*VLOOKUP(B37,dagsoorttabel1,2,FALSE) -> 0.67137255 | G37: =catpn_1_MAZV_1 -> 0 | H37: m²/uur | I37: =cattf_1_MAZV_1 -> 0 | J37: =IF(OR(ISBLANK(G37),G37=0),0,F37/ROUND(G37,4)) -> 0 | K37: =ROUND(I37,2)*J37 -> 0 | L37: =J37*dagenperjaar1 -> 0 | M37: =L37*ROUND(I37,2) -> 0
A38: RKH | B38: 1W | C38: interieur | D38: Keuken harde vloer | E38: 25.2 | F38: =E38*VLOOKUP(B38,dagsoorttabel1,2,FALSE) -> 5.04 | G38: =IF(AND(catpn_1_RKHB_1>0,catpn_1_RKHV_51>0),(dagenperjaar1*VLOOKUP(B38,dagsoorttabel1,2,FALSE))/(((dagenperjaar1*VLOOKUP(B38,dagsoorttabel1,2,FALSE))-catfd_1_RKHV_51)/catpn_1_RKHB_1+catfd_1_RKHV_51/catpn_1_RKHV_51),0) -> 0 | H38: m²/uur | I38: =IF(AND(catpn_1_RKHB_1>0,catpn_1_RKHV_51>0),(cattf_1_RKHB_1*((dagenperjaar1*VLOOKUP(B38,dagsoorttabel1,2,FALSE))-catfd_1_RKHV_51)/catpn_1_RKHB_1+cattf_1_RKHV_51*catfd_1_RKHV_51/catpn_1_RKHV_51)/(((dagenperjaar1*VLOOKUP(B38,dagsoorttabel1,2,FALSE))-catfd_1_RKHV_51)/catpn_1_RKHB_1+catfd_1_RKHV_51/catpn_1_RKHV_51),0) -> 0 | J38: =IF(OR(ISBLANK(G38),G38=0),0,F38/ROUND(G38,4)) -> 0 | K38: =ROUND(I38,2)*J38 -> 0 | L38: =J38*dagenperjaar1 -> 0 | M38: =L38*ROUND(I38,2) -> 0
A39: RKH | B39: 3W | C39: interieur | D39: Keuken harde vloer | E39: 47.3 | F39: =E39*VLOOKUP(B39,dagsoorttabel1,2,FALSE) -> 28.38 | G39: =IF(AND(catpn_1_RKHB_1>0,catpn_1_RKHV_51>0),(dagenperjaar1*VLOOKUP(B39,dagsoorttabel1,2,FALSE))/(((dagenperjaar1*VLOOKUP(B39,dagsoorttabel1,2,FALSE))-catfd_1_RKHV_51)/catpn_1_RKHB_1+catfd_1_RKHV_51/catpn_1_RKHV_51),0) -> 0 | H39: m²/uur | I39: =IF(AND(catpn_1_RKHB_1>0,catpn_1_RKHV_51>0),(cattf_1_RKHB_1*((dagenperjaar1*VLOOKUP(B39,dagsoorttabel1,2,FALSE))-catfd_1_RKHV_51)/catpn_1_RKHB_1+cattf_1_RKHV_51*catfd_1_RKHV_51/catpn_1_RKHV_51)/(((dagenperjaar1*VLOOKUP(B39,dagsoorttabel1,2,FALSE))-catfd_1_RKHV_51)/catpn_1_RKHB_1+catfd_1_RKHV_51/catpn_1_RKHV_51),0) -> 0 | J39: =IF(OR(ISBLANK(G39),G39=0),0,F39/ROUND(G39,4)) -> 0 | K39: =ROUND(I39,2)*J39 -> 0 | L39: =J39*dagenperjaar1 -> 0 | M39: =L39*ROUND(I39,2) -> 0
A40: RKH | B40: 4J | C40: interieur | D40: Keuken harde vloer | E40: 12.3 | F40: =E40*VLOOKUP(B40,dagsoorttabel1,2,FALSE) -> 0.19294118 | G40: =catpn_1_RPHV_4 -> 0 | H40: m²/uur | I40: =cattf_1_RPHV_4 -> 0 | J40: =IF(OR(ISBLANK(G40),G40=0),0,F40/ROUND(G40,4)) -> 0 | K40: =ROUND(I40,2)*J40 -> 0 | L40: =J40*dagenperjaar1 -> 0 | M40: =L40*ROUND(I40,2) -> 0
A41: RKH | B41: 4W | C41: interieur | D41: Keuken harde vloer | E41: 6.32 | F41: =E41*VLOOKUP(B41,dagsoorttabel1,2,FALSE) -> 5.056 | G41: =IF(AND(catpn_1_RKHB_1>0,catpn_1_RKHV_51>0),(dagenperjaar1*VLOOKUP(B41,dagsoorttabel1,2,FALSE))/(((dagenperjaar1*VLOOKUP(B41,dagsoorttabel1,2,FALSE))-catfd_1_RKHV_51)/catpn_1_RKHB_1+catfd_1_RKHV_51/catpn_1_RKHV_51),0) -> 0 | H41: m²/uur | I41: =IF(AND(catpn_1_RKHB_1>0,catpn_1_RKHV_51>0),(cattf_1_RKHB_1*((dagenperjaar1*VLOOKUP(B41,dagsoorttabel1,2,FALSE))-catfd_1_RKHV_51)/catpn_1_RKHB_1+cattf_1_RKHV_51*catfd_1_RKHV_51/catpn_1_RKHV_51)/(((dagenperjaar1*VLOOKUP(B41,dagsoorttabel1,2,FALSE))-catfd_1_RKHV_51)/catpn_1_RKHB_1+catfd_1_RKHV_51/catpn_1_RKHV_51),0) -> 0 | J41: =IF(OR(ISBLANK(G41),G41=0),0,F41/ROUND(G41,4)) -> 0 | K41: =ROUND(I41,2)*J41 -> 0 | L41: =J41*dagenperjaar1 -> 0 | M41: =L41*ROUND(I41,2) -> 0
A42: RKH | B42: 5W | C42: interieur | D42: Keuken harde vloer | E42: 17.6 | F42: =E42*VLOOKUP(B42,dagsoorttabel1,2,FALSE) -> 17.6 | G42: =IF(AND(catpn_1_RKHB_1>0,catpn_1_RKHV_51>0),(dagenperjaar1*VLOOKUP(B42,dagsoorttabel1,2,FALSE))/(((dagenperjaar1*VLOOKUP(B42,dagsoorttabel1,2,FALSE))-catfd_1_RKHV_51)/catpn_1_RKHB_1+catfd_1_RKHV_51/catpn_1_RKHV_51),0) -> 0 | H42: m²/uur | I42: =IF(AND(catpn_1_RKHB_1>0,catpn_1_RKHV_51>0),(cattf_1_RKHB_1*((dagenperjaar1*VLOOKUP(B42,dagsoorttabel1,2,FALSE))-catfd_1_RKHV_51)/catpn_1_RKHB_1+cattf_1_RKHV_51*catfd_1_RKHV_51/catpn_1_RKHV_51)/(((dagenperjaar1*VLOOKUP(B42,dagsoorttabel1,2,FALSE))-catfd_1_RKHV_51)/catpn_1_RKHB_1+catfd_1_RKHV_51/catpn_1_RKHV_51),0) -> 0 | J42: =IF(OR(ISBLANK(G42),G42=0),0,F42/ROUND(G42,4)) -> 0 | K42: =ROUND(I42,2)*J42 -> 0 | L42: =J42*dagenperjaar1 -> 0 | M42: =L42*ROUND(I42,2) -> 0
A43: RPH | B43: 1W | C43: interieur | D43: Pantry/koffiehoek harde vloer | E43: 13.4 | F43: =E43*VLOOKUP(B43,dagsoorttabel1,2,FALSE) -> 2.68 | G43: =IF(AND(catpn_1_RPHB_1>0,catpn_1_RPHV_51>0),(dagenperjaar1*VLOOKUP(B43,dagsoorttabel1,2,FALSE))/(((dagenperjaar1*VLOOKUP(B43,dagsoorttabel1,2,FALSE))-catfd_1_RPHV_51)/catpn_1_RPHB_1+catfd_1_RPHV_51/catpn_1_RPHV_51),0) -> 0 | H43: m²/uur | I43: =IF(AND(catpn_1_RPHB_1>0,catpn_1_RPHV_51>0),(cattf_1_RPHB_1*((dagenperjaar1*VLOOKUP(B43,dagsoorttabel1,2,FALSE))-catfd_1_RPHV_51)/catpn_1_RPHB_1+cattf_1_RPHV_51*catfd_1_RPHV_51/catpn_1_RPHV_51)/(((dagenperjaar1*VLOOKUP(B43,dagsoorttabel1,2,FALSE))-catfd_1_RPHV_51)/catpn_1_RPHB_1+catfd_1_RPHV_51/catpn_1_RPHV_51),0) -> 0 | J43: =IF(OR(ISBLANK(G43),G43=0),0,F43/ROUND(G43,4)) -> 0 | K43: =ROUND(I43,2)*J43 -> 0 | L43: =J43*dagenperjaar1 -> 0 | M43: =L43*ROUND(I43,2) -> 0
A44: RPH | B44: 26J | C44: interieur | D44: Pantry/koffiehoek harde vloer | E44: 4.67 | F44: =E44*VLOOKUP(B44,dagsoorttabel1,2,FALSE) -> 0.47615686 | G44: =catpn_1_RPHV_51 -> 0 | H44: m²/uur | I44: =cattf_1_RPHV_51 -> 0 | J44: =IF(OR(ISBLANK(G44),G44=0),0,F44/ROUND(G44,4)) -> 0 | K44: =ROUND(I44,2)*J44 -> 0 | L44: =J44*dagenperjaar1 -> 0 | M44: =L44*ROUND(I44,2) -> 0
A45: RPH | B45: 2J | C45: interieur | D45: Pantry/koffiehoek harde vloer | E45: 9.6 | F45: =E45*VLOOKUP(B45,dagsoorttabel1,2,FALSE) -> 0.075294118 | G45: =catpn_1_RPHV_2 -> 0 | H45: m²/uur | I45: =cattf_1_RPHV_2 -> 0 | J45: =IF(OR(ISBLANK(G45),G45=0),0,F45/ROUND(G45,4)) -> 0 | K45: =ROUND(I45,2)*J45 -> 0 | L45: =J45*dagenperjaar1 -> 0 | M45: =L45*ROUND(I45,2) -> 0
A46: RPH | B46: 3W | C46: interieur | D46: Pantry/koffiehoek harde vloer | E46: 23.66 | F46: =E46*VLOOKUP(B46,dagsoorttabel1,2,FALSE) -> 14.196 | G46: =IF(AND(catpn_1_RPHB_1>0,catpn_1_RPHV_51>0),(dagenperjaar1*VLOOKUP(B46,dagsoorttabel1,2,FALSE))/(((dagenperjaar1*VLOOKUP(B46,dagsoorttabel1,2,FALSE))-catfd_1_RPHV_51)/catpn_1_RPHB_1+catfd_1_RPHV_51/catpn_1_RPHV_51),0) -> 0 | H46: m²/uur | I46: =IF(AND(catpn_1_RPHB_1>0,catpn_1_RPHV_51>0),(cattf_1_RPHB_1*((dagenperjaar1*VLOOKUP(B46,dagsoorttabel1,2,FALSE))-catfd_1_RPHV_51)/catpn_1_RPHB_1+cattf_1_RPHV_51*catfd_1_RPHV_51/catpn_1_RPHV_51)/(((dagenperjaar1*VLOOKUP(B46,dagsoorttabel1,2,FALSE))-catfd_1_RPHV_51)/catpn_1_RPHB_1+catfd_1_RPHV_51/catpn_1_RPHV_51),0) -> 0 | J46: =IF(OR(ISBLANK(G46),G46=0),0,F46/ROUND(G46,4)) -> 0 | K46: =ROUND(I46,2)*J46 -> 0 | L46: =J46*dagenperjaar1 -> 0 | M46: =L46*ROUND(I46,2) -> 0
A47: RPH | B47: 5W | C47: interieur | D47: Pantry/koffiehoek harde vloer | E47: 2 | F47: =E47*VLOOKUP(B47,dagsoorttabel1,2,FALSE) -> 2 | G47: =IF(AND(catpn_1_RPHB_1>0,catpn_1_RPHV_51>0),(dagenperjaar1*VLOOKUP(B47,dagsoorttabel1,2,FALSE))/(((dagenperjaar1*VLOOKUP(B47,dagsoorttabel1,2,FALSE))-catfd_1_RPHV_51)/catpn_1_RPHB_1+catfd_1_RPHV_51/catpn_1_RPHV_51),0) -> 0 | H47: m²/uur | I47: =IF(AND(catpn_1_RPHB_1>0,catpn_1_RPHV_51>0),(cattf_1_RPHB_1*((dagenperjaar1*VLOOKUP(B47,dagsoorttabel1,2,FALSE))-catfd_1_RPHV_51)/catpn_1_RPHB_1+cattf_1_RPHV_51*catfd_1_RPHV_51/catpn_1_RPHV_51)/(((dagenperjaar1*VLOOKUP(B47,dagsoorttabel1,2,FALSE))-catfd_1_RPHV_51)/catpn_1_RPHB_1+catfd_1_RPHV_51/catpn_1_RPHV_51),0) -> 0 | J47: =IF(OR(ISBLANK(G47),G47=0),0,F47/ROUND(G47,4)) -> 0 | K47: =ROUND(I47,2)*J47 -> 0 | L47: =J47*dagenperjaar1 -> 0 | M47: =L47*ROUND(I47,2) -> 0
A48: RRH | B48: 1W | C48: interieur | D48: Restaurant/kantine/verblijfsruimte harde vloer | E48: 72.4 | F48: =E48*VLOOKUP(B48,dagsoorttabel1,2,FALSE) -> 14.48 | G48: =IF(AND(catpn_1_RRHB_1>0,catpn_1_RRHV_51>0),(dagenperjaar1*VLOOKUP(B48,dagsoorttabel1,2,FALSE))/(((dagenperjaar1*VLOOKUP(B48,dagsoorttabel1,2,FALSE))-catfd_1_RRHV_51)/catpn_1_RRHB_1+catfd_1_RRHV_51/catpn_1_RRHV_51),0) -> 0 | H48: m²/uur | I48: =IF(AND(catpn_1_RRHB_1>0,catpn_1_RRHV_51>0),(cattf_1_RRHB_1*((dagenperjaar1*VLOOKUP(B48,dagsoorttabel1,2,FALSE))-catfd_1_RRHV_51)/catpn_1_RRHB_1+cattf_1_RRHV_51*catfd_1_RRHV_51/catpn_1_RRHV_51)/(((dagenperjaar1*VLOOKUP(B48,dagsoorttabel1,2,FALSE))-catfd_1_RRHV_51)/catpn_1_RRHB_1+catfd_1_RRHV_51/catpn_1_RRHV_51),0) -> 0 | J48: =IF(OR(ISBLANK(G48),G48=0),0,F48/ROUND(G48,4)) -> 0 | K48: =ROUND(I48,2)*J48 -> 0 | L48: =J48*dagenperjaar1 -> 0 | M48: =L48*ROUND(I48,2) -> 0
A49: RRH | B49: 26J | C49: interieur | D49: Restaurant/kantine/verblijfsruimte harde vloer | E49: 52.39 | F49: =E49*VLOOKUP(B49,dagsoorttabel1,2,FALSE) -> 5.3417255 | G49: =catpn_1_RRHV_51 -> 0 | H49: m²/uur | I49: =cattf_1_RRHV_51 -> 0 | J49: =IF(OR(ISBLANK(G49),G49=0),0,F49/ROUND(G49,4)) -> 0 | K49: =ROUND(I49,2)*J49 -> 0 | L49: =J49*dagenperjaar1 -> 0 | M49: =L49*ROUND(I49,2) -> 0
A50: RRH | B50: 2W | C50: interieur | D50: Restaurant/kantine/verblijfsruimte harde vloer | E50: 146.3 | F50: =E50*VLOOKUP(B50,dagsoorttabel1,2,FALSE) -> 58.52 | G50: =IF(AND(catpn_1_RRHB_1>0,catpn_1_RRHV_51>0),(dagenperjaar1*VLOOKUP(B50,dagsoorttabel1,2,FALSE))/(((dagenperjaar1*VLOOKUP(B50,dagsoorttabel1,2,FALSE))-catfd_1_RRHV_51)/catpn_1_RRHB_1+catfd_1_RRHV_51/catpn_1_RRHV_51),0) -> 0 | H50: m²/uur | I50: =IF(AND(catpn_1_RRHB_1>0,catpn_1_RRHV_51>0),(cattf_1_RRHB_1*((dagenperjaar1*VLOOKUP(B50,dagsoorttabel1,2,FALSE))-catfd_1_RRHV_51)/catpn_1_RRHB_1+cattf_1_RRHV_51*catfd_1_RRHV_51/catpn_1_RRHV_51)/(((dagenperjaar1*VLOOKUP(B50,dagsoorttabel1,2,FALSE))-catfd_1_RRHV_51)/catpn_1_RRHB_1+catfd_1_RRHV_51/catpn_1_RRHV_51),0) -> 0 | J50: =IF(OR(ISBLANK(G50),G50=0),0,F50/ROUND(G50,4)) -> 0 | K50: =ROUND(I50,2)*J50 -> 0 | L50: =J50*dagenperjaar1 -> 0 | M50: =L50*ROUND(I50,2) -> 0
A51: RRH | B51: 3W | C51: interieur | D51: Restaurant/kantine/verblijfsruimte harde vloer | E51: 321.1 | F51: =E51*VLOOKUP(B51,dagsoorttabel1,2,FALSE) -> 192.66 | G51: =IF(AND(catpn_1_RRHB_1>0,catpn_1_RRHV_51>0),(dagenperjaar1*VLOOKUP(B51,dagsoorttabel1,2,FALSE))/(((dagenperjaar1*VLOOKUP(B51,dagsoorttabel1,2,FALSE))-catfd_1_RRHV_51)/catpn_1_RRHB_1+catfd_1_RRHV_51/catpn_1_RRHV_51),0) -> 0 | H51: m²/uur | I51: =IF(AND(catpn_1_RRHB_1>0,catpn_1_RRHV_51>0),(cattf_1_RRHB_1*((dagenperjaar1*VLOOKUP(B51,dagsoorttabel1,2,FALSE))-catfd_1_RRHV_51)/catpn_1_RRHB_1+cattf_1_RRHV_51*catfd_1_RRHV_51/catpn_1_RRHV_51)/(((dagenperjaar1*VLOOKUP(B51,dagsoorttabel1,2,FALSE))-catfd_1_RRHV_51)/catpn_1_RRHB_1+catfd_1_RRHV_51/catpn_1_RRHV_51),0) -> 0 | J51: =IF(OR(ISBLANK(G51),G51=0),0,F51/ROUND(G51,4)) -> 0 | K51: =ROUND(I51,2)*J51 -> 0 | L51: =J51*dagenperjaar1 -> 0 | M51: =L51*ROUND(I51,2) -> 0
A52: RRH | B52: 4J | C52: interieur | D52: Restaurant/kantine/verblijfsruimte harde vloer | E52: 10.8 | F52: =E52*VLOOKUP(B52,dagsoorttabel1,2,FALSE) -> 0.16941176 | G52: =catpn_1_RRHV_4 -> 0 | H52: m²/uur | I52: =cattf_1_RRHV_4 -> 0 | J52: =IF(OR(ISBLANK(G52),G52=0),0,F52/ROUND(G52,4)) -> 0 | K52: =ROUND(I52,2)*J52 -> 0 | L52: =J52*dagenperjaar1 -> 0 | M52: =L52*ROUND(I52,2) -> 0
A53: RRH | B53: 4W | C53: interieur | D53: Restaurant/kantine/verblijfsruimte harde vloer | E53: 9.3 | F53: =E53*VLOOKUP(B53,dagsoorttabel1,2,FALSE) -> 7.44 | G53: =IF(AND(catpn_1_RRHB_1>0,catpn_1_RRHV_51>0),(dagenperjaar1*VLOOKUP(B53,dagsoorttabel1,2,FALSE))/(((dagenperjaar1*VLOOKUP(B53,dagsoorttabel1,2,FALSE))-catfd_1_RRHV_51)/catpn_1_RRHB_1+catfd_1_RRHV_51/catpn_1_RRHV_51),0) -> 0 | H53: m²/uur | I53: =IF(AND(catpn_1_RRHB_1>0,catpn_1_RRHV_51>0),(cattf_1_RRHB_1*((dagenperjaar1*VLOOKUP(B53,dagsoorttabel1,2,FALSE))-catfd_1_RRHV_51)/catpn_1_RRHB_1+cattf_1_RRHV_51*catfd_1_RRHV_51/catpn_1_RRHV_51)/(((dagenperjaar1*VLOOKUP(B53,dagsoorttabel1,2,FALSE))-catfd_1_RRHV_51)/catpn_1_RRHB_1+catfd_1_RRHV_51/catpn_1_RRHV_51),0) -> 0 | J53: =IF(OR(ISBLANK(G53),G53=0),0,F53/ROUND(G53,4)) -> 0 | K53: =ROUND(I53,2)*J53 -> 0 | L53: =J53*dagenperjaar1 -> 0 | M53: =L53*ROUND(I53,2) -> 0
A54: RRH | B54: 5W | C54: interieur | D54: Restaurant/kantine/verblijfsruimte harde vloer | E54: 391.7 | F54: =E54*VLOOKUP(B54,dagsoorttabel1,2,FALSE) -> 391.7 | G54: =IF(AND(catpn_1_RRHB_1>0,catpn_1_RRHV_51>0),(dagenperjaar1*VLOOKUP(B54,dagsoorttabel1,2,FALSE))/(((dagenperjaar1*VLOOKUP(B54,dagsoorttabel1,2,FALSE))-catfd_1_RRHV_51)/catpn_1_RRHB_1+catfd_1_RRHV_51/catpn_1_RRHV_51),0) -> 0 | H54: m²/uur | I54: =IF(AND(catpn_1_RRHB_1>0,catpn_1_RRHV_51>0),(cattf_1_RRHB_1*((dagenperjaar1*VLOOKUP(B54,dagsoorttabel1,2,FALSE))-catfd_1_RRHV_51)/catpn_1_RRHB_1+cattf_1_RRHV_51*catfd_1_RRHV_51/catpn_1_RRHV_51)/(((dagenperjaar1*VLOOKUP(B54,dagsoorttabel1,2,FALSE))-catfd_1_RRHV_51)/catpn_1_RRHB_1+catfd_1_RRHV_51/catpn_1_RRHV_51),0) -> 0 | J54: =IF(OR(ISBLANK(G54),G54=0),0,F54/ROUND(G54,4)) -> 0 | K54: =ROUND(I54,2)*J54 -> 0 | L54: =J54*dagenperjaar1 -> 0 | M54: =L54*ROUND(I54,2) -> 0
A55: RRZ | B55: 4W | C55: interieur | D55: Restaurant/kantine/verblijfsruimte zachte vloer | E55: 90 | F55: =E55*VLOOKUP(B55,dagsoorttabel1,2,FALSE) -> 72 | G55: =IF(AND(catpn_1_RRZB_1>0,catpn_1_RRZV_51>0),(dagenperjaar1*VLOOKUP(B55,dagsoorttabel1,2,FALSE))/(((dagenperjaar1*VLOOKUP(B55,dagsoorttabel1,2,FALSE))-catfd_1_RRZV_51)/catpn_1_RRZB_1+catfd_1_RRZV_51/catpn_1_RRZV_51),0) -> 0 | H55: m²/uur | I55: =IF(AND(catpn_1_RRZB_1>0,catpn_1_RRZV_51>0),(cattf_1_RRZB_1*((dagenperjaar1*VLOOKUP(B55,dagsoorttabel1,2,FALSE))-catfd_1_RRZV_51)/catpn_1_RRZB_1+cattf_1_RRZV_51*catfd_1_RRZV_51/catpn_1_RRZV_51)/(((dagenperjaar1*VLOOKUP(B55,dagsoorttabel1,2,FALSE))-catfd_1_RRZV_51)/catpn_1_RRZB_1+catfd_1_RRZV_51/catpn_1_RRZV_51),0) -> 0 | J55: =IF(OR(ISBLANK(G55),G55=0),0,F55/ROUND(G55,4)) -> 0 | K55: =ROUND(I55,2)*J55 -> 0 | L55: =J55*dagenperjaar1 -> 0 | M55: =L55*ROUND(I55,2) -> 0
A56: RRZ | B56: 5W | C56: interieur | D56: Restaurant/kantine/verblijfsruimte zachte vloer | E56: 347.3 | F56: =E56*VLOOKUP(B56,dagsoorttabel1,2,FALSE) -> 347.3 | G56: =IF(AND(catpn_1_RRZB_1>0,catpn_1_RRZV_51>0),(dagenperjaar1*VLOOKUP(B56,dagsoorttabel1,2,FALSE))/(((dagenperjaar1*VLOOKUP(B56,dagsoorttabel1,2,FALSE))-catfd_1_RRZV_51)/catpn_1_RRZB_1+catfd_1_RRZV_51/catpn_1_RRZV_51),0) -> 0 | H56: m²/uur | I56: =IF(AND(catpn_1_RRZB_1>0,catpn_1_RRZV_51>0),(cattf_1_RRZB_1*((dagenperjaar1*VLOOKUP(B56,dagsoorttabel1,2,FALSE))-catfd_1_RRZV_51)/catpn_1_RRZB_1+cattf_1_RRZV_51*catfd_1_RRZV_51/catpn_1_RRZV_51)/(((dagenperjaar1*VLOOKUP(B56,dagsoorttabel1,2,FALSE))-catfd_1_RRZV_51)/catpn_1_RRZB_1+catfd_1_RRZV_51/catpn_1_RRZV_51),0) -> 0 | J56: =IF(OR(ISBLANK(G56),G56=0),0,F56/ROUND(G56,4)) -> 0 | K56: =ROUND(I56,2)*J56 -> 0 | L56: =J56*dagenperjaar1 -> 0 | M56: =L56*ROUND(I56,2) -> 0
A57: SDH | B57: 1W | C57: interieur | D57: Douche/wasruimte harde vloer | E57: 2 | F57: =E57*VLOOKUP(B57,dagsoorttabel1,2,FALSE) -> 0.4 | G57: =IF(AND(catpn_1_SDHB_1>0,catpn_1_SDHV_51>0),(dagenperjaar1*VLOOKUP(B57,dagsoorttabel1,2,FALSE))/(((dagenperjaar1*VLOOKUP(B57,dagsoorttabel1,2,FALSE))-catfd_1_SDHV_51)/catpn_1_SDHB_1+catfd_1_SDHV_51/catpn_1_SDHV_51),0) -> 0 | H57: m²/uur | I57: =IF(AND(catpn_1_SDHB_1>0,catpn_1_SDHV_51>0),(cattf_1_SDHB_1*((dagenperjaar1*VLOOKUP(B57,dagsoorttabel1,2,FALSE))-catfd_1_SDHV_51)/catpn_1_SDHB_1+cattf_1_SDHV_51*catfd_1_SDHV_51/catpn_1_SDHV_51)/(((dagenperjaar1*VLOOKUP(B57,dagsoorttabel1,2,FALSE))-catfd_1_SDHV_51)/catpn_1_SDHB_1+catfd_1_SDHV_51/catpn_1_SDHV_51),0) -> 0 | J57: =IF(OR(ISBLANK(G57),G57=0),0,F57/ROUND(G57,4)) -> 0 | K57: =ROUND(I57,2)*J57 -> 0 | L57: =J57*dagenperjaar1 -> 0 | M57: =L57*ROUND(I57,2) -> 0
A58: SDH | B58: 2W | C58: interieur | D58: Douche/wasruimte harde vloer | E58: 1.4 | F58: =E58*VLOOKUP(B58,dagsoorttabel1,2,FALSE) -> 0.56 | G58: =IF(AND(catpn_1_SDHB_1>0,catpn_1_SDHV_51>0),(dagenperjaar1*VLOOKUP(B58,dagsoorttabel1,2,FALSE))/(((dagenperjaar1*VLOOKUP(B58,dagsoorttabel1,2,FALSE))-catfd_1_SDHV_51)/catpn_1_SDHB_1+catfd_1_SDHV_51/catpn_1_SDHV_51),0) -> 0 | H58: m²/uur | I58: =IF(AND(catpn_1_SDHB_1>0,catpn_1_SDHV_51>0),(cattf_1_SDHB_1*((dagenperjaar1*VLOOKUP(B58,dagsoorttabel1,2,FALSE))-catfd_1_SDHV_51)/catpn_1_SDHB_1+cattf_1_SDHV_51*catfd_1_SDHV_51/catpn_1_SDHV_51)/(((dagenperjaar1*VLOOKUP(B58,dagsoorttabel1,2,FALSE))-catfd_1_SDHV_51)/catpn_1_SDHB_1+catfd_1_SDHV_51/catpn_1_SDHV_51),0) -> 0 | J58: =IF(OR(ISBLANK(G58),G58=0),0,F58/ROUND(G58,4)) -> 0 | K58: =ROUND(I58,2)*J58 -> 0 | L58: =J58*dagenperjaar1 -> 0 | M58: =L58*ROUND(I58,2) -> 0
A59: SDH | B59: 3W | C59: interieur | D59: Douche/wasruimte harde vloer | E59: 11.6 | F59: =E59*VLOOKUP(B59,dagsoorttabel1,2,FALSE) -> 6.96 | G59: =IF(AND(catpn_1_SDHB_1>0,catpn_1_SDHV_51>0),(dagenperjaar1*VLOOKUP(B59,dagsoorttabel1,2,FALSE))/(((dagenperjaar1*VLOOKUP(B59,dagsoorttabel1,2,FALSE))-catfd_1_SDHV_51)/catpn_1_SDHB_1+catfd_1_SDHV_51/catpn_1_SDHV_51),0) -> 0 | H59: m²/uur | I59: =IF(AND(catpn_1_SDHB_1>0,catpn_1_SDHV_51>0),(cattf_1_SDHB_1*((dagenperjaar1*VLOOKUP(B59,dagsoorttabel1,2,FALSE))-catfd_1_SDHV_51)/catpn_1_SDHB_1+cattf_1_SDHV_51*catfd_1_SDHV_51/catpn_1_SDHV_51)/(((dagenperjaar1*VLOOKUP(B59,dagsoorttabel1,2,FALSE))-catfd_1_SDHV_51)/catpn_1_SDHB_1+catfd_1_SDHV_51/catpn_1_SDHV_51),0) -> 0 | J59: =IF(OR(ISBLANK(G59),G59=0),0,F59/ROUND(G59,4)) -> 0 | K59: =ROUND(I59,2)*J59 -> 0 | L59: =J59*dagenperjaar1 -> 0 | M59: =L59*ROUND(I59,2) -> 0
A60: SDH | B60: 5W | C60: interieur | D60: Douche/wasruimte harde vloer | E60: 8.4 | F60: =E60*VLOOKUP(B60,dagsoorttabel1,2,FALSE) -> 8.4 | G60: =IF(AND(catpn_1_SDHB_1>0,catpn_1_SDHV_51>0),(dagenperjaar1*VLOOKUP(B60,dagsoorttabel1,2,FALSE))/(((dagenperjaar1*VLOOKUP(B60,dagsoorttabel1,2,FALSE))-catfd_1_SDHV_51)/catpn_1_SDHB_1+catfd_1_SDHV_51/catpn_1_SDHV_51),0) -> 0 | H60: m²/uur | I60: =IF(AND(catpn_1_SDHB_1>0,catpn_1_SDHV_51>0),(cattf_1_SDHB_1*((dagenperjaar1*VLOOKUP(B60,dagsoorttabel1,2,FALSE))-catfd_1_SDHV_51)/catpn_1_SDHB_1+cattf_1_SDHV_51*catfd_1_SDHV_51/catpn_1_SDHV_51)/(((dagenperjaar1*VLOOKUP(B60,dagsoorttabel1,2,FALSE))-catfd_1_SDHV_51)/catpn_1_SDHB_1+catfd_1_SDHV_51/catpn_1_SDHV_51),0) -> 0 | J60: =IF(OR(ISBLANK(G60),G60=0),0,F60/ROUND(G60,4)) -> 0 | K60: =ROUND(I60,2)*J60 -> 0 | L60: =J60*dagenperjaar1 -> 0 | M60: =L60*ROUND(I60,2) -> 0
A61: SDHN | B61: 5W | C61: interieur | D61: Naloop douche/wasruimte harde vloer | E61: 5.4 | F61: =E61*VLOOKUP(B61,dagsoorttabel1,2,FALSE) -> 5.4 | G61: =catpn_1_SDHB_1 -> 0 | H61: m²/uur | I61: =cattf_1_SDHB_1 -> 0 | J61: =IF(OR(ISBLANK(G61),G61=0),0,F61/ROUND(G61,4)) -> 0 | K61: =ROUND(I61,2)*J61 -> 0 | L61: =J61*dagenperjaar1 -> 0 | M61: =L61*ROUND(I61,2) -> 0
A62: SKH | B62: 1W | C62: interieur | D62: Kleedruimte harde vloer | E62: 31.1 | F62: =E62*VLOOKUP(B62,dagsoorttabel1,2,FALSE) -> 6.22 | G62: =IF(AND(catpn_1_SKHB_1>0,catpn_1_SKHV_51>0),(dagenperjaar1*VLOOKUP(B62,dagsoorttabel1,2,FALSE))/(((dagenperjaar1*VLOOKUP(B62,dagsoorttabel1,2,FALSE))-catfd_1_SKHV_51)/catpn_1_SKHB_1+catfd_1_SKHV_51/catpn_1_SKHV_51),0) -> 0 | H62: m²/uur | I62: =IF(AND(catpn_1_SKHB_1>0,catpn_1_SKHV_51>0),(cattf_1_SKHB_1*((dagenperjaar1*VLOOKUP(B62,dagsoorttabel1,2,FALSE))-catfd_1_SKHV_51)/catpn_1_SKHB_1+cattf_1_SKHV_51*catfd_1_SKHV_51/catpn_1_SKHV_51)/(((dagenperjaar1*VLOOKUP(B62,dagsoorttabel1,2,FALSE))-catfd_1_SKHV_51)/catpn_1_SKHB_1+catfd_1_SKHV_51/catpn_1_SKHV_51),0) -> 0 | J62: =IF(OR(ISBLANK(G62),G62=0),0,F62/ROUND(G62,4)) -> 0 | K62: =ROUND(I62,2)*J62 -> 0 | L62: =J62*dagenperjaar1 -> 0 | M62: =L62*ROUND(I62,2) -> 0
A63: SKH | B63: 26J | C63: interieur | D63: Kleedruimte harde vloer | E63: 5 | F63: =E63*VLOOKUP(B63,dagsoorttabel1,2,FALSE) -> 0.50980392 | G63: =catpn_1_SKHV_51 -> 0 | H63: m²/uur | I63: =cattf_1_SKHV_51 -> 0 | J63: =IF(OR(ISBLANK(G63),G63=0),0,F63/ROUND(G63,4)) -> 0 | K63: =ROUND(I63,2)*J63 -> 0 | L63: =J63*dagenperjaar1 -> 0 | M63: =L63*ROUND(I63,2) -> 0
A64: SKH | B64: 2W | C64: interieur | D64: Kleedruimte harde vloer | E64: 43.1 | F64: =E64*VLOOKUP(B64,dagsoorttabel1,2,FALSE) -> 17.24 | G64: =IF(AND(catpn_1_SKHB_1>0,catpn_1_SKHV_51>0),(dagenperjaar1*VLOOKUP(B64,dagsoorttabel1,2,FALSE))/(((dagenperjaar1*VLOOKUP(B64,dagsoorttabel1,2,FALSE))-catfd_1_SKHV_51)/catpn_1_SKHB_1+catfd_1_SKHV_51/catpn_1_SKHV_51),0) -> 0 | H64: m²/uur | I64: =IF(AND(catpn_1_SKHB_1>0,catpn_1_SKHV_51>0),(cattf_1_SKHB_1*((dagenperjaar1*VLOOKUP(B64,dagsoorttabel1,2,FALSE))-catfd_1_SKHV_51)/catpn_1_SKHB_1+cattf_1_SKHV_51*catfd_1_SKHV_51/catpn_1_SKHV_51)/(((dagenperjaar1*VLOOKUP(B64,dagsoorttabel1,2,FALSE))-catfd_1_SKHV_51)/catpn_1_SKHB_1+catfd_1_SKHV_51/catpn_1_SKHV_51),0) -> 0 | J64: =IF(OR(ISBLANK(G64),G64=0),0,F64/ROUND(G64,4)) -> 0 | K64: =ROUND(I64,2)*J64 -> 0 | L64: =J64*dagenperjaar1 -> 0 | M64: =L64*ROUND(I64,2) -> 0
A65: SKH | B65: 3W | C65: interieur | D65: Kleedruimte harde vloer | E65: 151 | F65: =E65*VLOOKUP(B65,dagsoorttabel1,2,FALSE) -> 90.6 | G65: =IF(AND(catpn_1_SKHB_1>0,catpn_1_SKHV_51>0),(dagenperjaar1*VLOOKUP(B65,dagsoorttabel1,2,FALSE))/(((dagenperjaar1*VLOOKUP(B65,dagsoorttabel1,2,FALSE))-catfd_1_SKHV_51)/catpn_1_SKHB_1+catfd_1_SKHV_51/catpn_1_SKHV_51),0) -> 0 | H65: m²/uur | I65: =IF(AND(catpn_1_SKHB_1>0,catpn_1_SKHV_51>0),(cattf_1_SKHB_1*((dagenperjaar1*VLOOKUP(B65,dagsoorttabel1,2,FALSE))-catfd_1_SKHV_51)/catpn_1_SKHB_1+cattf_1_SKHV_51*catfd_1_SKHV_51/catpn_1_SKHV_51)/(((dagenperjaar1*VLOOKUP(B65,dagsoorttabel1,2,FALSE))-catfd_1_SKHV_51)/catpn_1_SKHB_1+catfd_1_SKHV_51/catpn_1_SKHV_51),0) -> 0 | J65: =IF(OR(ISBLANK(G65),G65=0),0,F65/ROUND(G65,4)) -> 0 | K65: =ROUND(I65,2)*J65 -> 0 | L65: =J65*dagenperjaar1 -> 0 | M65: =L65*ROUND(I65,2) -> 0
A66: SKH | B66: 5W | C66: interieur | D66: Kleedruimte harde vloer | E66: 188 | F66: =E66*VLOOKUP(B66,dagsoorttabel1,2,FALSE) -> 188 | G66: =IF(AND(catpn_1_SKHB_1>0,catpn_1_SKHV_51>0),(dagenperjaar1*VLOOKUP(B66,dagsoorttabel1,2,FALSE))/(((dagenperjaar1*VLOOKUP(B66,dagsoorttabel1,2,FALSE))-catfd_1_SKHV_51)/catpn_1_SKHB_1+catfd_1_SKHV_51/catpn_1_SKHV_51),0) -> 0 | H66: m²/uur | I66: =IF(AND(catpn_1_SKHB_1>0,catpn_1_SKHV_51>0),(cattf_1_SKHB_1*((dagenperjaar1*VLOOKUP(B66,dagsoorttabel1,2,FALSE))-catfd_1_SKHV_51)/catpn_1_SKHB_1+cattf_1_SKHV_51*catfd_1_SKHV_51/catpn_1_SKHV_51)/(((dagenperjaar1*VLOOKUP(B66,dagsoorttabel1,2,FALSE))-catfd_1_SKHV_51)/catpn_1_SKHB_1+catfd_1_SKHV_51/catpn_1_SKHV_51),0) -> 0 | J66: =IF(OR(ISBLANK(G66),G66=0),0,F66/ROUND(G66,4)) -> 0 | K66: =ROUND(I66,2)*J66 -> 0 | L66: =J66*dagenperjaar1 -> 0 | M66: =L66*ROUND(I66,2) -> 0
A67: STH | B67: 12J | C67: interieur | D67: Sanitaire ruimte/toiletten harde vloer | E67: 5 | F67: =E67*VLOOKUP(B67,dagsoorttabel1,2,FALSE) -> 0.23529412 | G67: =catpn_1_STHV_12 -> 0 | H67: m²/uur | I67: =cattf_1_STHV_12 -> 0 | J67: =IF(OR(ISBLANK(G67),G67=0),0,F67/ROUND(G67,4)) -> 0 | K67: =ROUND(I67,2)*J67 -> 0 | L67: =J67*dagenperjaar1 -> 0 | M67: =L67*ROUND(I67,2) -> 0
A68: STH | B68: 1W | C68: interieur | D68: Sanitaire ruimte/toiletten harde vloer | E68: 40 | F68: =E68*VLOOKUP(B68,dagsoorttabel1,2,FALSE) -> 8 | G68: =IF(AND(catpn_1_STHB_1>0,catpn_1_STHV_51>0),(dagenperjaar1*VLOOKUP(B68,dagsoorttabel1,2,FALSE))/(((dagenperjaar1*VLOOKUP(B68,dagsoorttabel1,2,FALSE))-catfd_1_STHV_51)/catpn_1_STHB_1+catfd_1_STHV_51/catpn_1_STHV_51),0) -> 0 | H68: m²/uur | I68: =IF(AND(catpn_1_STHB_1>0,catpn_1_STHV_51>0),(cattf_1_STHB_1*((dagenperjaar1*VLOOKUP(B68,dagsoorttabel1,2,FALSE))-catfd_1_STHV_51)/catpn_1_STHB_1+cattf_1_STHV_51*catfd_1_STHV_51/catpn_1_STHV_51)/(((dagenperjaar1*VLOOKUP(B68,dagsoorttabel1,2,FALSE))-catfd_1_STHV_51)/catpn_1_STHB_1+catfd_1_STHV_51/catpn_1_STHV_51),0) -> 0 | J68: =IF(OR(ISBLANK(G68),G68=0),0,F68/ROUND(G68,4)) -> 0 | K68: =ROUND(I68,2)*J68 -> 0 | L68: =J68*dagenperjaar1 -> 0 | M68: =L68*ROUND(I68,2) -> 0
A69: STH | B69: 26J | C69: interieur | D69: Sanitaire ruimte/toiletten harde vloer | E69: 7.04 | F69: =E69*VLOOKUP(B69,dagsoorttabel1,2,FALSE) -> 0.71780392 | G69: =catpn_1_STHV_26 -> 0 | H69: m²/uur | I69: =cattf_1_STHV_26 -> 0 | J69: =IF(OR(ISBLANK(G69),G69=0),0,F69/ROUND(G69,4)) -> 0 | K69: =ROUND(I69,2)*J69 -> 0 | L69: =J69*dagenperjaar1 -> 0 | M69: =L69*ROUND(I69,2) -> 0
A70: STH | B70: 2J | C70: interieur | D70: Sanitaire ruimte/toiletten harde vloer | E70: 49.3 | F70: =E70*VLOOKUP(B70,dagsoorttabel1,2,FALSE) -> 0.38666667 | G70: =catpn_1_STHV_2 -> 0 | H70: m²/uur | I70: =cattf_1_STHV_2 -> 0 | J70: =IF(OR(ISBLANK(G70),G70=0),0,F70/ROUND(G70,4)) -> 0 | K70: =ROUND(I70,2)*J70 -> 0 | L70: =J70*dagenperjaar1 -> 0 | M70: =L70*ROUND(I70,2) -> 0
A71: STH | B71: 2W | C71: interieur | D71: Sanitaire ruimte/toiletten harde vloer | E71: 78.22 | F71: =E71*VLOOKUP(B71,dagsoorttabel1,2,FALSE) -> 31.288 | G71: =IF(AND(catpn_1_STHB_1>0,catpn_1_STHV_51>0),(dagenperjaar1*VLOOKUP(B71,dagsoorttabel1,2,FALSE))/(((dagenperjaar1*VLOOKUP(B71,dagsoorttabel1,2,FALSE))-catfd_1_STHV_51)/catpn_1_STHB_1+catfd_1_STHV_51/catpn_1_STHV_51),0) -> 0 | H71: m²/uur | I71: =IF(AND(catpn_1_STHB_1>0,catpn_1_STHV_51>0),(cattf_1_STHB_1*((dagenperjaar1*VLOOKUP(B71,dagsoorttabel1,2,FALSE))-catfd_1_STHV_51)/catpn_1_STHB_1+cattf_1_STHV_51*catfd_1_STHV_51/catpn_1_STHV_51)/(((dagenperjaar1*VLOOKUP(B71,dagsoorttabel1,2,FALSE))-catfd_1_STHV_51)/catpn_1_STHB_1+catfd_1_STHV_51/catpn_1_STHV_51),0) -> 0 | J71: =IF(OR(ISBLANK(G71),G71=0),0,F71/ROUND(G71,4)) -> 0 | K71: =ROUND(I71,2)*J71 -> 0 | L71: =J71*dagenperjaar1 -> 0 | M71: =L71*ROUND(I71,2) -> 0
A72: STH | B72: 3W | C72: interieur | D72: Sanitaire ruimte/toiletten harde vloer | E72: 121.49 | F72: =E72*VLOOKUP(B72,dagsoorttabel1,2,FALSE) -> 72.894 | G72: =IF(AND(catpn_1_STHB_1>0,catpn_1_STHV_51>0),(dagenperjaar1*VLOOKUP(B72,dagsoorttabel1,2,FALSE))/(((dagenperjaar1*VLOOKUP(B72,dagsoorttabel1,2,FALSE))-catfd_1_STHV_51)/catpn_1_STHB_1+catfd_1_STHV_51/catpn_1_STHV_51),0) -> 0 | H72: m²/uur | I72: =IF(AND(catpn_1_STHB_1>0,catpn_1_STHV_51>0),(cattf_1_STHB_1*((dagenperjaar1*VLOOKUP(B72,dagsoorttabel1,2,FALSE))-catfd_1_STHV_51)/catpn_1_STHB_1+cattf_1_STHV_51*catfd_1_STHV_51/catpn_1_STHV_51)/(((dagenperjaar1*VLOOKUP(B72,dagsoorttabel1,2,FALSE))-catfd_1_STHV_51)/catpn_1_STHB_1+catfd_1_STHV_51/catpn_1_STHV_51),0) -> 0 | J72: =IF(OR(ISBLANK(G72),G72=0),0,F72/ROUND(G72,4)) -> 0 | K72: =ROUND(I72,2)*J72 -> 0 | L72: =J72*dagenperjaar1 -> 0 | M72: =L72*ROUND(I72,2) -> 0
A73: STH | B73: 4J | C73: interieur | D73: Sanitaire ruimte/toiletten harde vloer | E73: 5.7 | F73: =E73*VLOOKUP(B73,dagsoorttabel1,2,FALSE) -> 0.089411765 | G73: =catpn_1_STHV_4 -> 0 | H73: m²/uur | I73: =cattf_1_STHV_4 -> 0 | J73: =IF(OR(ISBLANK(G73),G73=0),0,F73/ROUND(G73,4)) -> 0 | K73: =ROUND(I73,2)*J73 -> 0 | L73: =J73*dagenperjaar1 -> 0 | M73: =L73*ROUND(I73,2) -> 0
A74: STH | B74: 4W | C74: interieur | D74: Sanitaire ruimte/toiletten harde vloer | E74: 68.24 | F74: =E74*VLOOKUP(B74,dagsoorttabel1,2,FALSE) -> 54.592 | G74: =IF(AND(catpn_1_STHB_1>0,catpn_1_STHV_51>0),(dagenperjaar1*VLOOKUP(B74,dagsoorttabel1,2,FALSE))/(((dagenperjaar1*VLOOKUP(B74,dagsoorttabel1,2,FALSE))-catfd_1_STHV_51)/catpn_1_STHB_1+catfd_1_STHV_51/catpn_1_STHV_51),0) -> 0 | H74: m²/uur | I74: =IF(AND(catpn_1_STHB_1>0,catpn_1_STHV_51>0),(cattf_1_STHB_1*((dagenperjaar1*VLOOKUP(B74,dagsoorttabel1,2,FALSE))-catfd_1_STHV_51)/catpn_1_STHB_1+cattf_1_STHV_51*catfd_1_STHV_51/catpn_1_STHV_51)/(((dagenperjaar1*VLOOKUP(B74,dagsoorttabel1,2,FALSE))-catfd_1_STHV_51)/catpn_1_STHB_1+catfd_1_STHV_51/catpn_1_STHV_51),0) -> 0 | J74: =IF(OR(ISBLANK(G74),G74=0),0,F74/ROUND(G74,4)) -> 0 | K74: =ROUND(I74,2)*J74 -> 0 | L74: =J74*dagenperjaar1 -> 0 | M74: =L74*ROUND(I74,2) -> 0
A75: STH | B75: 5W | C75: interieur | D75: Sanitaire ruimte/toiletten harde vloer | E75: 146.8 | F75: =E75*VLOOKUP(B75,dagsoorttabel1,2,FALSE) -> 146.8 | G75: =IF(AND(catpn_1_STHB_1>0,catpn_1_STHV_51>0),(dagenperjaar1*VLOOKUP(B75,dagsoorttabel1,2,FALSE))/(((dagenperjaar1*VLOOKUP(B75,dagsoorttabel1,2,FALSE))-catfd_1_STHV_51)/catpn_1_STHB_1+catfd_1_STHV_51/catpn_1_STHV_51),0) -> 0 | H75: m²/uur | I75: =IF(AND(catpn_1_STHB_1>0,catpn_1_STHV_51>0),(cattf_1_STHB_1*((dagenperjaar1*VLOOKUP(B75,dagsoorttabel1,2,FALSE))-catfd_1_STHV_51)/catpn_1_STHB_1+cattf_1_STHV_51*catfd_1_STHV_51/catpn_1_STHV_51)/(((dagenperjaar1*VLOOKUP(B75,dagsoorttabel1,2,FALSE))-catfd_1_STHV_51)/catpn_1_STHB_1+catfd_1_STHV_51/catpn_1_STHV_51),0) -> 0 | J75: =IF(OR(ISBLANK(G75),G75=0),0,F75/ROUND(G75,4)) -> 0 | K75: =ROUND(I75,2)*J75 -> 0 | L75: =J75*dagenperjaar1 -> 0 | M75: =L75*ROUND(I75,2) -> 0
A76: STHN | B76: 4W | C76: interieur | D76: Sanitaire ruimte/toiletten harde vloer naloop | E76: 27.4 | F76: =E76*VLOOKUP(B76,dagsoorttabel1,2,FALSE) -> 21.92 | G76: =catpn_1_STHB_1 -> 0 | H76: m²/uur | I76: =cattf_1_STHB_1 -> 0 | J76: =IF(OR(ISBLANK(G76),G76=0),0,F76/ROUND(G76,4)) -> 0 | K76: =ROUND(I76,2)*J76 -> 0 | L76: =J76*dagenperjaar1 -> 0 | M76: =L76*ROUND(I76,2) -> 0
A77: STHN | B77: 5W | C77: interieur | D77: Sanitaire ruimte/toiletten harde vloer naloop | E77: 85.8 | F77: =E77*VLOOKUP(B77,dagsoorttabel1,2,FALSE) -> 85.8 | G77: =catpn_1_STHB_1 -> 0 | H77: m²/uur | I77: =cattf_1_STHB_1 -> 0 | J77: =IF(OR(ISBLANK(G77),G77=0),0,F77/ROUND(G77,4)) -> 0 | K77: =ROUND(I77,2)*J77 -> 0 | L77: =J77*dagenperjaar1 -> 0 | M77: =L77*ROUND(I77,2) -> 0
A78: SWH | B78: 1W | C78: interieur | D78: Wasruimte harde vloer | E78: 9.5 | F78: =E78*VLOOKUP(B78,dagsoorttabel1,2,FALSE) -> 1.9 | G78: =IF(AND(catpn_1_SWHB_1>0,catpn_1_SWHV_51>0),(dagenperjaar1*VLOOKUP(B78,dagsoorttabel1,2,FALSE))/(((dagenperjaar1*VLOOKUP(B78,dagsoorttabel1,2,FALSE))-catfd_1_SWHV_51)/catpn_1_SWHB_1+catfd_1_SWHV_51/catpn_1_SWHV_51),0) -> 0 | H78: m²/uur | I78: =IF(AND(catpn_1_SWHB_1>0,catpn_1_SWHV_51>0),(cattf_1_SWHB_1*((dagenperjaar1*VLOOKUP(B78,dagsoorttabel1,2,FALSE))-catfd_1_SWHV_51)/catpn_1_SWHB_1+cattf_1_SWHV_51*catfd_1_SWHV_51/catpn_1_SWHV_51)/(((dagenperjaar1*VLOOKUP(B78,dagsoorttabel1,2,FALSE))-catfd_1_SWHV_51)/catpn_1_SWHB_1+catfd_1_SWHV_51/catpn_1_SWHV_51),0) -> 0 | J78: =IF(OR(ISBLANK(G78),G78=0),0,F78/ROUND(G78,4)) -> 0 | K78: =ROUND(I78,2)*J78 -> 0 | L78: =J78*dagenperjaar1 -> 0 | M78: =L78*ROUND(I78,2) -> 0
A79: SWH | B79: 2W | C79: interieur | D79: Wasruimte harde vloer | E79: 4 | F79: =E79*VLOOKUP(B79,dagsoorttabel1,2,FALSE) -> 1.6 | G79: =IF(AND(catpn_1_SWHB_1>0,catpn_1_SWHV_51>0),(dagenperjaar1*VLOOKUP(B79,dagsoorttabel1,2,FALSE))/(((dagenperjaar1*VLOOKUP(B79,dagsoorttabel1,2,FALSE))-catfd_1_SWHV_51)/catpn_1_SWHB_1+catfd_1_SWHV_51/catpn_1_SWHV_51),0) -> 0 | H79: m²/uur | I79: =IF(AND(catpn_1_SWHB_1>0,catpn_1_SWHV_51>0),(cattf_1_SWHB_1*((dagenperjaar1*VLOOKUP(B79,dagsoorttabel1,2,FALSE))-catfd_1_SWHV_51)/catpn_1_SWHB_1+cattf_1_SWHV_51*catfd_1_SWHV_51/catpn_1_SWHV_51)/(((dagenperjaar1*VLOOKUP(B79,dagsoorttabel1,2,FALSE))-catfd_1_SWHV_51)/catpn_1_SWHB_1+catfd_1_SWHV_51/catpn_1_SWHV_51),0) -> 0 | J79: =IF(OR(ISBLANK(G79),G79=0),0,F79/ROUND(G79,4)) -> 0 | K79: =ROUND(I79,2)*J79 -> 0 | L79: =J79*dagenperjaar1 -> 0 | M79: =L79*ROUND(I79,2) -> 0
A80: VAH | B80: 1W | C80: interieur | D80: Verkeersruimte algemeen harde vloer | E80: 56.4 | F80: =E80*VLOOKUP(B80,dagsoorttabel1,2,FALSE) -> 11.28 | G80: =IF(AND(catpn_1_VAHB_1>0,catpn_1_VAHV_51>0),(dagenperjaar1*VLOOKUP(B80,dagsoorttabel1,2,FALSE))/(((dagenperjaar1*VLOOKUP(B80,dagsoorttabel1,2,FALSE))-catfd_1_VAHV_51)/catpn_1_VAHB_1+catfd_1_VAHV_51/catpn_1_VAHV_51),0) -> 0 | H80: m²/uur | I80: =IF(AND(catpn_1_VAHB_1>0,catpn_1_VAHV_51>0),(cattf_1_VAHB_1*((dagenperjaar1*VLOOKUP(B80,dagsoorttabel1,2,FALSE))-catfd_1_VAHV_51)/catpn_1_VAHB_1+cattf_1_VAHV_51*catfd_1_VAHV_51/catpn_1_VAHV_51)/(((dagenperjaar1*VLOOKUP(B80,dagsoorttabel1,2,FALSE))-catfd_1_VAHV_51)/catpn_1_VAHB_1+catfd_1_VAHV_51/catpn_1_VAHV_51),0) -> 0 | J80: =IF(OR(ISBLANK(G80),G80=0),0,F80/ROUND(G80,4)) -> 0 | K80: =ROUND(I80,2)*J80 -> 0 | L80: =J80*dagenperjaar1 -> 0 | M80: =L80*ROUND(I80,2) -> 0
A81: VAH | B81: 26J | C81: interieur | D81: Verkeersruimte algemeen harde vloer | E81: 3.25 | F81: =E81*VLOOKUP(B81,dagsoorttabel1,2,FALSE) -> 0.33137255 | G81: =catpn_1_VAHV_51 -> 0 | H81: m²/uur | I81: =cattf_1_VAHV_51 -> 0 | J81: =IF(OR(ISBLANK(G81),G81=0),0,F81/ROUND(G81,4)) -> 0 | K81: =ROUND(I81,2)*J81 -> 0 | L81: =J81*dagenperjaar1 -> 0 | M81: =L81*ROUND(I81,2) -> 0
A82: VAH | B82: 2J | C82: interieur | D82: Verkeersruimte algemeen harde vloer | E82: 4 | F82: =E82*VLOOKUP(B82,dagsoorttabel1,2,FALSE) -> 0.031372549 | G82: =catpn_1_VAHV_2 -> 0 | H82: m²/uur | I82: =cattf_1_VAHV_2 -> 0 | J82: =IF(OR(ISBLANK(G82),G82=0),0,F82/ROUND(G82,4)) -> 0 | K82: =ROUND(I82,2)*J82 -> 0 | L82: =J82*dagenperjaar1 -> 0 | M82: =L82*ROUND(I82,2) -> 0
A83: VAH | B83: 2W | C83: interieur | D83: Verkeersruimte algemeen harde vloer | E83: 89.9 | F83: =E83*VLOOKUP(B83,dagsoorttabel1,2,FALSE) -> 35.96 | G83: =IF(AND(catpn_1_VAHB_1>0,catpn_1_VAHV_51>0),(dagenperjaar1*VLOOKUP(B83,dagsoorttabel1,2,FALSE))/(((dagenperjaar1*VLOOKUP(B83,dagsoorttabel1,2,FALSE))-catfd_1_VAHV_51)/catpn_1_VAHB_1+catfd_1_VAHV_51/catpn_1_VAHV_51),0) -> 0 | H83: m²/uur | I83: =IF(AND(catpn_1_VAHB_1>0,catpn_1_VAHV_51>0),(cattf_1_VAHB_1*((dagenperjaar1*VLOOKUP(B83,dagsoorttabel1,2,FALSE))-catfd_1_VAHV_51)/catpn_1_VAHB_1+cattf_1_VAHV_51*catfd_1_VAHV_51/catpn_1_VAHV_51)/(((dagenperjaar1*VLOOKUP(B83,dagsoorttabel1,2,FALSE))-catfd_1_VAHV_51)/catpn_1_VAHB_1+catfd_1_VAHV_51/catpn_1_VAHV_51),0) -> 0 | J83: =IF(OR(ISBLANK(G83),G83=0),0,F83/ROUND(G83,4)) -> 0 | K83: =ROUND(I83,2)*J83 -> 0 | L83: =J83*dagenperjaar1 -> 0 | M83: =L83*ROUND(I83,2) -> 0
A84: VAH | B84: 3W | C84: interieur | D84: Verkeersruimte algemeen harde vloer | E84: 341.9 | F84: =E84*VLOOKUP(B84,dagsoorttabel1,2,FALSE) -> 205.14 | G84: =IF(AND(catpn_1_VAHB_1>0,catpn_1_VAHV_51>0),(dagenperjaar1*VLOOKUP(B84,dagsoorttabel1,2,FALSE))/(((dagenperjaar1*VLOOKUP(B84,dagsoorttabel1,2,FALSE))-catfd_1_VAHV_51)/catpn_1_VAHB_1+catfd_1_VAHV_51/catpn_1_VAHV_51),0) -> 0 | H84: m²/uur | I84: =IF(AND(catpn_1_VAHB_1>0,catpn_1_VAHV_51>0),(cattf_1_VAHB_1*((dagenperjaar1*VLOOKUP(B84,dagsoorttabel1,2,FALSE))-catfd_1_VAHV_51)/catpn_1_VAHB_1+cattf_1_VAHV_51*catfd_1_VAHV_51/catpn_1_VAHV_51)/(((dagenperjaar1*VLOOKUP(B84,dagsoorttabel1,2,FALSE))-catfd_1_VAHV_51)/catpn_1_VAHB_1+catfd_1_VAHV_51/catpn_1_VAHV_51),0) -> 0 | J84: =IF(OR(ISBLANK(G84),G84=0),0,F84/ROUND(G84,4)) -> 0 | K84: =ROUND(I84,2)*J84 -> 0 | L84: =J84*dagenperjaar1 -> 0 | M84: =L84*ROUND(I84,2) -> 0
A85: VAH | B85: 4J | C85: interieur | D85: Verkeersruimte algemeen harde vloer | E85: 41.5 | F85: =E85*VLOOKUP(B85,dagsoorttabel1,2,FALSE) -> 0.65098039 | G85: =catpn_1_VAHV_2 -> 0 | H85: m²/uur | I85: =cattf_1_VAHV_2 -> 0 | J85: =IF(OR(ISBLANK(G85),G85=0),0,F85/ROUND(G85,4)) -> 0 | K85: =ROUND(I85,2)*J85 -> 0 | L85: =J85*dagenperjaar1 -> 0 | M85: =L85*ROUND(I85,2) -> 0
A86: VAH | B86: 4W | C86: interieur | D86: Verkeersruimte algemeen harde vloer | E86: 76.86 | F86: =E86*VLOOKUP(B86,dagsoorttabel1,2,FALSE) -> 61.488 | G86: =IF(AND(catpn_1_VAHB_1>0,catpn_1_VAHV_51>0),(dagenperjaar1*VLOOKUP(B86,dagsoorttabel1,2,FALSE))/(((dagenperjaar1*VLOOKUP(B86,dagsoorttabel1,2,FALSE))-catfd_1_VAHV_51)/catpn_1_VAHB_1+catfd_1_VAHV_51/catpn_1_VAHV_51),0) -> 0 | H86: m²/uur | I86: =IF(AND(catpn_1_VAHB_1>0,catpn_1_VAHV_51>0),(cattf_1_VAHB_1*((dagenperjaar1*VLOOKUP(B86,dagsoorttabel1,2,FALSE))-catfd_1_VAHV_51)/catpn_1_VAHB_1+cattf_1_VAHV_51*catfd_1_VAHV_51/catpn_1_VAHV_51)/(((dagenperjaar1*VLOOKUP(B86,dagsoorttabel1,2,FALSE))-catfd_1_VAHV_51)/catpn_1_VAHB_1+catfd_1_VAHV_51/catpn_1_VAHV_51),0) -> 0 | J86: =IF(OR(ISBLANK(G86),G86=0),0,F86/ROUND(G86,4)) -> 0 | K86: =ROUND(I86,2)*J86 -> 0 | L86: =J86*dagenperjaar1 -> 0 | M86: =L86*ROUND(I86,2) -> 0
A87: VAH | B87: 5W | C87: interieur | D87: Verkeersruimte algemeen harde vloer | E87: 595.5 | F87: =E87*VLOOKUP(B87,dagsoorttabel1,2,FALSE) -> 595.5 | G87: =IF(AND(catpn_1_VAHB_1>0,catpn_1_VAHV_51>0),(dagenperjaar1*VLOOKUP(B87,dagsoorttabel1,2,FALSE))/(((dagenperjaar1*VLOOKUP(B87,dagsoorttabel1,2,FALSE))-catfd_1_VAHV_51)/catpn_1_VAHB_1+catfd_1_VAHV_51/catpn_1_VAHV_51),0) -> 0 | H87: m²/uur | I87: =IF(AND(catpn_1_VAHB_1>0,catpn_1_VAHV_51>0),(cattf_1_VAHB_1*((dagenperjaar1*VLOOKUP(B87,dagsoorttabel1,2,FALSE))-catfd_1_VAHV_51)/catpn_1_VAHB_1+cattf_1_VAHV_51*catfd_1_VAHV_51/catpn_1_VAHV_51)/(((dagenperjaar1*VLOOKUP(B87,dagsoorttabel1,2,FALSE))-catfd_1_VAHV_51)/catpn_1_VAHB_1+catfd_1_VAHV_51/catpn_1_VAHV_51),0) -> 0 | J87: =IF(OR(ISBLANK(G87),G87=0),0,F87/ROUND(G87,4)) -> 0 | K87: =ROUND(I87,2)*J87 -> 0 | L87: =J87*dagenperjaar1 -> 0 | M87: =L87*ROUND(I87,2) -> 0
A88: VAZ | B88: 1W | C88: interieur | D88: Verkeersruimte algemeen zachte vloer | E88: 10.2 | F88: =E88*VLOOKUP(B88,dagsoorttabel1,2,FALSE) -> 2.04 | G88: =IF(AND(catpn_1_VAZB_1>0,catpn_1_VAZV_51>0),(dagenperjaar1*VLOOKUP(B88,dagsoorttabel1,2,FALSE))/(((dagenperjaar1*VLOOKUP(B88,dagsoorttabel1,2,FALSE))-catfd_1_VAZV_51)/catpn_1_VAZB_1+catfd_1_VAZV_51/catpn_1_VAZV_51),0) -> 0 | H88: m²/uur | I88: =IF(AND(catpn_1_VAZB_1>0,catpn_1_VAZV_51>0),(cattf_1_VAZB_1*((dagenperjaar1*VLOOKUP(B88,dagsoorttabel1,2,FALSE))-catfd_1_VAZV_51)/catpn_1_VAZB_1+cattf_1_VAZV_51*catfd_1_VAZV_51/catpn_1_VAZV_51)/(((dagenperjaar1*VLOOKUP(B88,dagsoorttabel1,2,FALSE))-catfd_1_VAZV_51)/catpn_1_VAZB_1+catfd_1_VAZV_51/catpn_1_VAZV_51),0) -> 0 | J88: =IF(OR(ISBLANK(G88),G88=0),0,F88/ROUND(G88,4)) -> 0 | K88: =ROUND(I88,2)*J88 -> 0 | L88: =J88*dagenperjaar1 -> 0 | M88: =L88*ROUND(I88,2) -> 0
A89: VAZ | B89: 2W | C89: interieur | D89: Verkeersruimte algemeen zachte vloer | E89: 14 | F89: =E89*VLOOKUP(B89,dagsoorttabel1,2,FALSE) -> 5.6 | G89: =IF(AND(catpn_1_VAZB_1>0,catpn_1_VAZV_51>0),(dagenperjaar1*VLOOKUP(B89,dagsoorttabel1,2,FALSE))/(((dagenperjaar1*VLOOKUP(B89,dagsoorttabel1,2,FALSE))-catfd_1_VAZV_51)/catpn_1_VAZB_1+catfd_1_VAZV_51/catpn_1_VAZV_51),0) -> 0 | H89: m²/uur | I89: =IF(AND(catpn_1_VAZB_1>0,catpn_1_VAZV_51>0),(cattf_1_VAZB_1*((dagenperjaar1*VLOOKUP(B89,dagsoorttabel1,2,FALSE))-catfd_1_VAZV_51)/catpn_1_VAZB_1+cattf_1_VAZV_51*catfd_1_VAZV_51/catpn_1_VAZV_51)/(((dagenperjaar1*VLOOKUP(B89,dagsoorttabel1,2,FALSE))-catfd_1_VAZV_51)/catpn_1_VAZB_1+catfd_1_VAZV_51/catpn_1_VAZV_51),0) -> 0 | J89: =IF(OR(ISBLANK(G89),G89=0),0,F89/ROUND(G89,4)) -> 0 | K89: =ROUND(I89,2)*J89 -> 0 | L89: =J89*dagenperjaar1 -> 0 | M89: =L89*ROUND(I89,2) -> 0
A90: VAZ | B90: 3W | C90: interieur | D90: Verkeersruimte algemeen zachte vloer | E90: 51.1 | F90: =E90*VLOOKUP(B90,dagsoorttabel1,2,FALSE) -> 30.66 | G90: =IF(AND(catpn_1_VAZB_1>0,catpn_1_VAZV_51>0),(dagenperjaar1*VLOOKUP(B90,dagsoorttabel1,2,FALSE))/(((dagenperjaar1*VLOOKUP(B90,dagsoorttabel1,2,FALSE))-catfd_1_VAZV_51)/catpn_1_VAZB_1+catfd_1_VAZV_51/catpn_1_VAZV_51),0) -> 0 | H90: m²/uur | I90: =IF(AND(catpn_1_VAZB_1>0,catpn_1_VAZV_51>0),(cattf_1_VAZB_1*((dagenperjaar1*VLOOKUP(B90,dagsoorttabel1,2,FALSE))-catfd_1_VAZV_51)/catpn_1_VAZB_1+cattf_1_VAZV_51*catfd_1_VAZV_51/catpn_1_VAZV_51)/(((dagenperjaar1*VLOOKUP(B90,dagsoorttabel1,2,FALSE))-catfd_1_VAZV_51)/catpn_1_VAZB_1+catfd_1_VAZV_51/catpn_1_VAZV_51),0) -> 0 | J90: =IF(OR(ISBLANK(G90),G90=0),0,F90/ROUND(G90,4)) -> 0 | K90: =ROUND(I90,2)*J90 -> 0 | L90: =J90*dagenperjaar1 -> 0 | M90: =L90*ROUND(I90,2) -> 0
A91: VAZ | B91: 4W | C91: interieur | D91: Verkeersruimte algemeen zachte vloer | E91: 335.38 | F91: =E91*VLOOKUP(B91,dagsoorttabel1,2,FALSE) -> 268.304 | G91: =IF(AND(catpn_1_VAZB_1>0,catpn_1_VAZV_51>0),(dagenperjaar1*VLOOKUP(B91,dagsoorttabel1,2,FALSE))/(((dagenperjaar1*VLOOKUP(B91,dagsoorttabel1,2,FALSE))-catfd_1_VAZV_51)/catpn_1_VAZB_1+catfd_1_VAZV_51/catpn_1_VAZV_51),0) -> 0 | H91: m²/uur | I91: =IF(AND(catpn_1_VAZB_1>0,catpn_1_VAZV_51>0),(cattf_1_VAZB_1*((dagenperjaar1*VLOOKUP(B91,dagsoorttabel1,2,FALSE))-catfd_1_VAZV_51)/catpn_1_VAZB_1+cattf_1_VAZV_51*catfd_1_VAZV_51/catpn_1_VAZV_51)/(((dagenperjaar1*VLOOKUP(B91,dagsoorttabel1,2,FALSE))-catfd_1_VAZV_51)/catpn_1_VAZB_1+catfd_1_VAZV_51/catpn_1_VAZV_51),0) -> 0 | J91: =IF(OR(ISBLANK(G91),G91=0),0,F91/ROUND(G91,4)) -> 0 | K91: =ROUND(I91,2)*J91 -> 0 | L91: =J91*dagenperjaar1 -> 0 | M91: =L91*ROUND(I91,2) -> 0
A92: VAZ | B92: 5W | C92: interieur | D92: Verkeersruimte algemeen zachte vloer | E92: 285.8 | F92: =E92*VLOOKUP(B92,dagsoorttabel1,2,FALSE) -> 285.8 | G92: =IF(AND(catpn_1_VAZB_1>0,catpn_1_VAZV_51>0),(dagenperjaar1*VLOOKUP(B92,dagsoorttabel1,2,FALSE))/(((dagenperjaar1*VLOOKUP(B92,dagsoorttabel1,2,FALSE))-catfd_1_VAZV_51)/catpn_1_VAZB_1+catfd_1_VAZV_51/catpn_1_VAZV_51),0) -> 0 | H92: m²/uur | I92: =IF(AND(catpn_1_VAZB_1>0,catpn_1_VAZV_51>0),(cattf_1_VAZB_1*((dagenperjaar1*VLOOKUP(B92,dagsoorttabel1,2,FALSE))-catfd_1_VAZV_51)/catpn_1_VAZB_1+cattf_1_VAZV_51*catfd_1_VAZV_51/catpn_1_VAZV_51)/(((dagenperjaar1*VLOOKUP(B92,dagsoorttabel1,2,FALSE))-catfd_1_VAZV_51)/catpn_1_VAZB_1+catfd_1_VAZV_51/catpn_1_VAZV_51),0) -> 0 | J92: =IF(OR(ISBLANK(G92),G92=0),0,F92/ROUND(G92,4)) -> 0 | K92: =ROUND(I92,2)*J92 -> 0 | L92: =J92*dagenperjaar1 -> 0 | M92: =L92*ROUND(I92,2) -> 0
A93: VBH | B93: 10J | C93: interieur | D93: Buitenterrein/ parkeerplaats | E93: 5 | F93: =E93*VLOOKUP(B93,dagsoorttabel1,2,FALSE) -> 0.19607843 | G93: =catpn_1_VBHV_10 -> 0 | H93: m²/uur | I93: =cattf_1_VBHV_10 -> 0 | J93: =IF(OR(ISBLANK(G93),G93=0),0,F93/ROUND(G93,4)) -> 0 | K93: =ROUND(I93,2)*J93 -> 0 | L93: =J93*dagenperjaar1 -> 0 | M93: =L93*ROUND(I93,2) -> 0
A94: VEH | B94: 1W | C94: interieur | D94: Entree harde vloer | E94: 36.4 | F94: =E94*VLOOKUP(B94,dagsoorttabel1,2,FALSE) -> 7.28 | G94: =IF(AND(catpn_1_VEZB_1>0,catpn_1_VEHV_51>0),(dagenperjaar1*VLOOKUP(B94,dagsoorttabel1,2,FALSE))/(((dagenperjaar1*VLOOKUP(B94,dagsoorttabel1,2,FALSE))-catfd_1_VEHV_51)/catpn_1_VEZB_1+catfd_1_VEHV_51/catpn_1_VEHV_51),0) -> 0 | H94: m²/uur | I94: =IF(AND(catpn_1_VEZB_1>0,catpn_1_VEHV_51>0),(cattf_1_VEZB_1*((dagenperjaar1*VLOOKUP(B94,dagsoorttabel1,2,FALSE))-catfd_1_VEHV_51)/catpn_1_VEZB_1+cattf_1_VEHV_51*catfd_1_VEHV_51/catpn_1_VEHV_51)/(((dagenperjaar1*VLOOKUP(B94,dagsoorttabel1,2,FALSE))-catfd_1_VEHV_51)/catpn_1_VEZB_1+catfd_1_VEHV_51/catpn_1_VEHV_51),0) -> 0 | J94: =IF(OR(ISBLANK(G94),G94=0),0,F94/ROUND(G94,4)) -> 0 | K94: =ROUND(I94,2)*J94 -> 0 | L94: =J94*dagenperjaar1 -> 0 | M94: =L94*ROUND(I94,2) -> 0
A95: VEH | B95: 26J | C95: interieur | D95: Entree harde vloer | E95: 26 | F95: =E95*VLOOKUP(B95,dagsoorttabel1,2,FALSE) -> 2.6509804 | G95: =catpn_1_SKHV_51 -> 0 | H95: m²/uur | I95: =cattf_1_SKHV_51 -> 0 | J95: =IF(OR(ISBLANK(G95),G95=0),0,F95/ROUND(G95,4)) -> 0 | K95: =ROUND(I95,2)*J95 -> 0 | L95: =J95*dagenperjaar1 -> 0 | M95: =L95*ROUND(I95,2) -> 0
A96: VEH | B96: 2W | C96: interieur | D96: Entree harde vloer | E96: 48 | F96: =E96*VLOOKUP(B96,dagsoorttabel1,2,FALSE) -> 19.2 | G96: =IF(AND(catpn_1_VEHB_1>0,catpn_1_VEHV_51>0),(dagenperjaar1*VLOOKUP(B96,dagsoorttabel1,2,FALSE))/(((dagenperjaar1*VLOOKUP(B96,dagsoorttabel1,2,FALSE))-catfd_1_VEHV_51)/catpn_1_VEHB_1+catfd_1_VEHV_51/catpn_1_VEHV_51),0) -> 0 | H96: m²/uur | I96: =IF(AND(catpn_1_VEHB_1>0,catpn_1_VEHV_51>0),(cattf_1_VEHB_1*((dagenperjaar1*VLOOKUP(B96,dagsoorttabel1,2,FALSE))-catfd_1_VEHV_51)/catpn_1_VEHB_1+cattf_1_VEHV_51*catfd_1_VEHV_51/catpn_1_VEHV_51)/(((dagenperjaar1*VLOOKUP(B96,dagsoorttabel1,2,FALSE))-catfd_1_VEHV_51)/catpn_1_VEHB_1+catfd_1_VEHV_51/catpn_1_VEHV_51),0) -> 0 | J96: =IF(OR(ISBLANK(G96),G96=0),0,F96/ROUND(G96,4)) -> 0 | K96: =ROUND(I96,2)*J96 -> 0 | L96: =J96*dagenperjaar1 -> 0 | M96: =L96*ROUND(I96,2) -> 0
A97: VEH | B97: 3W | C97: interieur | D97: Entree harde vloer | E97: 32.4 | F97: =E97*VLOOKUP(B97,dagsoorttabel1,2,FALSE) -> 19.44 | G97: =IF(AND(catpn_1_VEHB_1>0,catpn_1_VEHV_51>0),(dagenperjaar1*VLOOKUP(B97,dagsoorttabel1,2,FALSE))/(((dagenperjaar1*VLOOKUP(B97,dagsoorttabel1,2,FALSE))-catfd_1_VEHV_51)/catpn_1_VEHB_1+catfd_1_VEHV_51/catpn_1_VEHV_51),0) -> 0 | H97: m²/uur | I97: =IF(AND(catpn_1_VEHB_1>0,catpn_1_VEHV_51>0),(cattf_1_VEHB_1*((dagenperjaar1*VLOOKUP(B97,dagsoorttabel1,2,FALSE))-catfd_1_VEHV_51)/catpn_1_VEHB_1+cattf_1_VEHV_51*catfd_1_VEHV_51/catpn_1_VEHV_51)/(((dagenperjaar1*VLOOKUP(B97,dagsoorttabel1,2,FALSE))-catfd_1_VEHV_51)/catpn_1_VEHB_1+catfd_1_VEHV_51/catpn_1_VEHV_51),0) -> 0 | J97: =IF(OR(ISBLANK(G97),G97=0),0,F97/ROUND(G97,4)) -> 0 | K97: =ROUND(I97,2)*J97 -> 0 | L97: =J97*dagenperjaar1 -> 0 | M97: =L97*ROUND(I97,2) -> 0
A98: VEH | B98: 5W | C98: interieur | D98: Entree harde vloer | E98: 36.9 | F98: =E98*VLOOKUP(B98,dagsoorttabel1,2,FALSE) -> 36.9 | G98: =IF(AND(catpn_1_VEHB_1>0,catpn_1_VEHV_51>0),(dagenperjaar1*VLOOKUP(B98,dagsoorttabel1,2,FALSE))/(((dagenperjaar1*VLOOKUP(B98,dagsoorttabel1,2,FALSE))-catfd_1_VEHV_51)/catpn_1_VEHB_1+catfd_1_VEHV_51/catpn_1_VEHV_51),0) -> 0 | H98: m²/uur | I98: =IF(AND(catpn_1_VEHB_1>0,catpn_1_VEHV_51>0),(cattf_1_VEHB_1*((dagenperjaar1*VLOOKUP(B98,dagsoorttabel1,2,FALSE))-catfd_1_VEHV_51)/catpn_1_VEHB_1+cattf_1_VEHV_51*catfd_1_VEHV_51/catpn_1_VEHV_51)/(((dagenperjaar1*VLOOKUP(B98,dagsoorttabel1,2,FALSE))-catfd_1_VEHV_51)/catpn_1_VEHB_1+catfd_1_VEHV_51/catpn_1_VEHV_51),0) -> 0 | J98: =IF(OR(ISBLANK(G98),G98=0),0,F98/ROUND(G98,4)) -> 0 | K98: =ROUND(I98,2)*J98 -> 0 | L98: =J98*dagenperjaar1 -> 0 | M98: =L98*ROUND(I98,2) -> 0
A99: VEZ | B99: 1W | C99: interieur | D99: Entree zachte vloer | E99: 2 | F99: =E99*VLOOKUP(B99,dagsoorttabel1,2,FALSE) -> 0.4 | G99: =IF(AND(catpn_1_VEZB_1>0,catpn_1_VEZV_51>0),(dagenperjaar1*VLOOKUP(B99,dagsoorttabel1,2,FALSE))/(((dagenperjaar1*VLOOKUP(B99,dagsoorttabel1,2,FALSE))-catfd_1_VEZV_51)/catpn_1_VEZB_1+catfd_1_VEZV_51/catpn_1_VEZV_51),0) -> 0 | H99: m²/uur | I99: =IF(AND(catpn_1_VEZB_1>0,catpn_1_VEZV_51>0),(cattf_1_VEZB_1*((dagenperjaar1*VLOOKUP(B99,dagsoorttabel1,2,FALSE))-catfd_1_VEZV_51)/catpn_1_VEZB_1+cattf_1_VEZV_51*catfd_1_VEZV_51/catpn_1_VEZV_51)/(((dagenperjaar1*VLOOKUP(B99,dagsoorttabel1,2,FALSE))-catfd_1_VEZV_51)/catpn_1_VEZB_1+catfd_1_VEZV_51/catpn_1_VEZV_51),0) -> 0 | J99: =IF(OR(ISBLANK(G99),G99=0),0,F99/ROUND(G99,4)) -> 0 | K99: =ROUND(I99,2)*J99 -> 0 | L99: =J99*dagenperjaar1 -> 0 | M99: =L99*ROUND(I99,2) -> 0
A100: VEZ | B100: 2W | C100: interieur | D100: Entree zachte vloer | E100: 7.5 | F100: =E100*VLOOKUP(B100,dagsoorttabel1,2,FALSE) -> 3 | G100: =IF(AND(catpn_1_VEZB_1>0,catpn_1_VEZV_51>0),(dagenperjaar1*VLOOKUP(B100,dagsoorttabel1,2,FALSE))/(((dagenperjaar1*VLOOKUP(B100,dagsoorttabel1,2,FALSE))-catfd_1_VEZV_51)/catpn_1_VEZB_1+catfd_1_VEZV_51/catpn_1_VEZV_51),0) -> 0 | H100: m²/uur | I100: =IF(AND(catpn_1_VEZB_1>0,catpn_1_VEZV_51>0),(cattf_1_VEZB_1*((dagenperjaar1*VLOOKUP(B100,dagsoorttabel1,2,FALSE))-catfd_1_VEZV_51)/catpn_1_VEZB_1+cattf_1_VEZV_51*catfd_1_VEZV_51/catpn_1_VEZV_51)/(((dagenperjaar1*VLOOKUP(B100,dagsoorttabel1,2,FALSE))-catfd_1_VEZV_51)/catpn_1_VEZB_1+catfd_1_VEZV_51/catpn_1_VEZV_51),0) -> 0 | J100: =IF(OR(ISBLANK(G100),G100=0),0,F100/ROUND(G100,4)) -> 0 | K100: =ROUND(I100,2)*J100 -> 0 | L100: =J100*dagenperjaar1 -> 0 | M100: =L100*ROUND(I100,2) -> 0
A101: VEZ | B101: 3W | C101: interieur | D101: Entree zachte vloer | E101: 21.33 | F101: =E101*VLOOKUP(B101,dagsoorttabel1,2,FALSE) -> 12.798 | G101: =IF(AND(catpn_1_VEZB_1>0,catpn_1_VEZV_51>0),(dagenperjaar1*VLOOKUP(B101,dagsoorttabel1,2,FALSE))/(((dagenperjaar1*VLOOKUP(B101,dagsoorttabel1,2,FALSE))-catfd_1_VEZV_51)/catpn_1_VEZB_1+catfd_1_VEZV_51/catpn_1_VEZV_51),0) -> 0 | H101: m²/uur | I101: =IF(AND(catpn_1_VEZB_1>0,catpn_1_VEZV_51>0),(cattf_1_VEZB_1*((dagenperjaar1*VLOOKUP(B101,dagsoorttabel1,2,FALSE))-catfd_1_VEZV_51)/catpn_1_VEZB_1+cattf_1_VEZV_51*catfd_1_VEZV_51/catpn_1_VEZV_51)/(((dagenperjaar1*VLOOKUP(B101,dagsoorttabel1,2,FALSE))-catfd_1_VEZV_51)/catpn_1_VEZB_1+catfd_1_VEZV_51/catpn_1_VEZV_51),0) -> 0 | J101: =IF(OR(ISBLANK(G101),G101=0),0,F101/ROUND(G101,4)) -> 0 | K101: =ROUND(I101,2)*J101 -> 0 | L101: =J101*dagenperjaar1 -> 0 | M101: =L101*ROUND(I101,2) -> 0
A102: VEZ | B102: 4W | C102: interieur | D102: Entree zachte vloer | E102: 13.73 | F102: =E102*VLOOKUP(B102,dagsoorttabel1,2,FALSE) -> 10.984 | G102: =IF(AND(catpn_1_VEZB_1>0,catpn_1_VEZV_51>0),(dagenperjaar1*VLOOKUP(B102,dagsoorttabel1,2,FALSE))/(((dagenperjaar1*VLOOKUP(B102,dagsoorttabel1,2,FALSE))-catfd_1_VEZV_51)/catpn_1_VEZB_1+catfd_1_VEZV_51/catpn_1_VEZV_51),0) -> 0 | H102: m²/uur | I102: =IF(AND(catpn_1_VEZB_1>0,catpn_1_VEZV_51>0),(cattf_1_VEZB_1*((dagenperjaar1*VLOOKUP(B102,dagsoorttabel1,2,FALSE))-catfd_1_VEZV_51)/catpn_1_VEZB_1+cattf_1_VEZV_51*catfd_1_VEZV_51/catpn_1_VEZV_51)/(((dagenperjaar1*VLOOKUP(B102,dagsoorttabel1,2,FALSE))-catfd_1_VEZV_51)/catpn_1_VEZB_1+catfd_1_VEZV_51/catpn_1_VEZV_51),0) -> 0 | J102: =IF(OR(ISBLANK(G102),G102=0),0,F102/ROUND(G102,4)) -> 0 | K102: =ROUND(I102,2)*J102 -> 0 | L102: =J102*dagenperjaar1 -> 0 | M102: =L102*ROUND(I102,2) -> 0
...

Sheet Ruimten werkdag
A1: =CONCATENATE("Bijlage G.3: ",tabeltype," ruimten werkdag") -> Bijlage G.3: Invultabel ruimten werkdag
A3: OBJECT | B3: BOUW-DEEL | C3: ETAGE | D3: RUIMTENR | E3: HOTELNR | F3: RUIMTENAAM | G3: VLOER | H3: TAAK | I3: FREQ | J3: WERK-SOORT | K3: DAG-KRACHT | L3: OPP OF AANTAL | M3: OPP OF AANTAL /DAG | N3: PRODUCTIE-NORM | O3: EENHEID | P3: TARIEF (EURO) | Q3: UREN/ DAG | R3: PRIJS/ DAG | S3: UREN/ JAAR | T3: PRIJS/ JAAR
A4: 0001 - Hoofdkantoor Apeldoorn, Steenbokstraat 10, Apeldoorn
A5: 0001 | C5: 00 | D5: 0.01 | F5: Tourniquet | G5: tapijt | H5: BBH | I5: 12J | J5: interieur | L5: 6 | M5: =L5*VLOOKUP(I5,dagsoorttabel1,2,FALSE) -> 0.28235294 | N5: =prodnorm32 -> 0 | O5: m²/uur | P5: =uurtarief32 -> 0 | Q5: =IF(ISBLANK(N5),0,M5/ROUND(N5,4)) -> #DIV/0! | R5: =ROUND(P5,2)*Q5 -> #DIV/0! | S5: =Q5*dagenperjaar1 -> #DIV/0! | T5: =S5*ROUND(P5,2) -> #DIV/0!
A6: 0001 | C6: 00 | D6: 0.01 | F6: Tourniquet | G6: tapijt | H6: VEZ | I6: 5W | J6: interieur | L6: 6 | M6: =L6*VLOOKUP(I6,dagsoorttabel1,2,FALSE) -> 6 | N6: =prodnorm129 -> 0 | O6: m²/uur | P6: =uurtarief129 -> 0 | Q6: =IF(ISBLANK(N6),0,M6/ROUND(N6,4)) -> #DIV/0! | R6: =ROUND(P6,2)*Q6 -> #DIV/0! | S6: =Q6*dagenperjaar1 -> #DIV/0! | T6: =S6*ROUND(P6,2) -> #DIV/0!
A7: 0001 | C7: 00 | D7: 0.02 | F7: Centrale hal | G7: marmer | H7: VAH | I7: 5W | J7: interieur | L7: 124.6 | M7: =L7*VLOOKUP(I7,dagsoorttabel1,2,FALSE) -> 124.6 | N7: =prodnorm113 -> 0 | O7: m²/uur | P7: =uurtarief113 -> 0 | Q7: =IF(ISBLANK(N7),0,M7/ROUND(N7,4)) -> #DIV/0! | R7: =ROUND(P7,2)*Q7 -> #DIV/0! | S7: =Q7*dagenperjaar1 -> #DIV/0! | T7: =S7*ROUND(P7,2) -> #DIV/0!
A8: 0001 | C8: 00 | D8: 0.03 | F8: Receptie | G8: linoleum | H8: BRH | I8: 5W | J8: interieur | L8: 14.8 | M8: =L8*VLOOKUP(I8,dagsoorttabel1,2,FALSE) -> 14.8 | N8: =prodnorm44 -> 0 | O8: m²/uur | P8: =uurtarief44 -> 0 | Q8: =IF(ISBLANK(N8),0,M8/ROUND(N8,4)) -> #DIV/0! | R8: =ROUND(P8,2)*Q8 -> #DIV/0! | S8: =Q8*dagenperjaar1 -> #DIV/0! | T8: =S8*ROUND(P8,2) -> #DIV/0!
A9: 0001 | C9: 00 | D9: 0.04 | F9: Garderobe | G9: marmer | H9: VAH | I9: 5W | J9: interieur | L9: 5.9 | M9: =L9*VLOOKUP(I9,dagsoorttabel1,2,FALSE) -> 5.9 | N9: =prodnorm113 -> 0 | O9: m²/uur | P9: =uurtarief113 -> 0 | Q9: =IF(ISBLANK(N9),0,M9/ROUND(N9,4)) -> #DIV/0! | R9: =ROUND(P9,2)*Q9 -> #DIV/0! | S9: =Q9*dagenperjaar1 -> #DIV/0! | T9: =S9*ROUND(P9,2) -> #DIV/0!
A10: 0001 | C10: 00 | D10: 0.05 | F10: Gang | G10: marmer | H10: VAH | I10: 5W | J10: interieur | L10: 58.7 | M10: =L10*VLOOKUP(I10,dagsoorttabel1,2,FALSE) -> 58.7 | N10: =prodnorm113 -> 0 | O10: m²/uur | P10: =uurtarief113 -> 0 | Q10: =IF(ISBLANK(N10),0,M10/ROUND(N10,4)) -> #DIV/0! | R10: =ROUND(P10,2)*Q10 -> #DIV/0! | S10: =Q10*dagenperjaar1 -> #DIV/0! | T10: =S10*ROUND(P10,2) -> #DIV/0!
A11: 0001 | C11: 00 | D11: 0.06 | F11: Vergaderruimte | G11: tapijt | H11: BVZ | I11: 5W | J11: interieur | L11: 52.8 | M11: =L11*VLOOKUP(I11,dagsoorttabel1,2,FALSE) -> 52.8 | N11: =prodnorm51 -> 0 | O11: m²/uur | P11: =uurtarief51 -> 0 | Q11: =IF(ISBLANK(N11),0,M11/ROUND(N11,4)) -> #DIV/0! | R11: =ROUND(P11,2)*Q11 -> #DIV/0! | S11: =Q11*dagenperjaar1 -> #DIV/0! | T11: =S11*ROUND(P11,2) -> #DIV/0!
A12: 0001 | C12: 00 | D12: 0.07 | F12: Gang | G12: marmer | H12: VAH | I12: 5W | J12: interieur | L12: 23.7 | M12: =L12*VLOOKUP(I12,dagsoorttabel1,2,FALSE) -> 23.7 | N12: =prodnorm113 -> 0 | O12: m²/uur | P12: =uurtarief113 -> 0 | Q12: =IF(ISBLANK(N12),0,M12/ROUND(N12,4)) -> #DIV/0! | R12: =ROUND(P12,2)*Q12 -> #DIV/0! | S12: =Q12*dagenperjaar1 -> #DIV/0! | T12: =S12*ROUND(P12,2) -> #DIV/0!
A13: 0001 | C13: 00 | D13: 0.08 | F13: Portaal | G13: betontegel | H13: VAH | I13: 5W | J13: interieur | L13: 3.3 | M13: =L13*VLOOKUP(I13,dagsoorttabel1,2,FALSE) -> 3.3 | N13: =prodnorm113 -> 0 | O13: m²/uur | P13: =uurtarief113 -> 0 | Q13: =IF(ISBLANK(N13),0,M13/ROUND(N13,4)) -> #DIV/0! | R13: =ROUND(P13,2)*Q13 -> #DIV/0! | S13: =Q13*dagenperjaar1 -> #DIV/0! | T13: =S13*ROUND(P13,2) -> #DIV/0!
A14: 0001 | C14: 00 | D14: 0.09 | F14: Noodentree | G14: tapijt | H14: VAZ | I14: 5W | J14: interieur | L14: 4.4 | M14: =L14*VLOOKUP(I14,dagsoorttabel1,2,FALSE) -> 4.4 | N14: =prodnorm118 -> 0 | O14: m²/uur | P14: =uurtarief118 -> 0 | Q14: =IF(ISBLANK(N14),0,M14/ROUND(N14,4)) -> #DIV/0! | R14: =ROUND(P14,2)*Q14 -> #DIV/0! | S14: =Q14*dagenperjaar1 -> #DIV/0! | T14: =S14*ROUND(P14,2) -> #DIV/0!
A15: 0001 | C15: 00 | D15: 0.10 | F15: Traphal | G15: gietvloer | H15: VAH | I15: 5W | J15: interieur | L15: 12.7 | M15: =L15*VLOOKUP(I15,dagsoorttabel1,2,FALSE) -> 12.7 | N15: =prodnorm113 -> 0 | O15: m²/uur | P15: =uurtarief113 -> 0 | Q15: =IF(ISBLANK(N15),0,M15/ROUND(N15,4)) -> #DIV/0! | R15: =ROUND(P15,2)*Q15 -> #DIV/0! | S15: =Q15*dagenperjaar1 -> #DIV/0! | T15: =S15*ROUND(P15,2) -> #DIV/0!
A16: 0001 | C16: 00 | D16: 0.11 | F16: Trap BG-1 | G16: tapijt | H16: VTZ | I16: 5W | J16: interieur | L16: 8.2 | M16: =L16*VLOOKUP(I16,dagsoorttabel1,2,FALSE) -> 8.2 | N16: =prodnorm150 -> 0 | O16: m²/uur | P16: =uurtarief150 -> 0 | Q16: =IF(ISBLANK(N16),0,M16/ROUND(N16,4)) -> #DIV/0! | R16: =ROUND(P16,2)*Q16 -> #DIV/0! | S16: =Q16*dagenperjaar1 -> #DIV/0! | T16: =S16*ROUND(P16,2) -> #DIV/0!
A17: 0001 | C17: 00 | D17: 0.12 | F17: Vergaderruimte | G17: tapijt | H17: BVZ | I17: 5W | J17: interieur | L17: 29 | M17: =L17*VLOOKUP(I17,dagsoorttabel1,2,FALSE) -> 29 | N17: =prodnorm51 -> 0 | O17: m²/uur | P17: =uurtarief51 -> 0 | Q17: =IF(ISBLANK(N17),0,M17/ROUND(N17,4)) -> #DIV/0! | R17: =ROUND(P17,2)*Q17 -> #DIV/0! | S17: =Q17*dagenperjaar1 -> #DIV/0! | T17: =S17*ROUND(P17,2) -> #DIV/0!
A18: 0001 | C18: 00 | D18: 0.13 | F18: Vergaderruimte | G18: tapijt | H18: BVZ | I18: 5W | J18: interieur | L18: 41.5 | M18: =L18*VLOOKUP(I18,dagsoorttabel1,2,FALSE) -> 41.5 | N18: =prodnorm51 -> 0 | O18: m²/uur | P18: =uurtarief51 -> 0 | Q18: =IF(ISBLANK(N18),0,M18/ROUND(N18,4)) -> #DIV/0! | R18: =ROUND(P18,2)*Q18 -> #DIV/0! | S18: =Q18*dagenperjaar1 -> #DIV/0! | T18: =S18*ROUND(P18,2) -> #DIV/0!
A19: 0001 | C19: 00 | D19: 0.14 | F19: Vergaderzaal | G19: tapijt | H19: BVZ | I19: 5W | J19: interieur | L19: 136 | M19: =L19*VLOOKUP(I19,dagsoorttabel1,2,FALSE) -> 136 | N19: =prodnorm51 -> 0 | O19: m²/uur | P19: =uurtarief51 -> 0 | Q19: =IF(ISBLANK(N19),0,M19/ROUND(N19,4)) -> #DIV/0! | R19: =ROUND(P19,2)*Q19 -> #DIV/0! | S19: =Q19*dagenperjaar1 -> #DIV/0! | T19: =S19*ROUND(P19,2) -> #DIV/0!
A20: 0001 | C20: 00 | D20: 0.15 | F20: Gang | G20: marmer | H20: VAH | I20: 5W | J20: interieur | L20: 23.9 | M20: =L20*VLOOKUP(I20,dagsoorttabel1,2,FALSE) -> 23.9 | N20: =prodnorm113 -> 0 | O20: m²/uur | P20: =uurtarief113 -> 0 | Q20: =IF(ISBLANK(N20),0,M20/ROUND(N20,4)) -> #DIV/0! | R20: =ROUND(P20,2)*Q20 -> #DIV/0! | S20: =Q20*dagenperjaar1 -> #DIV/0! | T20: =S20*ROUND(P20,2) -> #DIV/0!
A21: 0001 | C21: 00 | D21: 0.15a | F21: Pantry | G21: linoleum | H21: RPH | I21: 5W | J21: interieur | L21: 2 | M21: =L21*VLOOKUP(I21,dagsoorttabel1,2,FALSE) -> 2 | N21: =prodnorm73 -> 0 | O21: m²/uur | P21: =uurtarief73 -> 0 | Q21: =IF(ISBLANK(N21),0,M21/ROUND(N21,4)) -> #DIV/0! | R21: =ROUND(P21,2)*Q21 -> #DIV/0! | S21: =Q21*dagenperjaar1 -> #DIV/0! | T21: =S21*ROUND(P21,2) -> #DIV/0!
A22: 0001 | C22: 00 | D22: 0.16 | F22: Traphal | G22: marmer | H22: VAH | I22: 5W | J22: interieur | L22: 21 | M22: =L22*VLOOKUP(I22,dagsoorttabel1,2,FALSE) -> 21 | N22: =prodnorm113 -> 0 | O22: m²/uur | P22: =uurtarief113 -> 0 | Q22: =IF(ISBLANK(N22),0,M22/ROUND(N22,4)) -> #DIV/0! | R22: =ROUND(P22,2)*Q22 -> #DIV/0! | S22: =Q22*dagenperjaar1 -> #DIV/0! | T22: =S22*ROUND(P22,2) -> #DIV/0!
A23: 0001 | C23: 00 | D23: 0.17 | F23: Trap BG-1 | G23: hout | H23: VTH | I23: 5W | J23: interieur | L23: 12.3 | M23: =L23*VLOOKUP(I23,dagsoorttabel1,2,FALSE) -> 12.3 | N23: =prodnorm146 -> 0 | O23: m²/uur | P23: =uurtarief146 -> 0 | Q23: =IF(ISBLANK(N23),0,M23/ROUND(N23,4)) -> #DIV/0! | R23: =ROUND(P23,2)*Q23 -> #DIV/0! | S23: =Q23*dagenperjaar1 -> #DIV/0! | T23: =S23*ROUND(P23,2) -> #DIV/0!
A24: 0001 | C24: 00 | D24: 0.18 | F24: Toiletgroep heren | G24: gietvloer | H24: STH | I24: 5W | J24: interieur | L24: 7.6 | M24: =L24*VLOOKUP(I24,dagsoorttabel1,2,FALSE) -> 7.6 | N24: =prodnorm101 -> 0 | O24: m²/uur | P24: =uurtarief101 -> 0 | Q24: =IF(ISBLANK(N24),0,M24/ROUND(N24,4)) -> #DIV/0! | R24: =ROUND(P24,2)*Q24 -> #DIV/0! | S24: =Q24*dagenperjaar1 -> #DIV/0! | T24: =S24*ROUND(P24,2) -> #DIV/0!
A25: 0001 | C25: 00 | D25: 0.18 | F25: Toiletgroep heren | G25: gietvloer | H25: STHN | I25: 5W | J25: interieur | L25: 7.6 | M25: =L25*VLOOKUP(I25,dagsoorttabel1,2,FALSE) -> 7.6 | N25: =prodnorm103 -> 0 | O25: m²/uur | P25: =uurtarief103 -> 0 | Q25: =IF(ISBLANK(N25),0,M25/ROUND(N25,4)) -> #DIV/0! | R25: =ROUND(P25,2)*Q25 -> #DIV/0! | S25: =Q25*dagenperjaar1 -> #DIV/0! | T25: =S25*ROUND(P25,2) -> #DIV/0!
A26: 0001 | C26: 00 | D26: 0.19 | F26: Lift | G26: hout | H26: VLH | I26: 5W | J26: interieur | L26: 1.5 | M26: =L26*VLOOKUP(I26,dagsoorttabel1,2,FALSE) -> 1.5 | N26: =prodnorm131 -> 0 | O26: m²/uur | P26: =uurtarief131 -> 0 | Q26: =IF(ISBLANK(N26),0,M26/ROUND(N26,4)) -> #DIV/0! | R26: =ROUND(P26,2)*Q26 -> #DIV/0! | S26: =Q26*dagenperjaar1 -> #DIV/0! | T26: =S26*ROUND(P26,2) -> #DIV/0!
A27: 0001 | C27: 00 | D27: 0.20 | F27: Toiletgroep dames | G27: gietvloer | H27: STH | I27: 5W | J27: interieur | L27: 7.6 | M27: =L27*VLOOKUP(I27,dagsoorttabel1,2,FALSE) -> 7.6 | N27: =prodnorm101 -> 0 | O27: m²/uur | P27: =uurtarief101 -> 0 | Q27: =IF(ISBLANK(N27),0,M27/ROUND(N27,4)) -> #DIV/0! | R27: =ROUND(P27,2)*Q27 -> #DIV/0! | S27: =Q27*dagenperjaar1 -> #DIV/0! | T27: =S27*ROUND(P27,2) -> #DIV/0!
A28: 0001 | C28: 00 | D28: 0.20 | F28: Toiletgroep dames | G28: gietvloer | H28: STHN | I28: 5W | J28: interieur | L28: 7.6 | M28: =L28*VLOOKUP(I28,dagsoorttabel1,2,FALSE) -> 7.6 | N28: =prodnorm103 -> 0 | O28: m²/uur | P28: =uurtarief103 -> 0 | Q28: =IF(ISBLANK(N28),0,M28/ROUND(N28,4)) -> #DIV/0! | R28: =ROUND(P28,2)*Q28 -> #DIV/0! | S28: =Q28*dagenperjaar1 -> #DIV/0! | T28: =S28*ROUND(P28,2) -> #DIV/0!
A29: 0001 | C29: 00 | D29: 0.21 | F29: Miva toilet | G29: gietvloer | H29: STH | I29: 5W | J29: interieur | L29: 3.8 | M29: =L29*VLOOKUP(I29,dagsoorttabel1,2,FALSE) -> 3.8 | N29: =prodnorm101 -> 0 | O29: m²/uur | P29: =uurtarief101 -> 0 | Q29: =IF(ISBLANK(N29),0,M29/ROUND(N29,4)) -> #DIV/0! | R29: =ROUND(P29,2)*Q29 -> #DIV/0! | S29: =Q29*dagenperjaar1 -> #DIV/0! | T29: =S29*ROUND(P29,2) -> #DIV/0!
A30: 0001 | C30: 00 | D30: 0.21 | F30: Miva toilet | G30: gietvloer | H30: STHN | I30: 5W | J30: interieur | L30: 3.8 | M30: =L30*VLOOKUP(I30,dagsoorttabel1,2,FALSE) -> 3.8 | N30: =prodnorm103 -> 0 | O30: m²/uur | P30: =uurtarief103 -> 0 | Q30: =IF(ISBLANK(N30),0,M30/ROUND(N30,4)) -> #DIV/0! | R30: =ROUND(P30,2)*Q30 -> #DIV/0! | S30: =Q30*dagenperjaar1 -> #DIV/0! | T30: =S30*ROUND(P30,2) -> #DIV/0!
A31: 0001 | C31: 00 | D31: 0.22 | F31: Spoelkeuken | G31: tegels | H31: Z401 | I31: 1J | J31: interieur | L31: 7.2 | M31: =L31*VLOOKUP(I31,dagsoorttabel1,2,FALSE) -> 0.028235294 | N31: =prodnorm152 -> 0 | O31: m²/uur | P31: =uurtarief152 -> 0 | Q31: =IF(ISBLANK(N31),0,M31/ROUND(N31,4)) -> #DIV/0! | R31: =ROUND(P31,2)*Q31 -> #DIV/0! | S31: =Q31*dagenperjaar1 -> #DIV/0! | T31: =S31*ROUND(P31,2) -> #DIV/0!
A32: 0001 | C32: 00 | D32: 0.23 | F32: Keuken | G32: tegels | H32: Z401 | I32: 1J | J32: interieur | L32: 18.9 | M32: =L32*VLOOKUP(I32,dagsoorttabel1,2,FALSE) -> 0.074117647 | N32: =prodnorm152 -> 0 | O32: m²/uur | P32: =uurtarief152 -> 0 | Q32: =IF(ISBLANK(N32),0,M32/ROUND(N32,4)) -> #DIV/0! | R32: =ROUND(P32,2)*Q32 -> #DIV/0! | S32: =Q32*dagenperjaar1 -> #DIV/0! | T32: =S32*ROUND(P32,2) -> #DIV/0!
A33: 0001 | C33: 00 | D33: 0.24 | F33: Restaurant - werkcafe | G33: marmer | H33: RRH | I33: 5W | J33: interieur | L33: 72.2 | M33: =L33*VLOOKUP(I33,dagsoorttabel1,2,FALSE) -> 72.2 | N33: =prodnorm80 -> 0 | O33: m²/uur | P33: =uurtarief80 -> 0 | Q33: =IF(ISBLANK(N33),0,M33/ROUND(N33,4)) -> #DIV/0! | R33: =ROUND(P33,2)*Q33 -> #DIV/0! | S33: =Q33*dagenperjaar1 -> #DIV/0! | T33: =S33*ROUND(P33,2) -> #DIV/0!
A34: 0001 | C34: 00 | D34: 0.24A | F34: Buitenterras Restaurant - werkcafe | G34: steen | H34: Z301 | I34: 1J | J34: interieur | L34: 60 | M34: =L34*VLOOKUP(I34,dagsoorttabel1,2,FALSE) -> 0.23529412 | N34: =prodnorm151 -> 0 | O34: m²/uur | P34: =uurtarief151 -> 0 | Q34: =IF(ISBLANK(N34),0,M34/ROUND(N34,4)) -> #DIV/0! | R34: =ROUND(P34,2)*Q34 -> #DIV/0! | S34: =Q34*dagenperjaar1 -> #DIV/0! | T34: =S34*ROUND(P34,2) -> #DIV/0!
A35: 0001 | C35: 00 | D35: 0.25 | F35: Werkcafe | G35: pvc | H35: RRZ | I35: 5W | J35: interieur | L35: 64.5 | M35: =L35*VLOOKUP(I35,dagsoorttabel1,2,FALSE) -> 64.5 | N35: =prodnorm82 -> 0 | O35: m²/uur | P35: =uurtarief82 -> 0 | Q35: =IF(ISBLANK(N35),0,M35/ROUND(N35,4)) -> #DIV/0! | R35: =ROUND(P35,2)*Q35 -> #DIV/0! | S35: =Q35*dagenperjaar1 -> #DIV/0! | T35: =S35*ROUND(P35,2) -> #DIV/0!
A36: 0001 | C36: 00 | D36: 0.26 | F36: Kantoortuin | G36: tapijt | H36: BKZ | I36: 5W | J36: interieur | L36: 70.1 | M36: =L36*VLOOKUP(I36,dagsoorttabel1,2,FALSE) -> 70.1 | N36: =prodnorm43 -> 0 | O36: m²/uur | P36: =uurtarief43 -> 0 | Q36: =IF(ISBLANK(N36),0,M36/ROUND(N36,4)) -> #DIV/0! | R36: =ROUND(P36,2)*Q36 -> #DIV/0! | S36: =Q36*dagenperjaar1 -> #DIV/0! | T36: =S36*ROUND(P36,2) -> #DIV/0!
A37: 0001 | C37: 00 | D37: 0.27 | F37: Kantoortuin | G37: tapijt | H37: BKZ | I37: 5W | J37: interieur | L37: 94.86 | M37: =L37*VLOOKUP(I37,dagsoorttabel1,2,FALSE) -> 94.86 | N37: =prodnorm43 -> 0 | O37: m²/uur | P37: =uurtarief43 -> 0 | Q37: =IF(ISBLANK(N37),0,M37/ROUND(N37,4)) -> #DIV/0! | R37: =ROUND(P37,2)*Q37 -> #DIV/0! | S37: =Q37*dagenperjaar1 -> #DIV/0! | T37: =S37*ROUND(P37,2) -> #DIV/0!
A38: 0001 | C38: 00 | D38: 0.27a | F38: Call cell | G38: tapijt | H38: BKZ | I38: 5W | J38: interieur | L38: 3.07 | M38: =L38*VLOOKUP(I38,dagsoorttabel1,2,FALSE) -> 3.07 | N38: =prodnorm43 -> 0 | O38: m²/uur | P38: =uurtarief43 -> 0 | Q38: =IF(ISBLANK(N38),0,M38/ROUND(N38,4)) -> #DIV/0! | R38: =ROUND(P38,2)*Q38 -> #DIV/0! | S38: =Q38*dagenperjaar1 -> #DIV/0! | T38: =S38*ROUND(P38,2) -> #DIV/0!
A39: 0001 | C39: 00 | D39: 0.27b | F39: Call cell | G39: tapijt | H39: BKZ | I39: 5W | J39: interieur | L39: 3.07 | M39: =L39*VLOOKUP(I39,dagsoorttabel1,2,FALSE) -> 3.07 | N39: =prodnorm43 -> 0 | O39: m²/uur | P39: =uurtarief43 -> 0 | Q39: =IF(ISBLANK(N39),0,M39/ROUND(N39,4)) -> #DIV/0! | R39: =ROUND(P39,2)*Q39 -> #DIV/0! | S39: =Q39*dagenperjaar1 -> #DIV/0! | T39: =S39*ROUND(P39,2) -> #DIV/0!
A40: 0001 | C40: 00 | D40: 0.28 | F40: Reproruimte | G40: tapijt | H40: VAZ | I40: 5W | J40: interieur | L40: 12.2 | M40: =L40*VLOOKUP(I40,dagsoorttabel1,2,FALSE) -> 12.2 | N40: =prodnorm118 -> 0 | O40: m²/uur | P40: =uurtarief118 -> 0 | Q40: =IF(ISBLANK(N40),0,M40/ROUND(N40,4)) -> #DIV/0! | R40: =ROUND(P40,2)*Q40 -> #DIV/0! | S40: =Q40*dagenperjaar1 -> #DIV/0! | T40: =S40*ROUND(P40,2) -> #DIV/0!
A41: 0001 | C41: 00 | D41: 0.30 | F41: Personeelskamer | G41: tapijt | H41: RRZ | I41: 5W | J41: interieur | L41: 50 | M41: =L41*VLOOKUP(I41,dagsoorttabel1,2,FALSE) -> 50 | N41: =prodnorm82 -> 0 | O41: m²/uur | P41: =uurtarief82 -> 0 | Q41: =IF(ISBLANK(N41),0,M41/ROUND(N41,4)) -> #DIV/0! | R41: =ROUND(P41,2)*Q41 -> #DIV/0! | S41: =Q41*dagenperjaar1 -> #DIV/0! | T41: =S41*ROUND(P41,2) -> #DIV/0!
A42: 0001 | C42: 00 | D42: 0.31 | F42: Kantoortuin | G42: tapijt | H42: BKZ | I42: 5W | J42: interieur | L42: 58.9 | M42: =L42*VLOOKUP(I42,dagsoorttabel1,2,FALSE) -> 58.9 | N42: =prodnorm43 -> 0 | O42: m²/uur | P42: =uurtarief43 -> 0 | Q42: =IF(ISBLANK(N42),0,M42/ROUND(N42,4)) -> #DIV/0! | R42: =ROUND(P42,2)*Q42 -> #DIV/0! | S42: =Q42*dagenperjaar1 -> #DIV/0! | T42: =S42*ROUND(P42,2) -> #DIV/0!
A43: 0001 | C43: 00 | D43: 0.32 | F43: Kantoortuin | G43: tapijt | H43: BKZ | I43: 5W | J43: interieur | L43: 53.3 | M43: =L43*VLOOKUP(I43,dagsoorttabel1,2,FALSE) -> 53.3 | N43: =prodnorm43 -> 0 | O43: m²/uur | P43: =uurtarief43 -> 0 | Q43: =IF(ISBLANK(N43),0,M43/ROUND(N43,4)) -> #DIV/0! | R43: =ROUND(P43,2)*Q43 -> #DIV/0! | S43: =Q43*dagenperjaar1 -> #DIV/0! | T43: =S43*ROUND(P43,2) -> #DIV/0!
A44: 0001 | C44: 00 | D44: 0.33 | F44: Kantoor | G44: tapijt | H44: BKZ | I44: 5W | J44: interieur | L44: 14.9 | M44: =L44*VLOOKUP(I44,dagsoorttabel1,2,FALSE) -> 14.9 | N44: =prodnorm43 -> 0 | O44: m²/uur | P44: =uurtarief43 -> 0 | Q44: =IF(ISBLANK(N44),0,M44/ROUND(N44,4)) -> #DIV/0! | R44: =ROUND(P44,2)*Q44 -> #DIV/0! | S44: =Q44*dagenperjaar1 -> #DIV/0! | T44: =S44*ROUND(P44,2) -> #DIV/0!
A45: 0001 | C45: 00 | D45: 0.34 | F45: Overlegruimte | G45: tapijt | H45: BVZ | I45: 5W | J45: interieur | L45: 17 | M45: =L45*VLOOKUP(I45,dagsoorttabel1,2,FALSE) -> 17 | N45: =prodnorm51 -> 0 | O45: m²/uur | P45: =uurtarief51 -> 0 | Q45: =IF(ISBLANK(N45),0,M45/ROUND(N45,4)) -> #DIV/0! | R45: =ROUND(P45,2)*Q45 -> #DIV/0! | S45: =Q45*dagenperjaar1 -> #DIV/0! | T45: =S45*ROUND(P45,2) -> #DIV/0!
A46: 0001 | C46: 00 | D46: 0.35 | F46: Gang | G46: tapijt | H46: VAZ | I46: 5W | J46: interieur | L46: 20 | M46: =L46*VLOOKUP(I46,dagsoorttabel1,2,FALSE) -> 20 | N46: =prodnorm118 -> 0 | O46: m²/uur | P46: =uurtarief118 -> 0 | Q46: =IF(ISBLANK(N46),0,M46/ROUND(N46,4)) -> #DIV/0! | R46: =ROUND(P46,2)*Q46 -> #DIV/0! | S46: =Q46*dagenperjaar1 -> #DIV/0! | T46: =S46*ROUND(P46,2) -> #DIV/0!
A47: 0001 | C47: 00 | D47: 0.36 | F47: Traphal | G47: gietvloer | H47: VAH | I47: 5W | J47: interieur | L47: 15 | M47: =L47*VLOOKUP(I47,dagsoorttabel1,2,FALSE) -> 15 | N47: =prodnorm113 -> 0 | O47: m²/uur | P47: =uurtarief113 -> 0 | Q47: =IF(ISBLANK(N47),0,M47/ROUND(N47,4)) -> #DIV/0! | R47: =ROUND(P47,2)*Q47 -> #DIV/0! | S47: =Q47*dagenperjaar1 -> #DIV/0! | T47: =S47*ROUND(P47,2) -> #DIV/0!
A48: 0001 | C48: 00 | D48: 0.37 | F48: Trap BG-1 | G48: gietvloer | H48: VTH | I48: 5W | J48: interieur | L48: 13.5 | M48: =L48*VLOOKUP(I48,dagsoorttabel1,2,FALSE) -> 13.5 | N48: =prodnorm146 -> 0 | O48: m²/uur | P48: =uurtarief146 -> 0 | Q48: =IF(ISBLANK(N48),0,M48/ROUND(N48,4)) -> #DIV/0! | R48: =ROUND(P48,2)*Q48 -> #DIV/0! | S48: =Q48*dagenperjaar1 -> #DIV/0! | T48: =S48*ROUND(P48,2) -> #DIV/0!
A49: 0001 | C49: 00 | D49: 0.38 | F49: Lift | G49: hout | H49: VLH | I49: 5W | J49: interieur | L49: 1.5 | M49: =L49*VLOOKUP(I49,dagsoorttabel1,2,FALSE) -> 1.5 | N49: =prodnorm131 -> 0 | O49: m²/uur | P49: =uurtarief131 -> 0 | Q49: =IF(ISBLANK(N49),0,M49/ROUND(N49,4)) -> #DIV/0! | R49: =ROUND(P49,2)*Q49 -> #DIV/0! | S49: =Q49*dagenperjaar1 -> #DIV/0! | T49: =S49*ROUND(P49,2) -> #DIV/0!
A50: 0001 | C50: 00 | D50: 0.39 | F50: Toiletgroep heren | G50: gietvloer | H50: STH | I50: 5W | J50: interieur | L50: 6 | M50: =L50*VLOOKUP(I50,dagsoorttabel1,2,FALSE) -> 6 | N50: =prodnorm101 -> 0 | O50: m²/uur | P50: =uurtarief101 -> 0 | Q50: =IF(ISBLANK(N50),0,M50/ROUND(N50,4)) -> #DIV/0! | R50: =ROUND(P50,2)*Q50 -> #DIV/0! | S50: =Q50*dagenperjaar1 -> #DIV/0! | T50: =S50*ROUND(P50,2) -> #DIV/0!
A51: 0001 | C51: 00 | D51: 0.39 | F51: Toiletgroep heren | G51: gietvloer | H51: STHN | I51: 5W | J51: interieur | L51: 6 | M51: =L51*VLOOKUP(I51,dagsoorttabel1,2,FALSE) -> 6 | N51: =prodnorm103 -> 0 | O51: m²/uur | P51: =uurtarief103 -> 0 | Q51: =IF(ISBLANK(N51),0,M51/ROUND(N51,4)) -> #DIV/0! | R51: =ROUND(P51,2)*Q51 -> #DIV/0! | S51: =Q51*dagenperjaar1 -> #DIV/0! | T51: =S51*ROUND(P51,2) -> #DIV/0!
A52: 0001 | C52: 00 | D52: 0.40 | F52: Toiletgroep dames | G52: gietvloer | H52: STH | I52: 5W | J52: interieur | L52: 6 | M52: =L52*VLOOKUP(I52,dagsoorttabel1,2,FALSE) -> 6 | N52: =prodnorm101 -> 0 | O52: m²/uur | P52: =uurtarief101 -> 0 | Q52: =IF(ISBLANK(N52),0,M52/ROUND(N52,4)) -> #DIV/0! | R52: =ROUND(P52,2)*Q52 -> #DIV/0! | S52: =Q52*dagenperjaar1 -> #DIV/0! | T52: =S52*ROUND(P52,2) -> #DIV/0!
A53: 0001 | C53: 00 | D53: 0.40 | F53: Toiletgroep dames | G53: gietvloer | H53: STHN | I53: 5W | J53: interieur | L53: 6 | M53: =L53*VLOOKUP(I53,dagsoorttabel1,2,FALSE) -> 6 | N53: =prodnorm103 -> 0 | O53: m²/uur | P53: =uurtarief103 -> 0 | Q53: =IF(ISBLANK(N53),0,M53/ROUND(N53,4)) -> #DIV/0! | R53: =ROUND(P53,2)*Q53 -> #DIV/0! | S53: =Q53*dagenperjaar1 -> #DIV/0! | T53: =S53*ROUND(P53,2) -> #DIV/0!
A54: 0001 | C54: 00 | D54: 0.41 | F54: Kleedruimte heren | G54: linoleum | H54: SKH | I54: 5W | J54: interieur | L54: 16.9 | M54: =L54*VLOOKUP(I54,dagsoorttabel1,2,FALSE) -> 16.9 | N54: =prodnorm92 -> 0 | O54: m²/uur | P54: =uurtarief92 -> 0 | Q54: =IF(ISBLANK(N54),0,M54/ROUND(N54,4)) -> #DIV/0! | R54: =ROUND(P54,2)*Q54 -> #DIV/0! | S54: =Q54*dagenperjaar1 -> #DIV/0! | T54: =S54*ROUND(P54,2) -> #DIV/0!
A55: 0001 | C55: 00 | D55: 0.41 | F55: Kleedruimte heren | G55: linoleum | H55: SKH | I55: 5W | J55: interieur | L55: 16.9 | M55: =L55*VLOOKUP(I55,dagsoorttabel1,2,FALSE) -> 16.9 | N55: =prodnorm92 -> 0 | O55: m²/uur | P55: =uurtarief92 -> 0 | Q55: =IF(ISBLANK(N55),0,M55/ROUND(N55,4)) -> #DIV/0! | R55: =ROUND(P55,2)*Q55 -> #DIV/0! | S55: =Q55*dagenperjaar1 -> #DIV/0! | T55: =S55*ROUND(P55,2) -> #DIV/0!
A56: 0001 | C56: 00 | D56: 0.42 | F56: Douche | G56: betontegel | H56: SDH | I56: 5W | J56: interieur | L56: 1.5 | M56: =L56*VLOOKUP(I56,dagsoorttabel1,2,FALSE) -> 1.5 | N56: =prodnorm86 -> 0 | O56: m²/uur | P56: =uurtarief86 -> 0 | Q56: =IF(ISBLANK(N56),0,M56/ROUND(N56,4)) -> #DIV/0! | R56: =ROUND(P56,2)*Q56 -> #DIV/0! | S56: =Q56*dagenperjaar1 -> #DIV/0! | T56: =S56*ROUND(P56,2) -> #DIV/0!
A57: 0001 | C57: 00 | D57: 0.42 | F57: Douche | G57: betontegel | H57: SDHN | I57: 5W | J57: interieur | L57: 1.5 | M57: =L57*VLOOKUP(I57,dagsoorttabel1,2,FALSE) -> 1.5 | N57: =prodnorm87 -> 0 | O57: m²/uur | P57: =uurtarief87 -> 0 | Q57: =IF(ISBLANK(N57),0,M57/ROUND(N57,4)) -> #DIV/0! | R57: =ROUND(P57,2)*Q57 -> #DIV/0! | S57: =Q57*dagenperjaar1 -> #DIV/0! | T57: =S57*ROUND(P57,2) -> #DIV/0!
A58: 0001 | C58: 00 | D58: 0.43 | F58: Douche | G58: betontegel | H58: SDH | I58: 5W | J58: interieur | L58: 1.5 | M58: =L58*VLOOKUP(I58,dagsoorttabel1,2,FALSE) -> 1.5 | N58: =prodnorm86 -> 0 | O58: m²/uur | P58: =uurtarief86 -> 0 | Q58: =IF(ISBLANK(N58),0,M58/ROUND(N58,4)) -> #DIV/0! | R58: =ROUND(P58,2)*Q58 -> #DIV/0! | S58: =Q58*dagenperjaar1 -> #DIV/0! | T58: =S58*ROUND(P58,2) -> #DIV/0!
A59: 0001 | C59: 00 | D59: 0.43 | F59: Douche | G59: betontegel | H59: SDHN | I59: 5W | J59: interieur | L59: 1.5 | M59: =L59*VLOOKUP(I59,dagsoorttabel1,2,FALSE) -> 1.5 | N59: =prodnorm87 -> 0 | O59: m²/uur | P59: =uurtarief87 -> 0 | Q59: =IF(ISBLANK(N59),0,M59/ROUND(N59,4)) -> #DIV/0! | R59: =ROUND(P59,2)*Q59 -> #DIV/0! | S59: =Q59*dagenperjaar1 -> #DIV/0! | T59: =S59*ROUND(P59,2) -> #DIV/0!
A60: 0001 | C60: 00 | D60: 0.44 | F60: Gang | G60: tapijt | H60: VAZ | I60: 5W | J60: interieur | L60: 11 | M60: =L60*VLOOKUP(I60,dagsoorttabel1,2,FALSE) -> 11 | N60: =prodnorm118 -> 0 | O60: m²/uur | P60: =uurtarief118 -> 0 | Q60: =IF(ISBLANK(N60),0,M60/ROUND(N60,4)) -> #DIV/0! | R60: =ROUND(P60,2)*Q60 -> #DIV/0! | S60: =Q60*dagenperjaar1 -> #DIV/0! | T60: =S60*ROUND(P60,2) -> #DIV/0!
A61: 0001 | C61: 00 | D61: 0.48 | F61: Kleedruimte dames | G61: linoleum | H61: SKH | I61: 5W | J61: interieur | L61: 14.1 | M61: =L61*VLOOKUP(I61,dagsoorttabel1,2,FALSE) -> 14.1 | N61: =prodnorm92 -> 0 | O61: m²/uur | P61: =uurtarief92 -> 0 | Q61: =IF(ISBLANK(N61),0,M61/ROUND(N61,4)) -> #DIV/0! | R61: =ROUND(P61,2)*Q61 -> #DIV/0! | S61: =Q61*dagenperjaar1 -> #DIV/0! | T61: =S61*ROUND(P61,2) -> #DIV/0!
A62: 0001 | C62: 00 | D62: 0.48 | F62: Kleedruimte dames | G62: linoleum | H62: SKH | I62: 5W | J62: interieur | L62: 14.1 | M62: =L62*VLOOKUP(I62,dagsoorttabel1,2,FALSE) -> 14.1 | N62: =prodnorm92 -> 0 | O62: m²/uur | P62: =uurtarief92 -> 0 | Q62: =IF(ISBLANK(N62),0,M62/ROUND(N62,4)) -> #DIV/0! | R62: =ROUND(P62,2)*Q62 -> #DIV/0! | S62: =Q62*dagenperjaar1 -> #DIV/0! | T62: =S62*ROUND(P62,2) -> #DIV/0!
A63: 0001 | C63: 00 | D63: 0.49 | F63: Douche | G63: betontegel | H63: SDH | I63: 5W | J63: interieur | L63: 1.2 | M63: =L63*VLOOKUP(I63,dagsoorttabel1,2,FALSE) -> 1.2 | N63: =prodnorm86 -> 0 | O63: m²/uur | P63: =uurtarief86 -> 0 | Q63: =IF(ISBLANK(N63),0,M63/ROUND(N63,4)) -> #DIV/0! | R63: =ROUND(P63,2)*Q63 -> #DIV/0! | S63: =Q63*dagenperjaar1 -> #DIV/0! | T63: =S63*ROUND(P63,2) -> #DIV/0!
A64: 0001 | C64: 00 | D64: 0.49 | F64: Douche | G64: betontegel | H64: SDHN | I64: 5W | J64: interieur | L64: 1.2 | M64: =L64*VLOOKUP(I64,dagsoorttabel1,2,FALSE) -> 1.2 | N64: =prodnorm87 -> 0 | O64: m²/uur | P64: =uurtarief87 -> 0 | Q64: =IF(ISBLANK(N64),0,M64/ROUND(N64,4)) -> #DIV/0! | R64: =ROUND(P64,2)*Q64 -> #DIV/0! | S64: =Q64*dagenperjaar1 -> #DIV/0! | T64: =S64*ROUND(P64,2) -> #DIV/0!
A65: 0001 | C65: 00 | D65: 0.50 | F65: Douche | G65: betontegel | H65: SDH | I65: 5W | J65: interieur | L65: 1.2 | M65: =L65*VLOOKUP(I65,dagsoorttabel1,2,FALSE) -> 1.2 | N65: =prodnorm86 -> 0 | O65: m²/uur | P65: =uurtarief86 -> 0 | Q65: =IF(ISBLANK(N65),0,M65/ROUND(N65,4)) -> #DIV/0! | R65: =ROUND(P65,2)*Q65 -> #DIV/0! | S65: =Q65*dagenperjaar1 -> #DIV/0! | T65: =S65*ROUND(P65,2) -> #DIV/0!
A66: 0001 | C66: 00 | D66: 0.50 | F66: Douche | G66: betontegel | H66: SDHN | I66: 5W | J66: interieur | L66: 1.2 | M66: =L66*VLOOKUP(I66,dagsoorttabel1,2,FALSE) -> 1.2 | N66: =prodnorm87 -> 0 | O66: m²/uur | P66: =uurtarief87 -> 0 | Q66: =IF(ISBLANK(N66),0,M66/ROUND(N66,4)) -> #DIV/0! | R66: =ROUND(P66,2)*Q66 -> #DIV/0! | S66: =Q66*dagenperjaar1 -> #DIV/0! | T66: =S66*ROUND(P66,2) -> #DIV/0!
A67: 0001 | C67: 00 | D67: 0.51 | F67: Reproruimte | G67: tapijt | H67: VAZ | I67: 5W | J67: interieur | L67: 37.9 | M67: =L67*VLOOKUP(I67,dagsoorttabel1,2,FALSE) -> 37.9 | N67: =prodnorm118 -> 0 | O67: m²/uur | P67: =uurtarief118 -> 0 | Q67: =IF(ISBLANK(N67),0,M67/ROUND(N67,4)) -> #DIV/0! | R67: =ROUND(P67,2)*Q67 -> #DIV/0! | S67: =Q67*dagenperjaar1 -> #DIV/0! | T67: =S67*ROUND(P67,2) -> #DIV/0!
A68: 0001 | C68: 00 | D68: 0.52 | F68: Werkcafe | G68: marmer | H68: RRH | I68: 5W | J68: interieur | L68: 83 | M68: =L68*VLOOKUP(I68,dagsoorttabel1,2,FALSE) -> 83 | N68: =prodnorm80 -> 0 | O68: m²/uur | P68: =uurtarief80 -> 0 | Q68: =IF(ISBLANK(N68),0,M68/ROUND(N68,4)) -> #DIV/0! | R68: =ROUND(P68,2)*Q68 -> #DIV/0! | S68: =Q68*dagenperjaar1 -> #DIV/0! | T68: =S68*ROUND(P68,2) -> #DIV/0!
A69: 0001 | C69: 00 | D69: 0.54 | F69: Trap BG-1 | G69: hout | H69: VTH | I69: 5W | J69: interieur | L69: 7.6 | M69: =L69*VLOOKUP(I69,dagsoorttabel1,2,FALSE) -> 7.6 | N69: =prodnorm146 -> 0 | O69: m²/uur | P69: =uurtarief146 -> 0 | Q69: =IF(ISBLANK(N69),0,M69/ROUND(N69,4)) -> #DIV/0! | R69: =ROUND(P69,2)*Q69 -> #DIV/0! | S69: =Q69*dagenperjaar1 -> #DIV/0! | T69: =S69*ROUND(P69,2) -> #DIV/0!
A70: 0001 | C70: 01 | D70: 1.01 | F70: Traphal | G70: tapijt | H70: VAZ | I70: 5W | J70: interieur | L70: 10.6 | M70: =L70*VLOOKUP(I70,dagsoorttabel1,2,FALSE) -> 10.6 | N70: =prodnorm118 -> 0 | O70: m²/uur | P70: =uurtarief118 -> 0 | Q70: =IF(ISBLANK(N70),0,M70/ROUND(N70,4)) -> #DIV/0! | R70: =ROUND(P70,2)*Q70 -> #DIV/0! | S70: =Q70*dagenperjaar1 -> #DIV/0! | T70: =S70*ROUND(P70,2) -> #DIV/0!
A71: 0001 | C71: 01 | D71: 1.02 | F71: Trap 1-2 | G71: tapijt | H71: VTZ | I71: 5W | J71: interieur | L71: 8.2 | M71: =L71*VLOOKUP(I71,dagsoorttabel1,2,FALSE) -> 8.2 | N71: =prodnorm150 -> 0 | O71: m²/uur | P71: =uurtarief150 -> 0 | Q71: =IF(ISBLANK(N71),0,M71/ROUND(N71,4)) -> #DIV/0! | R71: =ROUND(P71,2)*Q71 -> #DIV/0! | S71: =Q71*dagenperjaar1 -> #DIV/0! | T71: =S71*ROUND(P71,2) -> #DIV/0!
A72: 0001 | C72: 01 | D72: 1.03 | F72: Gang | G72: tapijt | H72: VAZ | I72: 5W | J72: interieur | L72: 18.6 | M72: =L72*VLOOKUP(I72,dagsoorttabel1,2,FALSE) -> 18.6 | N72: =prodnorm118 -> 0 | O72: m²/uur | P72: =uurtarief118 -> 0 | Q72: =IF(ISBLANK(N72),0,M72/ROUND(N72,4)) -> #DIV/0! | R72: =ROUND(P72,2)*Q72 -> #DIV/0! | S72: =Q72*dagenperjaar1 -> #DIV/0! | T72: =S72*ROUND(P72,2) -> #DIV/0!
A73: 0001 | C73: 01 | D73: 1.04 | F73: Vergaderruimte | G73: tapijt | H73: BVZ | I73: 5W | J73: interieur | L73: 29.4 | M73: =L73*VLOOKUP(I73,dagsoorttabel1,2,FALSE) -> 29.4 | N73: =prodnorm51 -> 0 | O73: m²/uur | P73: =uurtarief51 -> 0 | Q73: =IF(ISBLANK(N73),0,M73/ROUND(N73,4)) -> #DIV/0! | R73: =ROUND(P73,2)*Q73 -> #DIV/0! | S73: =Q73*dagenperjaar1 -> #DIV/0! | T73: =S73*ROUND(P73,2) -> #DIV/0!
A74: 0001 | C74: 01 | D74: 1.05 | F74: Gang | G74: tapijt | H74: VAZ | I74: 5W | J74: interieur | L74: 9.7 | M74: =L74*VLOOKUP(I74,dagsoorttabel1,2,FALSE) -> 9.7 | N74: =prodnorm118 -> 0 | O74: m²/uur | P74: =uurtarief118 -> 0 | Q74: =IF(ISBLANK(N74),0,M74/ROUND(N74,4)) -> #DIV/0! | R74: =ROUND(P74,2)*Q74 -> #DIV/0! | S74: =Q74*dagenperjaar1 -> #DIV/0! | T74: =S74*ROUND(P74,2) -> #DIV/0!
A75: 0001 | C75: 01 | D75: 1.06 | F75: Directie secr. | G75: tapijt | H75: BKZ | I75: 5W | J75: interieur | L75: 38.8 | M75: =L75*VLOOKUP(I75,dagsoorttabel1,2,FALSE) -> 38.8 | N75: =prodnorm43 -> 0 | O75: m²/uur | P75: =uurtarief43 -> 0 | Q75: =IF(ISBLANK(N75),0,M75/ROUND(N75,4)) -> #DIV/0! | R75: =ROUND(P75,2)*Q75 -> #DIV/0! | S75: =Q75*dagenperjaar1 -> #DIV/0! | T75: =S75*ROUND(P75,2) -> #DIV/0!
A76: 0001 | C76: 01 | D76: 1.07 | F76: Gang | G76: tapijt | H76: VAZ | I76: 5W | J76: interieur | L76: 14.2 | M76: =L76*VLOOKUP(I76,dagsoorttabel1,2,FALSE) -> 14.2 | N76: =prodnorm118 -> 0 | O76: m²/uur | P76: =uurtarief118 -> 0 | Q76: =IF(ISBLANK(N76),0,M76/ROUND(N76,4)) -> #DIV/0! | R76: =ROUND(P76,2)*Q76 -> #DIV/0! | S76: =Q76*dagenperjaar1 -> #DIV/0! | T76: =S76*ROUND(P76,2) -> #DIV/0!
A77: 0001 | C77: 01 | D77: 1.08 | F77: Gang | G77: tapijt | H77: VAZ | I77: 5W | J77: interieur | L77: 39.4 | M77: =L77*VLOOKUP(I77,dagsoorttabel1,2,FALSE) -> 39.4 | N77: =prodnorm118 -> 0 | O77: m²/uur | P77: =uurtarief118 -> 0 | Q77: =IF(ISBLANK(N77),0,M77/ROUND(N77,4)) -> #DIV/0! | R77: =ROUND(P77,2)*Q77 -> #DIV/0! | S77: =Q77*dagenperjaar1 -> #DIV/0! | T77: =S77*ROUND(P77,2) -> #DIV/0!
A78: 0001 | C78: 01 | D78: 1.09 | F78: Traphal | G78: tapijt | H78: VAZ | I78: 5W | J78: interieur | L78: 5.8 | M78: =L78*VLOOKUP(I78,dagsoorttabel1,2,FALSE) -> 5.8 | N78: =prodnorm118 -> 0 | O78: m²/uur | P78: =uurtarief118 -> 0 | Q78: =IF(ISBLANK(N78),0,M78/ROUND(N78,4)) -> #DIV/0! | R78: =ROUND(P78,2)*Q78 -> #DIV/0! | S78: =Q78*dagenperjaar1 -> #DIV/0! | T78: =S78*ROUND(P78,2) -> #DIV/0!
A79: 0001 | C79: 01 | D79: 1.10 | F79: Trap 1-2 | G79: hout | H79: VTH | I79: 5W | J79: interieur | L79: 9.9 | M79: =L79*VLOOKUP(I79,dagsoorttabel1,2,FALSE) -> 9.9 | N79: =prodnorm146 -> 0 | O79: m²/uur | P79: =uurtarief146 -> 0 | Q79: =IF(ISBLANK(N79),0,M79/ROUND(N79,4)) -> #DIV/0! | R79: =ROUND(P79,2)*Q79 -> #DIV/0! | S79: =Q79*dagenperjaar1 -> #DIV/0! | T79: =S79*ROUND(P79,2) -> #DIV/0!
A80: 0001 | C80: 01 | D80: 1.10a | F80: Trap 1-2 | G80: tapijt | H80: VTZ | I80: 5W | J80: interieur | L80: 2.7 | M80: =L80*VLOOKUP(I80,dagsoorttabel1,2,FALSE) -> 2.7 | N80: =prodnorm150 -> 0 | O80: m²/uur | P80: =uurtarief150 -> 0 | Q80: =IF(ISBLANK(N80),0,M80/ROUND(N80,4)) -> #DIV/0! | R80: =ROUND(P80,2)*Q80 -> #DIV/0! | S80: =Q80*dagenperjaar1 -> #DIV/0! | T80: =S80*ROUND(P80,2) -> #DIV/0!
A81: 0001 | C81: 01 | D81: 1.11 | F81: Toiletgroep heren | G81: gietvloer | H81: STH | I81: 5W | J81: interieur | L81: 7.7 | M81: =L81*VLOOKUP(I81,dagsoorttabel1,2,FALSE) -> 7.7 | N81: =prodnorm101 -> 0 | O81: m²/uur | P81: =uurtarief101 -> 0 | Q81: =IF(ISBLANK(N81),0,M81/ROUND(N81,4)) -> #DIV/0! | R81: =ROUND(P81,2)*Q81 -> #DIV/0! | S81: =Q81*dagenperjaar1 -> #DIV/0! | T81: =S81*ROUND(P81,2) -> #DIV/0!
A82: 0001 | C82: 01 | D82: 1.11 | F82: Toiletgroep heren | G82: gietvloer | H82: STHN | I82: 5W | J82: interieur | L82: 7.7 | M82: =L82*VLOOKUP(I82,dagsoorttabel1,2,FALSE) -> 7.7 | N82: =prodnorm103 -> 0 | O82: m²/uur | P82: =uurtarief103 -> 0 | Q82: =IF(ISBLANK(N82),0,M82/ROUND(N82,4)) -> #DIV/0! | R82: =ROUND(P82,2)*Q82 -> #DIV/0! | S82: =Q82*dagenperjaar1 -> #DIV/0! | T82: =S82*ROUND(P82,2) -> #DIV/0!
A83: 0001 | C83: 01 | D83: 1.12 | F83: Toiletgroep dames | G83: gietvloer | H83: STH | I83: 5W | J83: interieur | L83: 7.7 | M83: =L83*VLOOKUP(I83,dagsoorttabel1,2,FALSE) -> 7.7 | N83: =prodnorm101 -> 0 | O83: m²/uur | P83: =uurtarief101 -> 0 | Q83: =IF(ISBLANK(N83),0,M83/ROUND(N83,4)) -> #DIV/0! | R83: =ROUND(P83,2)*Q83 -> #DIV/0! | S83: =Q83*dagenperjaar1 -> #DIV/0! | T83: =S83*ROUND(P83,2) -> #DIV/0!
A84: 0001 | C84: 01 | D84: 1.12 | F84: Toiletgroep dames | G84: gietvloer | H84: STHN | I84: 5W | J84: interieur | L84: 7.7 | M84: =L84*VLOOKUP(I84,dagsoorttabel1,2,FALSE) -> 7.7 | N84: =prodnorm103 -> 0 | O84: m²/uur | P84: =uurtarief103 -> 0 | Q84: =IF(ISBLANK(N84),0,M84/ROUND(N84,4)) -> #DIV/0! | R84: =ROUND(P84,2)*Q84 -> #DIV/0! | S84: =Q84*dagenperjaar1 -> #DIV/0! | T84: =S84*ROUND(P84,2) -> #DIV/0!
A85: 0001 | C85: 01 | D85: 1.13 | F85: Vergaderruimte 8 | G85: tapijt | H85: BVZ | I85: 5W | J85: interieur | L85: 21.2 | M85: =L85*VLOOKUP(I85,dagsoorttabel1,2,FALSE) -> 21.2 | N85: =prodnorm51 -> 0 | O85: m²/uur | P85: =uurtarief51 -> 0 | Q85: =IF(ISBLANK(N85),0,M85/ROUND(N85,4)) -> #DIV/0! | R85: =ROUND(P85,2)*Q85 -> #DIV/0! | S85: =Q85*dagenperjaar1 -> #DIV/0! | T85: =S85*ROUND(P85,2) -> #DIV/0!
A86: 0001 | C86: 01 | D86: 1.14 | F86: Kantoortuin | G86: tapijt | H86: BKZ | I86: 5W | J86: interieur | L86: 83.9 | M86: =L86*VLOOKUP(I86,dagsoorttabel1,2,FALSE) -> 83.9 | N86: =prodnorm43 -> 0 | O86: m²/uur | P86: =uurtarief43 -> 0 | Q86: =IF(ISBLANK(N86),0,M86/ROUND(N86,4)) -> #DIV/0! | R86: =ROUND(P86,2)*Q86 -> #DIV/0! | S86: =Q86*dagenperjaar1 -> #DIV/0! | T86: =S86*ROUND(P86,2) -> #DIV/0!
A87: 0001 | C87: 01 | D87: 1.15 | F87: Vergaderruimte dijkgraaf | G87: tapijt | H87: BVZ | I87: 5W | J87: interieur | L87: 21.6 | M87: =L87*VLOOKUP(I87,dagsoorttabel1,2,FALSE) -> 21.6 | N87: =prodnorm51 -> 0 | O87: m²/uur | P87: =uurtarief51 -> 0 | Q87: =IF(ISBLANK(N87),0,M87/ROUND(N87,4)) -> #DIV/0! | R87: =ROUND(P87,2)*Q87 -> #DIV/0! | S87: =Q87*dagenperjaar1 -> #DIV/0! | T87: =S87*ROUND(P87,2) -> #DIV/0!
A88: 0001 | C88: 01 | D88: 1.16 | F88: Vergaderruimte | G88: tapijt | H88: BVZ | I88: 5W | J88: interieur | L88: 13.4 | M88: =L88*VLOOKUP(I88,dagsoorttabel1,2,FALSE) -> 13.4 | N88: =prodnorm51 -> 0 | O88: m²/uur | P88: =uurtarief51 -> 0 | Q88: =IF(ISBLANK(N88),0,M88/ROUND(N88,4)) -> #DIV/0! | R88: =ROUND(P88,2)*Q88 -> #DIV/0! | S88: =Q88*dagenperjaar1 -> #DIV/0! | T88: =S88*ROUND(P88,2) -> #DIV/0!
A89: 0001 | C89: 01 | D89: 1.17 | F89: Kantoortuin | G89: tapijt | H89: BKZ | I89: 5W | J89: interieur | L89: 98.16 | M89: =L89*VLOOKUP(I89,dagsoorttabel1,2,FALSE) -> 98.16 | N89: =prodnorm43 -> 0 | O89: m²/uur | P89: =uurtarief43 -> 0 | Q89: =IF(ISBLANK(N89),0,M89/ROUND(N89,4)) -> #DIV/0! | R89: =ROUND(P89,2)*Q89 -> #DIV/0! | S89: =Q89*dagenperjaar1 -> #DIV/0! | T89: =S89*ROUND(P89,2) -> #DIV/0!
A90: 0001 | C90: 01 | D90: 1.17a | F90: Call cell | G90: tapijt | H90: BKZ | I90: 5W | J90: interieur | L90: 1.12 | M90: =L90*VLOOKUP(I90,dagsoorttabel1,2,FALSE) -> 1.12 | N90: =prodnorm43 -> 0 | O90: m²/uur | P90: =uurtarief43 -> 0 | Q90: =IF(ISBLANK(N90),0,M90/ROUND(N90,4)) -> #DIV/0! | R90: =ROUND(P90,2)*Q90 -> #DIV/0! | S90: =Q90*dagenperjaar1 -> #DIV/0! | T90: =S90*ROUND(P90,2) -> #DIV/0!
A91: 0001 | C91: 01 | D91: 1.17b | F91: Call cell | G91: tapijt | H91: BKZ | I91: 5W | J91: interieur | L91: 1.12 | M91: =L91*VLOOKUP(I91,dagsoorttabel1,2,FALSE) -> 1.12 | N91: =prodnorm43 -> 0 | O91: m²/uur | P91: =uurtarief43 -> 0 | Q91: =IF(ISBLANK(N91),0,M91/ROUND(N91,4)) -> #DIV/0! | R91: =ROUND(P91,2)*Q91 -> #DIV/0! | S91: =Q91*dagenperjaar1 -> #DIV/0! | T91: =S91*ROUND(P91,2) -> #DIV/0!
A92: 0001 | C92: 01 | D92: 1.18 | F92: Kantoortuin | G92: tapijt | H92: BKZ | I92: 5W | J92: interieur | L92: 115.26 | M92: =L92*VLOOKUP(I92,dagsoorttabel1,2,FALSE) -> 115.26 | N92: =prodnorm43 -> 0 | O92: m²/uur | P92: =uurtarief43 -> 0 | Q92: =IF(ISBLANK(N92),0,M92/ROUND(N92,4)) -> #DIV/0! | R92: =ROUND(P92,2)*Q92 -> #DIV/0! | S92: =Q92*dagenperjaar1 -> #DIV/0! | T92: =S92*ROUND(P92,2) -> #DIV/0!
A93: 0001 | C93: 01 | D93: 1.18a | F93: Call cell | G93: tapijt | H93: BKZ | I93: 5W | J93: interieur | L93: 1.12 | M93: =L93*VLOOKUP(I93,dagsoorttabel1,2,FALSE) -> 1.12 | N93: =prodnorm43 -> 0 | O93: m²/uur | P93: =uurtarief43 -> 0 | Q93: =IF(ISBLANK(N93),0,M93/ROUND(N93,4)) -> #DIV/0! | R93: =ROUND(P93,2)*Q93 -> #DIV/0! | S93: =Q93*dagenperjaar1 -> #DIV/0! | T93: =S93*ROUND(P93,2) -> #DIV/0!
A94: 0001 | C94: 01 | D94: 1.18b | F94: Call cell | G94: tapijt | H94: BKZ | I94: 5W | J94: interieur | L94: 1.12 | M94: =L94*VLOOKUP(I94,dagsoorttabel1,2,FALSE) -> 1.12 | N94: =prodnorm43 -> 0 | O94: m²/uur | P94: =uurtarief43 -> 0 | Q94: =IF(ISBLANK(N94),0,M94/ROUND(N94,4)) -> #DIV/0! | R94: =ROUND(P94,2)*Q94 -> #DIV/0! | S94: =Q94*dagenperjaar1 -> #DIV/0! | T94: =S94*ROUND(P94,2) -> #DIV/0!
A95: 0001 | C95: 01 | D95: 1.19 | F95: Personeelskamer | G95: tapijt | H95: RRZ | I95: 5W | J95: interieur | L95: 24.5 | M95: =L95*VLOOKUP(I95,dagsoorttabel1,2,FALSE) -> 24.5 | N95: =prodnorm82 -> 0 | O95: m²/uur | P95: =uurtarief82 -> 0 | Q95: =IF(ISBLANK(N95),0,M95/ROUND(N95,4)) -> #DIV/0! | R95: =ROUND(P95,2)*Q95 -> #DIV/0! | S95: =Q95*dagenperjaar1 -> #DIV/0! | T95: =S95*ROUND(P95,2) -> #DIV/0!
A96: 0001 | C96: 01 | D96: 1.20 | F96: Reproruimte | G96: tapijt | H96: VAZ | I96: 5W | J96: interieur | L96: 9.4 | M96: =L96*VLOOKUP(I96,dagsoorttabel1,2,FALSE) -> 9.4 | N96: =prodnorm118 -> 0 | O96: m²/uur | P96: =uurtarief118 -> 0 | Q96: =IF(ISBLANK(N96),0,M96/ROUND(N96,4)) -> #DIV/0! | R96: =ROUND(P96,2)*Q96 -> #DIV/0! | S96: =Q96*dagenperjaar1 -> #DIV/0! | T96: =S96*ROUND(P96,2) -> #DIV/0!
A97: 0001 | C97: 01 | D97: 1.22 | F97: Kantoortuin | G97: tapijt | H97: BKZ | I97: 5W | J97: interieur | L97: 110.9 | M97: =L97*VLOOKUP(I97,dagsoorttabel1,2,FALSE) -> 110.9 | N97: =prodnorm43 -> 0 | O97: m²/uur | P97: =uurtarief43 -> 0 | Q97: =IF(ISBLANK(N97),0,M97/ROUND(N97,4)) -> #DIV/0! | R97: =ROUND(P97,2)*Q97 -> #DIV/0! | S97: =Q97*dagenperjaar1 -> #DIV/0! | T97: =S97*ROUND(P97,2) -> #DIV/0!
A98: 0001 | C98: 01 | D98: 1.23 | F98: Kantoor | G98: tapijt | H98: BKZ | I98: 5W | J98: interieur | L98: 14.8 | M98: =L98*VLOOKUP(I98,dagsoorttabel1,2,FALSE) -> 14.8 | N98: =prodnorm43 -> 0 | O98: m²/uur | P98: =uurtarief43 -> 0 | Q98: =IF(ISBLANK(N98),0,M98/ROUND(N98,4)) -> #DIV/0! | R98: =ROUND(P98,2)*Q98 -> #DIV/0! | S98: =Q98*dagenperjaar1 -> #DIV/0! | T98: =S98*ROUND(P98,2) -> #DIV/0!
A99: 0001 | C99: 01 | D99: 1.24 | F99: Kantoor | G99: tapijt | H99: BKZ | I99: 5W | J99: interieur | L99: 17 | M99: =L99*VLOOKUP(I99,dagsoorttabel1,2,FALSE) -> 17 | N99: =prodnorm43 -> 0 | O99: m²/uur | P99: =uurtarief43 -> 0 | Q99: =IF(ISBLANK(N99),0,M99/ROUND(N99,4)) -> #DIV/0! | R99: =ROUND(P99,2)*Q99 -> #DIV/0! | S99: =Q99*dagenperjaar1 -> #DIV/0! | T99: =S99*ROUND(P99,2) -> #DIV/0!
A100: 0001 | C100: 01 | D100: 1.25 | F100: Kantoortuin | G100: tapijt | H100: BKZ | I100: 5W | J100: interieur | L100: 124.46 | M100: =L100*VLOOKUP(I100,dagsoorttabel1,2,FALSE) -> 124.46 | N100: =prodnorm43 -> 0 | O100: m²/uur | P100: =uurtarief43 -> 0 | Q100: =IF(ISBLANK(N100),0,M100/ROUND(N100,4)) -> #DIV/0! | R100: =ROUND(P100,2)*Q100 -> #DIV/0! | S100: =Q100*dagenperjaar1 -> #DIV/0! | T100: =S100*ROUND(P100,2) -> #DIV/0!
A101: 0001 | C101: 01 | D101: 1.25a | F101: Call cell | G101: tapijt | H101: BKZ | I101: 5W | J101: interieur | L101: 3.07 | M101: =L101*VLOOKUP(I101,dagsoorttabel1,2,FALSE) -> 3.07 | N101: =prodnorm43 -> 0 | O101: m²/uur | P101: =uurtarief43 -> 0 | Q101: =IF(ISBLANK(N101),0,M101/ROUND(N101,4)) -> #DIV/0! | R101: =ROUND(P101,2)*Q101 -> #DIV/0! | S101: =Q101*dagenperjaar1 -> #DIV/0! | T101: =S101*ROUND(P101,2) -> #DIV/0!
...

Sheet Objectinformatie
A1: Omrekentabel t.b.v. Invultabel Objecten (niet afdrukken)
A3: TAAK | B3: FREQ | C3: DAGSOORT | D3: WERKSOORT | E3: FREQ DECIMAAL | F3: UURFACTOR | G3: KENGETAL | H3: TARIEF | I3: 0001 | J3: 0002 | K3: 1001 | L3: 1011 | M3: 1012 | N3: 1014 | O3: 1015 | P3: 1021 | Q3: 1031 | R3: 1041 | S3: 1042 | T3: 1051 | U3: 1061 | V3: 1071 | W3: 1081 | X3: 1091 | Y3: 1101 | Z3: 1111 | AA3: 1121 | AB3: 1131 | AC3: 1141 | AD3: 1151 | AE3: 1161 | AF3: 2011 | AG3: 2021 | AH3: 2041 | AI3: 2051 | AJ3: 2061 | AK3: 2071 | AL3: 2091 | AM3: 2111 | AN3: 2121 | AO3: 2151 | AP3: 2181 | AQ3: 2191 | AR3: 3001 | AS3: 3011 | AT3: 3021 | AU3: 3031 | AV3: 4001 | AW3: 4011 | AX3: 4021 | AY3: 4031 | AZ3: 4041 | BA3: 4051 | BB3: 4061 | BC3: 4071 | BD3: 4081 | BE3: 4091 | BF3: 4101 | BG3: 4111 | BH3: 4121 | BI3: 4131 | BJ3: 4141 | BK3: 4151 | BL3: 4161 | BM3: 4171 | BN3: 4181 | BO3: 4191 | BP3: 4201 | BQ3: 4211 | BR3: 4221 | BS3: 4231 | BT3: 4241 | BU3: 4251 | BV3: 4261 | BW3: 4271 | BX3: 4281 | BY3: 4291 | BZ3: 4301
I4: OPP OF AANTAL | J4: OPP OF AANTAL | K4: OPP OF AANTAL | L4: OPP OF AANTAL | M4: OPP OF AANTAL | N4: OPP OF AANTAL | O4: OPP OF AANTAL | P4: OPP OF AANTAL | Q4: OPP OF AANTAL | R4: OPP OF AANTAL | S4: OPP OF AANTAL | T4: OPP OF AANTAL | U4: OPP OF AANTAL | V4: OPP OF AANTAL | W4: OPP OF AANTAL | X4: OPP OF AANTAL | Y4: OPP OF AANTAL | Z4: OPP OF AANTAL | AA4: OPP OF AANTAL | AB4: OPP OF AANTAL | AC4: OPP OF AANTAL | AD4: OPP OF AANTAL | AE4: OPP OF AANTAL | AF4: OPP OF AANTAL | AG4: OPP OF AANTAL | AH4: OPP OF AANTAL | AI4: OPP OF AANTAL | AJ4: OPP OF AANTAL | AK4: OPP OF AANTAL | AL4: OPP OF AANTAL | AM4: OPP OF AANTAL | AN4: OPP OF AANTAL | AO4: OPP OF AANTAL | AP4: OPP OF AANTAL | AQ4: OPP OF AANTAL | AR4: OPP OF AANTAL | AS4: OPP OF AANTAL | AT4: OPP OF AANTAL | AU4: OPP OF AANTAL | AV4: OPP OF AANTAL | AW4: OPP OF AANTAL | AX4: OPP OF AANTAL | AY4: OPP OF AANTAL | AZ4: OPP OF AANTAL | BA4: OPP OF AANTAL | BB4: OPP OF AANTAL | BC4: OPP OF AANTAL | BD4: OPP OF AANTAL | BE4: OPP OF AANTAL | BF4: OPP OF AANTAL | BG4: OPP OF AANTAL | BH4: OPP OF AANTAL | BI4: OPP OF AANTAL | BJ4: OPP OF AANTAL | BK4: OPP OF AANTAL | BL4: OPP OF AANTAL | BM4: OPP OF AANTAL | BN4: OPP OF AANTAL | BO4: OPP OF AANTAL | BP4: OPP OF AANTAL | BQ4: OPP OF AANTAL | BR4: OPP OF AANTAL | BS4: OPP OF AANTAL | BT4: OPP OF AANTAL | BU4: OPP OF AANTAL | BV4: OPP OF AANTAL | BW4: OPP OF AANTAL | BX4: OPP OF AANTAL | BY4: OPP OF AANTAL | BZ4: OPP OF AANTAL
A5: BBH | B5: 12J | C5: werkdag | D5: interieur | E5: =IF(B5="","",VLOOKUP(B5,dagsoorttabel1,2,FALSE)) -> 0.047058824 | F5: 1 | G5: =IF(prodnorm32>0,1/ROUND(prodnorm32,4),0) -> 0 | H5: =ROUND(uurtarief32,2) -> 0 | I5: 6 | J5: 0 | K5: 0 | L5: 0 | M5: 0 | N5: 0 | O5: 0 | P5: 0 | Q5: 0 | R5: 0 | S5: 0 | T5: 0 | U5: 0 | V5: 0 | W5: 0 | X5: 0 | Y5: 0 | Z5: 0 | AA5: 0 | AB5: 0 | AC5: 0 | AD5: 0 | AE5: 0 | AF5: 0 | AG5: 0 | AH5: 0 | AI5: 0 | AJ5: 0 | AK5: 0 | AL5: 0 | AM5: 0 | AN5: 0 | AO5: 0 | AP5: 0 | AQ5: 0 | AR5: 0 | AS5: 0 | AT5: 0 | AU5: 0 | AV5: 0 | AW5: 0 | AX5: 0 | AY5: 0 | AZ5: 0 | BA5: 0 | BB5: 0 | BC5: 0 | BD5: 0 | BE5: 0 | BF5: 0 | BG5: 0 | BH5: 0 | BI5: 0 | BJ5: 0 | BK5: 0 | BL5: 0 | BM5: 0 | BN5: 0 | BO5: 0 | BP5: 0 | BQ5: 0 | BR5: 0 | BS5: 0 | BT5: 0 | BU5: 0 | BV5: 0 | BW5: 0 | BX5: 0 | BY5: 0 | BZ5: 0
A6: BCH | B6: 1W | C6: werkdag | D6: interieur | E6: =IF(B6="","",VLOOKUP(B6,dagsoorttabel1,2,FALSE)) -> 0.2 | F6: 1 | G6: =IF(prodnorm33>0,1/ROUND(prodnorm33,4),0) -> 0 | H6: =ROUND(uurtarief33,2) -> 0 | I6: 0 | J6: 0 | K6: 0 | L6: 0 | M6: 0 | N6: 0 | O6: 0 | P6: 0 | Q6: 0 | R6: 0 | S6: 0 | T6: 0 | U6: 0 | V6: 0 | W6: 0 | X6: 0 | Y6: 0 | Z6: 0 | AA6: 0 | AB6: 0 | AC6: 0 | AD6: 0 | AE6: 2 | AF6: 0 | AG6: 0 | AH6: 0 | AI6: 0 | AJ6: 0 | AK6: 0 | AL6: 0 | AM6: 0 | AN6: 0 | AO6: 0 | AP6: 0 | AQ6: 0 | AR6: 0 | AS6: 0 | AT6: 0 | AU6: 0 | AV6: 0 | AW6: 0 | AX6: 0 | AY6: 0 | AZ6: 0 | BA6: 0 | BB6: 0 | BC6: 0 | BD6: 0 | BE6: 0 | BF6: 0 | BG6: 0 | BH6: 0 | BI6: 0 | BJ6: 0 | BK6: 0 | BL6: 0 | BM6: 0 | BN6: 0 | BO6: 0 | BP6: 0 | BQ6: 0 | BR6: 0 | BS6: 0 | BT6: 0 | BU6: 0 | BV6: 0 | BW6: 0 | BX6: 0 | BY6: 0 | BZ6: 0
A7: BCH | B7: 2W | C7: werkdag | D7: interieur | E7: =IF(B7="","",VLOOKUP(B7,dagsoorttabel1,2,FALSE)) -> 0.4 | F7: 1 | G7: =IF(prodnorm34>0,1/ROUND(prodnorm34,4),0) -> 0 | H7: =ROUND(uurtarief34,2) -> 0 | I7: 0 | J7: 0 | K7: 0 | L7: 0 | M7: 0 | N7: 0 | O7: 0 | P7: 0 | Q7: 0 | R7: 0 | S7: 0 | T7: 0 | U7: 0 | V7: 0 | W7: 0 | X7: 0 | Y7: 0 | Z7: 0 | AA7: 0 | AB7: 0 | AC7: 0 | AD7: 0 | AE7: 0 | AF7: 0 | AG7: 0 | AH7: 0 | AI7: 0 | AJ7: 0 | AK7: 0 | AL7: 0 | AM7: 0 | AN7: 0 | AO7: 0 | AP7: 0 | AQ7: 0 | AR7: 0 | AS7: 2.4 | AT7: 0 | AU7: 0 | AV7: 0 | AW7: 0 | AX7: 0 | AY7: 0 | AZ7: 0 | BA7: 0 | BB7: 0 | BC7: 0 | BD7: 0 | BE7: 0 | BF7: 0 | BG7: 0 | BH7: 0 | BI7: 0 | BJ7: 0 | BK7: 0 | BL7: 0 | BM7: 0 | BN7: 0 | BO7: 0 | BP7: 0 | BQ7: 0 | BR7: 0 | BS7: 0 | BT7: 0 | BU7: 0 | BV7: 0 | BW7: 0 | BX7: 0 | BY7: 0 | BZ7: 0
A8: BKH | B8: 1W | C8: werkdag | D8: interieur | E8: =IF(B8="","",VLOOKUP(B8,dagsoorttabel1,2,FALSE)) -> 0.2 | F8: 1 | G8: =IF(prodnorm35>0,1/ROUND(prodnorm35,4),0) -> 0 | H8: =ROUND(uurtarief35,2) -> 0 | I8: 0 | J8: 0 | K8: 0 | L8: 0 | M8: 0 | N8: 0 | O8: 0 | P8: 34.1 | Q8: 18 | R8: 0 | S8: 0 | T8: 0 | U8: 0 | V8: 50.8 | W8: 5 | X8: 0 | Y8: 0 | Z8: 0 | AA8: 0 | AB8: 0 | AC8: 0 | AD8: 25.7 | AE8: 0 | AF8: 0 | AG8: 0 | AH8: 0 | AI8: 0 | AJ8: 0 | AK8: 0 | AL8: 0 | AM8: 0 | AN8: 0 | AO8: 0 | AP8: 0 | AQ8: 37.3 | AR8: 0 | AS8: 0 | AT8: 0 | AU8: 0 | AV8: 0 | AW8: 0 | AX8: 0 | AY8: 0 | AZ8: 0 | BA8: 0 | BB8: 0 | BC8: 0 | BD8: 0 | BE8: 0 | BF8: 0 | BG8: 0 | BH8: 0 | BI8: 0 | BJ8: 0 | BK8: 0 | BL8: 0 | BM8: 0 | BN8: 0 | BO8: 0 | BP8: 0 | BQ8: 0 | BR8: 0 | BS8: 0 | BT8: 0 | BU8: 0 | BV8: 0 | BW8: 0 | BX8: 0 | BY8: 0 | BZ8: 0
A9: BKH | B9: 26J | C9: werkdag | D9: interieur | E9: =IF(B9="","",VLOOKUP(B9,dagsoorttabel1,2,FALSE)) -> 0.10196078 | F9: 1 | G9: =IF(prodnorm36>0,1/ROUND(prodnorm36,4),0) -> 0 | H9: =ROUND(uurtarief36,2) -> 0 | I9: 0 | J9: 0 | K9: 0 | L9: 0 | M9: 0 | N9: 0 | O9: 0 | P9: 0 | Q9: 0 | R9: 0 | S9: 0 | T9: 0 | U9: 0 | V9: 0 | W9: 0 | X9: 37 | Y9: 0 | Z9: 0 | AA9: 0 | AB9: 0 | AC9: 5 | AD9: 0 | AE9: 0 | AF9: 0 | AG9: 0 | AH9: 0 | AI9: 0 | AJ9: 0 | AK9: 0 | AL9: 0 | AM9: 0 | AN9: 0 | AO9: 0 | AP9: 0 | AQ9: 0 | AR9: 0 | AS9: 0 | AT9: 0 | AU9: 0 | AV9: 0 | AW9: 0 | AX9: 0 | AY9: 0 | AZ9: 0 | BA9: 0 | BB9: 0 | BC9: 0 | BD9: 0 | BE9: 0 | BF9: 0 | BG9: 0 | BH9: 0 | BI9: 0 | BJ9: 0 | BK9: 0 | BL9: 0 | BM9: 0 | BN9: 0 | BO9: 0 | BP9: 0 | BQ9: 0 | BR9: 0 | BS9: 0 | BT9: 0 | BU9: 0 | BV9: 0 | BW9: 0 | BX9: 0 | BY9: 0 | BZ9: 0
A10: BKH | B10: 2W | C10: werkdag | D10: interieur | E10: =IF(B10="","",VLOOKUP(B10,dagsoorttabel1,2,FALSE)) -> 0.4 | F10: 1 | G10: =IF(prodnorm37>0,1/ROUND(prodnorm37,4),0) -> 0 | H10: =ROUND(uurtarief37,2) -> 0 | I10: 0 | J10: 0 | K10: 0 | L10: 0 | M10: 0 | N10: 21.9 | O10: 0 | P10: 0 | Q10: 0 | R10: 0 | S10: 0 | T10: 0 | U10: 61.9 | V10: 0 | W10: 0 | X10: 0 | Y10: 0 | Z10: 0 | AA10: 30 | AB10: 0 | AC10: 0 | AD10: 0 | AE10: 0 | AF10: 0 | AG10: 0 | AH10: 0 | AI10: 0 | AJ10: 0 | AK10: 0 | AL10: 0 | AM10: 0 | AN10: 0 | AO10: 0 | AP10: 36 | AQ10: 0 | AR10: 97 | AS10: 145.9 | AT10: 0 | AU10: 0 | AV10: 0 | AW10: 0 | AX10: 0 | AY10: 0 | AZ10: 0 | BA10: 0 | BB10: 0 | BC10: 0 | BD10: 0 | BE10: 0 | BF10: 0 | BG10: 0 | BH10: 0 | BI10: 0 | BJ10: 0 | BK10: 0 | BL10: 0 | BM10: 0 | BN10: 0 | BO10: 0 | BP10: 0 | BQ10: 0 | BR10: 0 | BS10: 0 | BT10: 0 | BU10: 0 | BV10: 0 | BW10: 0 | BX10: 0 | BY10: 0 | BZ10: 0
A11: BKH | B11: 3W | C11: werkdag | D11: interieur | E11: =IF(B11="","",VLOOKUP(B11,dagsoorttabel1,2,FALSE)) -> 0.6 | F11: 1 | G11: =IF(prodnorm38>0,1/ROUND(prodnorm38,4),0) -> 0 | H11: =ROUND(uurtarief38,2) -> 0 | I11: 0 | J11: 0 | K11: 0 | L11: 0 | M11: 0 | N11: 0 | O11: 0 | P11: 0 | Q11: 0 | R11: 0 | S11: 0 | T11: 78 | U11: 0 | V11: 274 | W11: 0 | X11: 0 | Y11: 0 | Z11: 0 | AA11: 36.5 | AB11: 49.61 | AC11: 25.5 | AD11: 0 | AE11: 0 | AF11: 0 | AG11: 0 | AH11: 0 | AI11: 0 | AJ11: 0 | AK11: 0 | AL11: 0 | AM11: 0 | AN11: 0 | AO11: 0 | AP11: 0 | AQ11: 0 | AR11: 0 | AS11: 0 | AT11: 0 | AU11: 70.9 | AV11: 0 | AW11: 0 | AX11: 0 | AY11: 0 | AZ11: 0 | BA11: 0 | BB11: 0 | BC11: 0 | BD11: 0 | BE11: 0 | BF11: 0 | BG11: 0 | BH11: 0 | BI11: 0 | BJ11: 0 | BK11: 0 | BL11: 0 | BM11: 0 | BN11: 0 | BO11: 0 | BP11: 0 | BQ11: 0 | BR11: 0 | BS11: 0 | BT11: 0 | BU11: 0 | BV11: 0 | BW11: 0 | BX11: 0 | BY11: 0 | BZ11: 0
A12: BKH | B12: 5W | C12: werkdag | D12: interieur | E12: =IF(B12="","",VLOOKUP(B12,dagsoorttabel1,2,FALSE)) -> 1 | F12: 1 | G12: =IF(prodnorm39>0,1/ROUND(prodnorm39,4),0) -> 0 | H12: =ROUND(uurtarief39,2) -> 0 | I12: 0 | J12: 0 | K12: 10.8 | L12: 126 | M12: 157.3 | N12: 0 | O12: 0 | P12: 0 | Q12: 0 | R12: 43.63 | S12: 0 | T12: 0 | U12: 0 | V12: 0 | W12: 0 | X12: 0 | Y12: 0 | Z12: 0 | AA12: 0 | AB12: 0 | AC12: 0 | AD12: 0 | AE12: 0 | AF12: 0 | AG12: 0 | AH12: 0 | AI12: 0 | AJ12: 0 | AK12: 0 | AL12: 0 | AM12: 0 | AN12: 0 | AO12: 0 | AP12: 0 | AQ12: 0 | AR12: 0 | AS12: 0 | AT12: 0 | AU12: 0 | AV12: 0 | AW12: 0 | AX12: 0 | AY12: 0 | AZ12: 0 | BA12: 0 | BB12: 0 | BC12: 0 | BD12: 0 | BE12: 0 | BF12: 0 | BG12: 0 | BH12: 0 | BI12: 0 | BJ12: 0 | BK12: 0 | BL12: 0 | BM12: 0 | BN12: 0 | BO12: 0 | BP12: 0 | BQ12: 0 | BR12: 0 | BS12: 0 | BT12: 0 | BU12: 0 | BV12: 0 | BW12: 0 | BX12: 0 | BY12: 0 | BZ12: 0
A13: BKZ | B13: 1W | C13: werkdag | D13: interieur | E13: =IF(B13="","",VLOOKUP(B13,dagsoorttabel1,2,FALSE)) -> 0.2 | F13: 1 | G13: =IF(prodnorm40>0,1/ROUND(prodnorm40,4),0) -> 0 | H13: =ROUND(uurtarief40,2) -> 0 | I13: 0 | J13: 0 | K13: 0 | L13: 0 | M13: 0 | N13: 0 | O13: 0 | P13: 0 | Q13: 0 | R13: 0 | S13: 0 | T13: 0 | U13: 0 | V13: 0 | W13: 0 | X13: 0 | Y13: 0 | Z13: 0 | AA13: 0 | AB13: 0 | AC13: 0 | AD13: 0 | AE13: 112.9 | AF13: 0 | AG13: 0 | AH13: 0 | AI13: 0 | AJ13: 0 | AK13: 0 | AL13: 0 | AM13: 0 | AN13: 0 | AO13: 0 | AP13: 0 | AQ13: 0 | AR13: 0 | AS13: 0 | AT13: 0 | AU13: 0 | AV13: 0 | AW13: 0 | AX13: 0 | AY13: 0 | AZ13: 0 | BA13: 0 | BB13: 0 | BC13: 0 | BD13: 0 | BE13: 0 | BF13: 0 | BG13: 0 | BH13: 0 | BI13: 0 | BJ13: 0 | BK13: 0 | BL13: 0 | BM13: 0 | BN13: 0 | BO13: 0 | BP13: 0 | BQ13: 0 | BR13: 0 | BS13: 0 | BT13: 0 | BU13: 0 | BV13: 0 | BW13: 0 | BX13: 0 | BY13: 0 | BZ13: 0
A14: BKZ | B14: 3W | C14: werkdag | D14: interieur | E14: =IF(B14="","",VLOOKUP(B14,dagsoorttabel1,2,FALSE)) -> 0.6 | F14: 1 | G14: =IF(prodnorm41>0,1/ROUND(prodnorm41,4),0) -> 0 | H14: =ROUND(uurtarief41,2) -> 0 | I14: 0 | J14: 0 | K14: 0 | L14: 0 | M14: 0 | N14: 0 | O14: 0 | P14: 0 | Q14: 0 | R14: 0 | S14: 0 | T14: 24 | U14: 0 | V14: 40 | W14: 0 | X14: 0 | Y14: 71.6 | Z14: 0 | AA14: 36.5 | AB14: 0 | AC14: 27 | AD14: 0 | AE14: 0 | AF14: 0 | AG14: 0 | AH14: 0 | AI14: 0 | AJ14: 0 | AK14: 0 | AL14: 0 | AM14: 0 | AN14: 0 | AO14: 0 | AP14: 0 | AQ14: 0 | AR14: 0 | AS14: 0 | AT14: 0 | AU14: 0 | AV14: 0 | AW14: 0 | AX14: 0 | AY14: 0 | AZ14: 0 | BA14: 0 | BB14: 0 | BC14: 0 | BD14: 0 | BE14: 0 | BF14: 0 | BG14: 0 | BH14: 0 | BI14: 0 | BJ14: 0 | BK14: 0 | BL14: 0 | BM14: 0 | BN14: 0 | BO14: 0 | BP14: 0 | BQ14: 0 | BR14: 0 | BS14: 0 | BT14: 0 | BU14: 0 | BV14: 0 | BW14: 0 | BX14: 0 | BY14: 0 | BZ14: 0
A15: BKZ | B15: 4W | C15: werkdag | D15: interieur | E15: =IF(B15="","",VLOOKUP(B15,dagsoorttabel1,2,FALSE)) -> 0.8 | F15: 1 | G15: =IF(prodnorm42>0,1/ROUND(prodnorm42,4),0) -> 0 | H15: =ROUND(uurtarief42,2) -> 0 | I15: 675.4 | J15: 645.29 | K15: 0 | L15: 0 | M15: 0 | N15: 0 | O15: 0 | P15: 0 | Q15: 0 | R15: 0 | S15: 0 | T15: 0 | U15: 0 | V15: 0 | W15: 0 | X15: 0 | Y15: 0 | Z15: 0 | AA15: 0 | AB15: 0 | AC15: 0 | AD15: 0 | AE15: 0 | AF15: 0 | AG15: 0 | AH15: 0 | AI15: 0 | AJ15: 0 | AK15: 0 | AL15: 0 | AM15: 0 | AN15: 0 | AO15: 0 | AP15: 0 | AQ15: 0 | AR15: 0 | AS15: 0 | AT15: 0 | AU15: 0 | AV15: 0 | AW15: 0 | AX15: 0 | AY15: 0 | AZ15: 0 | BA15: 0 | BB15: 0 | BC15: 0 | BD15: 0 | BE15: 0 | BF15: 0 | BG15: 0 | BH15: 0 | BI15: 0 | BJ15: 0 | BK15: 0 | BL15: 0 | BM15: 0 | BN15: 0 | BO15: 0 | BP15: 0 | BQ15: 0 | BR15: 0 | BS15: 0 | BT15: 0 | BU15: 0 | BV15: 0 | BW15: 0 | BX15: 0 | BY15: 0 | BZ15: 0
A16: BKZ | B16: 5W | C16: werkdag | D16: interieur | E16: =IF(B16="","",VLOOKUP(B16,dagsoorttabel1,2,FALSE)) -> 1 | F16: 1 | G16: =IF(prodnorm43>0,1/ROUND(prodnorm43,4),0) -> 0 | H16: =ROUND(uurtarief43,2) -> 0 | I16: 1925.9 | J16: 0 | K16: 64.1 | L16: 50 | M16: 0 | N16: 0 | O16: 0 | P16: 0 | Q16: 0 | R16: 0 | S16: 31 | T16: 0 | U16: 0 | V16: 0 | W16: 0 | X16: 0 | Y16: 0 | Z16: 0 | AA16: 0 | AB16: 0 | AC16: 0 | AD16: 0 | AE16: 0 | AF16: 0 | AG16: 0 | AH16: 0 | AI16: 0 | AJ16: 0 | AK16: 0 | AL16: 0 | AM16: 0 | AN16: 0 | AO16: 0 | AP16: 0 | AQ16: 0 | AR16: 0 | AS16: 0 | AT16: 0 | AU16: 0 | AV16: 0 | AW16: 0 | AX16: 0 | AY16: 0 | AZ16: 0 | BA16: 0 | BB16: 0 | BC16: 0 | BD16: 0 | BE16: 0 | BF16: 0 | BG16: 0 | BH16: 0 | BI16: 0 | BJ16: 0 | BK16: 0 | BL16: 0 | BM16: 0 | BN16: 0 | BO16: 0 | BP16: 0 | BQ16: 0 | BR16: 0 | BS16: 0 | BT16: 0 | BU16: 0 | BV16: 0 | BW16: 0 | BX16: 0 | BY16: 0 | BZ16: 0
A17: BRH | B17: 5W | C17: werkdag | D17: interieur | E17: =IF(B17="","",VLOOKUP(B17,dagsoorttabel1,2,FALSE)) -> 1 | F17: 1 | G17: =IF(prodnorm44>0,1/ROUND(prodnorm44,4),0) -> 0 | H17: =ROUND(uurtarief44,2) -> 0 | I17: 14.8 | J17: 0 | K17: 0 | L17: 0 | M17: 0 | N17: 0 | O17: 0 | P17: 0 | Q17: 0 | R17: 0 | S17: 0 | T17: 0 | U17: 0 | V17: 0 | W17: 0 | X17: 0 | Y17: 0 | Z17: 0 | AA17: 0 | AB17: 0 | AC17: 0 | AD17: 0 | AE17: 0 | AF17: 0 | AG17: 0 | AH17: 0 | AI17: 0 | AJ17: 0 | AK17: 0 | AL17: 0 | AM17: 0 | AN17: 0 | AO17: 0 | AP17: 0 | AQ17: 0 | AR17: 0 | AS17: 0 | AT17: 0 | AU17: 0 | AV17: 0 | AW17: 0 | AX17: 0 | AY17: 0 | AZ17: 0 | BA17: 0 | BB17: 0 | BC17: 0 | BD17: 0 | BE17: 0 | BF17: 0 | BG17: 0 | BH17: 0 | BI17: 0 | BJ17: 0 | BK17: 0 | BL17: 0 | BM17: 0 | BN17: 0 | BO17: 0 | BP17: 0 | BQ17: 0 | BR17: 0 | BS17: 0 | BT17: 0 | BU17: 0 | BV17: 0 | BW17: 0 | BX17: 0 | BY17: 0 | BZ17: 0
A18: BVH | B18: 2W | C18: werkdag | D18: interieur | E18: =IF(B18="","",VLOOKUP(B18,dagsoorttabel1,2,FALSE)) -> 0.4 | F18: 1 | G18: =IF(prodnorm45>0,1/ROUND(prodnorm45,4),0) -> 0 | H18: =ROUND(uurtarief45,2) -> 0 | I18: 0 | J18: 0 | K18: 0 | L18: 0 | M18: 0 | N18: 0 | O18: 0 | P18: 0 | Q18: 0 | R18: 0 | S18: 0 | T18: 42 | U18: 0 | V18: 0 | W18: 0 | X18: 0 | Y18: 0 | Z18: 0 | AA18: 0 | AB18: 0 | AC18: 0 | AD18: 0 | AE18: 0 | AF18: 0 | AG18: 0 | AH18: 0 | AI18: 0 | AJ18: 0 | AK18: 0 | AL18: 0 | AM18: 0 | AN18: 0 | AO18: 0 | AP18: 82.6 | AQ18: 0 | AR18: 26.3 | AS18: 81.8 | AT18: 0 | AU18: 0 | AV18: 0 | AW18: 0 | AX18: 0 | AY18: 0 | AZ18: 0 | BA18: 0 | BB18: 0 | BC18: 0 | BD18: 0 | BE18: 0 | BF18: 0 | BG18: 0 | BH18: 0 | BI18: 0 | BJ18: 0 | BK18: 0 | BL18: 0 | BM18: 0 | BN18: 0 | BO18: 0 | BP18: 0 | BQ18: 0 | BR18: 0 | BS18: 0 | BT18: 0 | BU18: 0 | BV18: 0 | BW18: 0 | BX18: 0 | BY18: 0 | BZ18: 0
A19: BVH | B19: 3W | C19: werkdag | D19: interieur | E19: =IF(B19="","",VLOOKUP(B19,dagsoorttabel1,2,FALSE)) -> 0.6 | F19: 1 | G19: =IF(prodnorm46>0,1/ROUND(prodnorm46,4),0) -> 0 | H19: =ROUND(uurtarief46,2) -> 0 | I19: 0 | J19: 0 | K19: 0 | L19: 0 | M19: 0 | N19: 0 | O19: 0 | P19: 0 | Q19: 0 | R19: 0 | S19: 0 | T19: 43 | U19: 0 | V19: 0 | W19: 0 | X19: 0 | Y19: 0 | Z19: 0 | AA19: 10.6 | AB19: 0 | AC19: 45.6 | AD19: 0 | AE19: 0 | AF19: 0 | AG19: 0 | AH19: 0 | AI19: 0 | AJ19: 0 | AK19: 0 | AL19: 0 | AM19: 0 | AN19: 0 | AO19: 0 | AP19: 0 | AQ19: 0 | AR19: 0 | AS19: 0 | AT19: 0 | AU19: 88.4 | AV19: 0 | AW19: 0 | AX19: 0 | AY19: 0 | AZ19: 0 | BA19: 0 | BB19: 0 | BC19: 0 | BD19: 0 | BE19: 0 | BF19: 0 | BG19: 0 | BH19: 0 | BI19: 0 | BJ19: 0 | BK19: 0 | BL19: 0 | BM19: 0 | BN19: 0 | BO19: 0 | BP19: 0 | BQ19: 0 | BR19: 0 | BS19: 0 | BT19: 0 | BU19: 0 | BV19: 0 | BW19: 0 | BX19: 0 | BY19: 0 | BZ19: 0
A20: BVH | B20: 5W | C20: werkdag | D20: interieur | E20: =IF(B20="","",VLOOKUP(B20,dagsoorttabel1,2,FALSE)) -> 1 | F20: 1 | G20: =IF(prodnorm47>0,1/ROUND(prodnorm47,4),0) -> 0 | H20: =ROUND(uurtarief47,2) -> 0 | I20: 0 | J20: 0 | K20: 0 | L20: 0 | M20: 0 | N20: 0 | O20: 0 | P20: 0 | Q20: 0 | R20: 0 | S20: 105.8 | T20: 0 | U20: 0 | V20: 0 | W20: 0 | X20: 0 | Y20: 0 | Z20: 0 | AA20: 0 | AB20: 0 | AC20: 0 | AD20: 0 | AE20: 0 | AF20: 0 | AG20: 0 | AH20: 0 | AI20: 0 | AJ20: 0 | AK20: 0 | AL20: 0 | AM20: 0 | AN20: 0 | AO20: 0 | AP20: 0 | AQ20: 0 | AR20: 0 | AS20: 0 | AT20: 0 | AU20: 0 | AV20: 0 | AW20: 0 | AX20: 0 | AY20: 0 | AZ20: 0 | BA20: 0 | BB20: 0 | BC20: 0 | BD20: 0 | BE20: 0 | BF20: 0 | BG20: 0 | BH20: 0 | BI20: 0 | BJ20: 0 | BK20: 0 | BL20: 0 | BM20: 0 | BN20: 0 | BO20: 0 | BP20: 0 | BQ20: 0 | BR20: 0 | BS20: 0 | BT20: 0 | BU20: 0 | BV20: 0 | BW20: 0 | BX20: 0 | BY20: 0 | BZ20: 0
A21: BVZ | B21: 1W | C21: werkdag | D21: interieur | E21: =IF(B21="","",VLOOKUP(B21,dagsoorttabel1,2,FALSE)) -> 0.2 | F21: 1 | G21: =IF(prodnorm48>0,1/ROUND(prodnorm48,4),0) -> 0 | H21: =ROUND(uurtarief48,2) -> 0 | I21: 0 | J21: 0 | K21: 0 | L21: 0 | M21: 0 | N21: 0 | O21: 0 | P21: 0 | Q21: 0 | R21: 0 | S21: 0 | T21: 0 | U21: 0 | V21: 0 | W21: 0 | X21: 0 | Y21: 0 | Z21: 0 | AA21: 0 | AB21: 0 | AC21: 0 | AD21: 0 | AE21: 93.25 | AF21: 0 | AG21: 0 | AH21: 0 | AI21: 0 | AJ21: 0 | AK21: 0 | AL21: 0 | AM21: 0 | AN21: 0 | AO21: 0 | AP21: 0 | AQ21: 0 | AR21: 0 | AS21: 0 | AT21: 0 | AU21: 0 | AV21: 0 | AW21: 0 | AX21: 0 | AY21: 0 | AZ21: 0 | BA21: 0 | BB21: 0 | BC21: 0 | BD21: 0 | BE21: 0 | BF21: 0 | BG21: 0 | BH21: 0 | BI21: 0 | BJ21: 0 | BK21: 0 | BL21: 0 | BM21: 0 | BN21: 0 | BO21: 0 | BP21: 0 | BQ21: 0 | BR21: 0 | BS21: 0 | BT21: 0 | BU21: 0 | BV21: 0 | BW21: 0 | BX21: 0 | BY21: 0 | BZ21: 0
A22: BVZ | B22: 3W | C22: werkdag | D22: interieur | E22: =IF(B22="","",VLOOKUP(B22,dagsoorttabel1,2,FALSE)) -> 0.6 | F22: 1 | G22: =IF(prodnorm49>0,1/ROUND(prodnorm49,4),0) -> 0 | H22: =ROUND(uurtarief49,2) -> 0 | I22: 0 | J22: 0 | K22: 0 | L22: 0 | M22: 0 | N22: 0 | O22: 0 | P22: 0 | Q22: 0 | R22: 0 | S22: 0 | T22: 0 | U22: 0 | V22: 17 | W22: 0 | X22: 0 | Y22: 0 | Z22: 0 | AA22: 31.9 | AB22: 0 | AC22: 0 | AD22: 0 | AE22: 0 | AF22: 0 | AG22: 0 | AH22: 0 | AI22: 0 | AJ22: 0 | AK22: 0 | AL22: 0 | AM22: 0 | AN22: 0 | AO22: 0 | AP22: 0 | AQ22: 0 | AR22: 0 | AS22: 0 | AT22: 0 | AU22: 14.1 | AV22: 0 | AW22: 0 | AX22: 0 | AY22: 0 | AZ22: 0 | BA22: 0 | BB22: 0 | BC22: 0 | BD22: 0 | BE22: 0 | BF22: 0 | BG22: 0 | BH22: 0 | BI22: 0 | BJ22: 0 | BK22: 0 | BL22: 0 | BM22: 0 | BN22: 0 | BO22: 0 | BP22: 0 | BQ22: 0 | BR22: 0 | BS22: 0 | BT22: 0 | BU22: 0 | BV22: 0 | BW22: 0 | BX22: 0 | BY22: 0 | BZ22: 0
A23: BVZ | B23: 4W | C23: werkdag | D23: interieur | E23: =IF(B23="","",VLOOKUP(B23,dagsoorttabel1,2,FALSE)) -> 0.8 | F23: 1 | G23: =IF(prodnorm50>0,1/ROUND(prodnorm50,4),0) -> 0 | H23: =ROUND(uurtarief50,2) -> 0 | I23: 27.7 | J23: 0 | K23: 0 | L23: 0 | M23: 0 | N23: 0 | O23: 0 | P23: 0 | Q23: 0 | R23: 0 | S23: 0 | T23: 0 | U23: 0 | V23: 0 | W23: 0 | X23: 0 | Y23: 0 | Z23: 0 | AA23: 0 | AB23: 0 | AC23: 0 | AD23: 0 | AE23: 0 | AF23: 0 | AG23: 0 | AH23: 0 | AI23: 0 | AJ23: 0 | AK23: 0 | AL23: 0 | AM23: 0 | AN23: 0 | AO23: 0 | AP23: 0 | AQ23: 0 | AR23: 0 | AS23: 0 | AT23: 0 | AU23: 0 | AV23: 0 | AW23: 0 | AX23: 0 | AY23: 0 | AZ23: 0 | BA23: 0 | BB23: 0 | BC23: 0 | BD23: 0 | BE23: 0 | BF23: 0 | BG23: 0 | BH23: 0 | BI23: 0 | BJ23: 0 | BK23: 0 | BL23: 0 | BM23: 0 | BN23: 0 | BO23: 0 | BP23: 0 | BQ23: 0 | BR23: 0 | BS23: 0 | BT23: 0 | BU23: 0 | BV23: 0 | BW23: 0 | BX23: 0 | BY23: 0 | BZ23: 0
A24: BVZ | B24: 5W | C24: werkdag | D24: interieur | E24: =IF(B24="","",VLOOKUP(B24,dagsoorttabel1,2,FALSE)) -> 1 | F24: 1 | G24: =IF(prodnorm51>0,1/ROUND(prodnorm51,4),0) -> 0 | H24: =ROUND(uurtarief51,2) -> 0 | I24: 471.4 | J24: 0 | K24: 18 | L24: 0 | M24: 0 | N24: 0 | O24: 0 | P24: 0 | Q24: 0 | R24: 0 | S24: 22.4 | T24: 0 | U24: 0 | V24: 0 | W24: 0 | X24: 0 | Y24: 0 | Z24: 0 | AA24: 0 | AB24: 0 | AC24: 0 | AD24: 0 | AE24: 0 | AF24: 0 | AG24: 0 | AH24: 0 | AI24: 0 | AJ24: 0 | AK24: 0 | AL24: 0 | AM24: 0 | AN24: 0 | AO24: 0 | AP24: 0 | AQ24: 0 | AR24: 0 | AS24: 0 | AT24: 0 | AU24: 0 | AV24: 0 | AW24: 0 | AX24: 0 | AY24: 0 | AZ24: 0 | BA24: 0 | BB24: 0 | BC24: 0 | BD24: 0 | BE24: 0 | BF24: 0 | BG24: 0 | BH24: 0 | BI24: 0 | BJ24: 0 | BK24: 0 | BL24: 0 | BM24: 0 | BN24: 0 | BO24: 0 | BP24: 0 | BQ24: 0 | BR24: 0 | BS24: 0 | BT24: 0 | BU24: 0 | BV24: 0 | BW24: 0 | BX24: 0 | BY24: 0 | BZ24: 0
A25: EAH | B25: 3W | C25: werkdag | D25: interieur | E25: =IF(B25="","",VLOOKUP(B25,dagsoorttabel1,2,FALSE)) -> 0.6 | F25: 1 | G25: =IF(prodnorm52>0,1/ROUND(prodnorm52,4),0) -> 0 | H25: =ROUND(uurtarief52,2) -> 0 | I25: 0 | J25: 0 | K25: 0 | L25: 0 | M25: 0 | N25: 0 | O25: 0 | P25: 0 | Q25: 0 | R25: 0 | S25: 0 | T25: 0 | U25: 0 | V25: 0 | W25: 0 | X25: 0 | Y25: 0 | Z25: 0 | AA25: 1.6 | AB25: 0 | AC25: 0 | AD25: 0 | AE25: 0 | AF25: 0 | AG25: 0 | AH25: 0 | AI25: 0 | AJ25: 0 | AK25: 0 | AL25: 0 | AM25: 0 | AN25: 0 | AO25: 0 | AP25: 0 | AQ25: 0 | AR25: 0 | AS25: 0 | AT25: 0 | AU25: 0 | AV25: 0 | AW25: 0 | AX25: 0 | AY25: 0 | AZ25: 0 | BA25: 0 | BB25: 0 | BC25: 0 | BD25: 0 | BE25: 0 | BF25: 0 | BG25: 0 | BH25: 0 | BI25: 0 | BJ25: 0 | BK25: 0 | BL25: 0 | BM25: 0 | BN25: 0 | BO25: 0 | BP25: 0 | BQ25: 0 | BR25: 0 | BS25: 0 | BT25: 0 | BU25: 0 | BV25: 0 | BW25: 0 | BX25: 0 | BY25: 0 | BZ25: 0
A26: EAH | B26: 5W | C26: werkdag | D26: interieur | E26: =IF(B26="","",VLOOKUP(B26,dagsoorttabel1,2,FALSE)) -> 1 | F26: 1 | G26: =IF(prodnorm53>0,1/ROUND(prodnorm53,4),0) -> 0 | H26: =ROUND(uurtarief53,2) -> 0 | I26: 0 | J26: 0 | K26: 29.8 | L26: 0 | M26: 0 | N26: 0 | O26: 43 | P26: 0 | Q26: 0 | R26: 0 | S26: 0 | T26: 0 | U26: 0 | V26: 0 | W26: 0 | X26: 0 | Y26: 0 | Z26: 0 | AA26: 0 | AB26: 0 | AC26: 0 | AD26: 0 | AE26: 0 | AF26: 0 | AG26: 0 | AH26: 0 | AI26: 0 | AJ26: 0 | AK26: 0 | AL26: 0 | AM26: 0 | AN26: 0 | AO26: 0 | AP26: 0 | AQ26: 0 | AR26: 0 | AS26: 0 | AT26: 0 | AU26: 0 | AV26: 0 | AW26: 0 | AX26: 0 | AY26: 0 | AZ26: 0 | BA26: 0 | BB26: 0 | BC26: 0 | BD26: 0 | BE26: 0 | BF26: 0 | BG26: 0 | BH26: 0 | BI26: 0 | BJ26: 0 | BK26: 0 | BL26: 0 | BM26: 0 | BN26: 0 | BO26: 0 | BP26: 0 | BQ26: 0 | BR26: 0 | BS26: 0 | BT26: 0 | BU26: 0 | BV26: 0 | BW26: 0 | BX26: 0 | BY26: 0 | BZ26: 0
A27: ERH | B27: 4J | C27: werkdag | D27: interieur | E27: =IF(B27="","",VLOOKUP(B27,dagsoorttabel1,2,FALSE)) -> 0.015686275 | F27: 1 | G27: =IF(prodnorm54>0,1/ROUND(prodnorm54,4),0) -> 0 | H27: =ROUND(uurtarief54,2) -> 0 | I27: 0 | J27: 0 | K27: 0 | L27: 0 | M27: 0 | N27: 0 | O27: 0 | P27: 0 | Q27: 0 | R27: 0 | S27: 0 | T27: 0 | U27: 0 | V27: 0 | W27: 0 | X27: 0 | Y27: 0 | Z27: 0 | AA27: 0 | AB27: 0 | AC27: 0 | AD27: 0 | AE27: 0 | AF27: 0 | AG27: 0 | AH27: 0 | AI27: 0 | AJ27: 0 | AK27: 123.1 | AL27: 0 | AM27: 0 | AN27: 0 | AO27: 0 | AP27: 0 | AQ27: 0 | AR27: 0 | AS27: 0 | AT27: 0 | AU27: 0 | AV27: 0 | AW27: 0 | AX27: 0 | AY27: 0 | AZ27: 0 | BA27: 0 | BB27: 0 | BC27: 0 | BD27: 0 | BE27: 0 | BF27: 0 | BG27: 0 | BH27: 0 | BI27: 0 | BJ27: 0 | BK27: 0 | BL27: 0 | BM27: 0 | BN27: 0 | BO27: 0 | BP27: 0 | BQ27: 0 | BR27: 0 | BS27: 0 | BT27: 0 | BU27: 0 | BV27: 0 | BW27: 0 | BX27: 0 | BY27: 0 | BZ27: 0
A28: LAH | B28: 1W | C28: werkdag | D28: interieur | E28: =IF(B28="","",VLOOKUP(B28,dagsoorttabel1,2,FALSE)) -> 0.2 | F28: 1 | G28: =IF(prodnorm55>0,1/ROUND(prodnorm55,4),0) -> 0 | H28: =ROUND(uurtarief55,2) -> 0 | I28: 0 | J28: 0 | K28: 0 | L28: 0 | M28: 0 | N28: 0 | O28: 0 | P28: 7.5 | Q28: 19 | R28: 0 | S28: 0 | T28: 0 | U28: 0 | V28: 0 | W28: 29 | X28: 0 | Y28: 0 | Z28: 0 | AA28: 0 | AB28: 0 | AC28: 0 | AD28: 8.5 | AE28: 0 | AF28: 0 | AG28: 0 | AH28: 0 | AI28: 0 | AJ28: 0 | AK28: 0 | AL28: 0 | AM28: 0 | AN28: 0 | AO28: 0 | AP28: 0 | AQ28: 0 | AR28: 0 | AS28: 0 | AT28: 0 | AU28: 0 | AV28: 0 | AW28: 0 | AX28: 0 | AY28: 0 | AZ28: 0 | BA28: 0 | BB28: 0 | BC28: 0 | BD28: 0 | BE28: 0 | BF28: 0 | BG28: 0 | BH28: 0 | BI28: 0 | BJ28: 0 | BK28: 0 | BL28: 0 | BM28: 0 | BN28: 0 | BO28: 0 | BP28: 0 | BQ28: 0 | BR28: 0 | BS28: 0 | BT28: 0 | BU28: 0 | BV28: 0 | BW28: 0 | BX28: 0 | BY28: 0 | BZ28: 0
A29: LAH | B29: 2W | C29: werkdag | D29: interieur | E29: =IF(B29="","",VLOOKUP(B29,dagsoorttabel1,2,FALSE)) -> 0.4 | F29: 1 | G29: =IF(prodnorm56>0,1/ROUND(prodnorm56,4),0) -> 0 | H29: =ROUND(uurtarief56,2) -> 0 | I29: 0 | J29: 0 | K29: 0 | L29: 0 | M29: 0 | N29: 0 | O29: 0 | P29: 0 | Q29: 0 | R29: 0 | S29: 0 | T29: 0 | U29: 14 | V29: 0 | W29: 0 | X29: 0 | Y29: 0 | Z29: 0 | AA29: 0 | AB29: 0 | AC29: 0 | AD29: 0 | AE29: 0 | AF29: 0 | AG29: 0 | AH29: 0 | AI29: 0 | AJ29: 0 | AK29: 0 | AL29: 0 | AM29: 0 | AN29: 0 | AO29: 0 | AP29: 0 | AQ29: 0 | AR29: 0 | AS29: 0 | AT29: 0 | AU29: 0 | AV29: 0 | AW29: 0 | AX29: 0 | AY29: 0 | AZ29: 0 | BA29: 0 | BB29: 0 | BC29: 0 | BD29: 0 | BE29: 0 | BF29: 0 | BG29: 0 | BH29: 0 | BI29: 0 | BJ29: 0 | BK29: 0 | BL29: 0 | BM29: 0 | BN29: 0 | BO29: 0 | BP29: 0 | BQ29: 0 | BR29: 0 | BS29: 0 | BT29: 0 | BU29: 0 | BV29: 0 | BW29: 0 | BX29: 0 | BY29: 0 | BZ29: 0
A30: LAH | B30: 3W | C30: werkdag | D30: interieur | E30: =IF(B30="","",VLOOKUP(B30,dagsoorttabel1,2,FALSE)) -> 0.6 | F30: 1 | G30: =IF(prodnorm57>0,1/ROUND(prodnorm57,4),0) -> 0 | H30: =ROUND(uurtarief57,2) -> 0 | I30: 0 | J30: 0 | K30: 0 | L30: 0 | M30: 0 | N30: 0 | O30: 0 | P30: 0 | Q30: 0 | R30: 0 | S30: 0 | T30: 15 | U30: 0 | V30: 6 | W30: 0 | X30: 0 | Y30: 11.1 | Z30: 9.8 | AA30: 0 | AB30: 15.96 | AC30: 27.7 | AD30: 0 | AE30: 0 | AF30: 0 | AG30: 0 | AH30: 0 | AI30: 0 | AJ30: 0 | AK30: 0 | AL30: 0 | AM30: 0 | AN30: 0 | AO30: 0 | AP30: 0 | AQ30: 0 | AR30: 0 | AS30: 0 | AT30: 0 | AU30: 0 | AV30: 0 | AW30: 0 | AX30: 0 | AY30: 0 | AZ30: 0 | BA30: 0 | BB30: 0 | BC30: 0 | BD30: 0 | BE30: 0 | BF30: 0 | BG30: 0 | BH30: 0 | BI30: 0 | BJ30: 0 | BK30: 0 | BL30: 0 | BM30: 0 | BN30: 0 | BO30: 0 | BP30: 0 | BQ30: 0 | BR30: 0 | BS30: 0 | BT30: 0 | BU30: 0 | BV30: 0 | BW30: 0 | BX30: 0 | BY30: 0 | BZ30: 0
A31: LAH | B31: 5W | C31: werkdag | D31: interieur | E31: =IF(B31="","",VLOOKUP(B31,dagsoorttabel1,2,FALSE)) -> 1 | F31: 1 | G31: =IF(prodnorm58>0,1/ROUND(prodnorm58,4),0) -> 0 | H31: =ROUND(uurtarief58,2) -> 0 | I31: 0 | J31: 0 | K31: 0 | L31: 26 | M31: 0 | N31: 0 | O31: 0 | P31: 0 | Q31: 0 | R31: 17.9 | S31: 0 | T31: 0 | U31: 0 | V31: 0 | W31: 0 | X31: 0 | Y31: 0 | Z31: 0 | AA31: 0 | AB31: 0 | AC31: 0 | AD31: 0 | AE31: 0 | AF31: 0 | AG31: 0 | AH31: 0 | AI31: 0 | AJ31: 0 | AK31: 0 | AL31: 0 | AM31: 0 | AN31: 0 | AO31: 0 | AP31: 0 | AQ31: 0 | AR31: 0 | AS31: 0 | AT31: 0 | AU31: 0 | AV31: 0 | AW31: 0 | AX31: 0 | AY31: 0 | AZ31: 0 | BA31: 0 | BB31: 0 | BC31: 0 | BD31: 0 | BE31: 0 | BF31: 0 | BG31: 0 | BH31: 0 | BI31: 0 | BJ31: 0 | BK31: 0 | BL31: 0 | BM31: 0 | BN31: 0 | BO31: 0 | BP31: 0 | BQ31: 0 | BR31: 0 | BS31: 0 | BT31: 0 | BU31: 0 | BV31: 0 | BW31: 0 | BX31: 0 | BY31: 0 | BZ31: 0
A32: MAH | B32: 12J | C32: werkdag | D32: interieur | E32: =IF(B32="","",VLOOKUP(B32,dagsoorttabel1,2,FALSE)) -> 0.047058824 | F32: 1 | G32: =IF(prodnorm59>0,1/ROUND(prodnorm59,4),0) -> 0 | H32: =ROUND(uurtarief59,2) -> 0 | I32: 0 | J32: 0 | K32: 7.2 | L32: 0 | M32: 0 | N32: 0 | O32: 0 | P32: 0 | Q32: 0 | R32: 0 | S32: 0 | T32: 0 | U32: 0 | V32: 0 | W32: 0 | X32: 0 | Y32: 0 | Z32: 2.2 | AA32: 17 | AB32: 0 | AC32: 6.9 | AD32: 0 | AE32: 0 | AF32: 0 | AG32: 0 | AH32: 0 | AI32: 0 | AJ32: 0 | AK32: 0 | AL32: 0 | AM32: 0 | AN32: 0 | AO32: 0 | AP32: 0 | AQ32: 0 | AR32: 0 | AS32: 0 | AT32: 0 | AU32: 0 | AV32: 0 | AW32: 0 | AX32: 0 | AY32: 0 | AZ32: 0 | BA32: 0 | BB32: 0 | BC32: 0 | BD32: 0 | BE32: 0 | BF32: 0 | BG32: 0 | BH32: 0 | BI32: 0 | BJ32: 0 | BK32: 0 | BL32: 0 | BM32: 0 | BN32: 0 | BO32: 0 | BP32: 0 | BQ32: 0 | BR32: 0 | BS32: 0 | BT32: 0 | BU32: 0 | BV32: 0 | BW32: 0 | BX32: 0 | BY32: 0 | BZ32: 0
A33: MAH | B33: 26J | C33: werkdag | D33: interieur | E33: =IF(B33="","",VLOOKUP(B33,dagsoorttabel1,2,FALSE)) -> 0.10196078 | F33: 1 | G33: =IF(prodnorm60>0,1/ROUND(prodnorm60,4),0) -> 0 | H33: =ROUND(uurtarief60,2) -> 0 | I33: 0 | J33: 0 | K33: 0 | L33: 0 | M33: 0 | N33: 0 | O33: 0 | P33: 0 | Q33: 0 | R33: 0 | S33: 0 | T33: 0 | U33: 0 | V33: 0 | W33: 0 | X33: 0 | Y33: 0 | Z33: 0 | AA33: 0 | AB33: 0 | AC33: 0 | AD33: 0 | AE33: 0 | AF33: 0 | AG33: 0 | AH33: 0 | AI33: 0 | AJ33: 0 | AK33: 0 | AL33: 0 | AM33: 0 | AN33: 0 | AO33: 20 | AP33: 0 | AQ33: 0 | AR33: 0 | AS33: 0 | AT33: 0 | AU33: 0 | AV33: 0 | AW33: 0 | AX33: 0 | AY33: 0 | AZ33: 0 | BA33: 0 | BB33: 0 | BC33: 0 | BD33: 0 | BE33: 0 | BF33: 0 | BG33: 0 | BH33: 0 | BI33: 0 | BJ33: 0 | BK33: 0 | BL33: 0 | BM33: 0 | BN33: 0 | BO33: 0 | BP33: 0 | BQ33: 0 | BR33: 0 | BS33: 0 | BT33: 0 | BU33: 0 | BV33: 0 | BW33: 0 | BX33: 0 | BY33: 0 | BZ33: 0
A34: MAH | B34: 2J | C34: werkdag | D34: interieur | E34: =IF(B34="","",VLOOKUP(B34,dagsoorttabel1,2,FALSE)) -> 0.0078431373 | F34: 1 | G34: =IF(prodnorm61>0,1/ROUND(prodnorm61,4),0) -> 0 | H34: =ROUND(uurtarief61,2) -> 0 | I34: 0 | J34: 0 | K34: 0 | L34: 0 | M34: 0 | N34: 0 | O34: 0 | P34: 0 | Q34: 0 | R34: 0 | S34: 0 | T34: 0 | U34: 0 | V34: 0 | W34: 0 | X34: 0 | Y34: 0 | Z34: 0 | AA34: 0 | AB34: 0 | AC34: 0 | AD34: 0 | AE34: 0 | AF34: 0 | AG34: 0 | AH34: 0 | AI34: 0 | AJ34: 0 | AK34: 0 | AL34: 0 | AM34: 0 | AN34: 0 | AO34: 0 | AP34: 0 | AQ34: 0 | AR34: 0 | AS34: 0 | AT34: 0 | AU34: 0 | AV34: 0 | AW34: 0 | AX34: 3.7 | AY34: 0 | AZ34: 0 | BA34: 0 | BB34: 0 | BC34: 0 | BD34: 0 | BE34: 0 | BF34: 0 | BG34: 0 | BH34: 0 | BI34: 0 | BJ34: 0 | BK34: 0 | BL34: 0 | BM34: 0 | BN34: 0 | BO34: 0 | BP34: 0 | BQ34: 0 | BR34: 0 | BS34: 0 | BT34: 0 | BU34: 0 | BV34: 0 | BW34: 0 | BX34: 0 | BY34: 0 | BZ34: 0
A35: MAH | B35: 2W | C35: werkdag | D35: interieur | E35: =IF(B35="","",VLOOKUP(B35,dagsoorttabel1,2,FALSE)) -> 0.4 | F35: 1 | G35: =IF(prodnorm62>0,1/ROUND(prodnorm62,4),0) -> 0 | H35: =ROUND(uurtarief62,2) -> 0 | I35: 0 | J35: 0 | K35: 0 | L35: 0 | M35: 0 | N35: 0 | O35: 0 | P35: 0 | Q35: 0 | R35: 0 | S35: 0 | T35: 0 | U35: 0 | V35: 0 | W35: 0 | X35: 0 | Y35: 0 | Z35: 0 | AA35: 0 | AB35: 0 | AC35: 0 | AD35: 0 | AE35: 0 | AF35: 0 | AG35: 0 | AH35: 0 | AI35: 0 | AJ35: 0 | AK35: 0 | AL35: 0 | AM35: 0 | AN35: 0 | AO35: 0 | AP35: 0 | AQ35: 0 | AR35: 12.55 | AS35: 0 | AT35: 0 | AU35: 0 | AV35: 0 | AW35: 0 | AX35: 0 | AY35: 0 | AZ35: 0 | BA35: 0 | BB35: 0 | BC35: 0 | BD35: 0 | BE35: 0 | BF35: 0 | BG35: 0 | BH35: 0 | BI35: 0 | BJ35: 0 | BK35: 0 | BL35: 0 | BM35: 0 | BN35: 0 | BO35: 0 | BP35: 0 | BQ35: 0 | BR35: 0 | BS35: 0 | BT35: 0 | BU35: 0 | BV35: 0 | BW35: 0 | BX35: 0 | BY35: 0 | BZ35: 0
A36: MAH | B36: 4J | C36: werkdag | D36: interieur | E36: =IF(B36="","",VLOOKUP(B36,dagsoorttabel1,2,FALSE)) -> 0.015686275 | F36: 1 | G36: =IF(prodnorm63>0,1/ROUND(prodnorm63,4),0) -> 0 | H36: =ROUND(uurtarief63,2) -> 0 | I36: 0 | J36: 0 | K36: 0 | L36: 0 | M36: 0 | N36: 0 | O36: 0 | P36: 0 | Q36: 0 | R36: 0 | S36: 1.8 | T36: 0 | U36: 0 | V36: 15 | W36: 0 | X36: 0 | Y36: 13.8 | Z36: 0 | AA36: 0 | AB36: 0 | AC36: 7 | AD36: 0 | AE36: 0 | AF36: 0 | AG36: 0 | AH36: 0 | AI36: 0 | AJ36: 0 | AK36: 0 | AL36: 0 | AM36: 0 | AN36: 0 | AO36: 0 | AP36: 0 | AQ36: 0 | AR36: 0 | AS36: 0 | AT36: 0 | AU36: 0 | AV36: 0 | AW36: 0 | AX36: 0 | AY36: 0 | AZ36: 0 | BA36: 0 | BB36: 0 | BC36: 0 | BD36: 5.2 | BE36: 0 | BF36: 0 | BG36: 0 | BH36: 0 | BI36: 0 | BJ36: 0 | BK36: 0 | BL36: 0 | BM36: 0 | BN36: 0 | BO36: 0 | BP36: 0 | BQ36: 0 | BR36: 0 | BS36: 0 | BT36: 0 | BU36: 0 | BV36: 0 | BW36: 0 | BX36: 0 | BY36: 0 | BZ36: 0
A37: RKH | B37: 1W | C37: werkdag | D37: interieur | E37: =IF(B37="","",VLOOKUP(B37,dagsoorttabel1,2,FALSE)) -> 0.2 | F37: 1 | G37: =IF(prodnorm64>0,1/ROUND(prodnorm64,4),0) -> 0 | H37: =ROUND(uurtarief64,2) -> 0 | I37: 0 | J37: 0 | K37: 0 | L37: 0 | M37: 0 | N37: 0 | O37: 0 | P37: 0 | Q37: 0 | R37: 0 | S37: 0 | T37: 0 | U37: 0 | V37: 0 | W37: 0 | X37: 0 | Y37: 0 | Z37: 0 | AA37: 0 | AB37: 0 | AC37: 0 | AD37: 16.5 | AE37: 0 | AF37: 0 | AG37: 0 | AH37: 0 | AI37: 0 | AJ37: 0 | AK37: 0 | AL37: 0 | AM37: 0 | AN37: 0 | AO37: 0 | AP37: 0 | AQ37: 8.7 | AR37: 0 | AS37: 0 | AT37: 0 | AU37: 0 | AV37: 0 | AW37: 0 | AX37: 0 | AY37: 0 | AZ37: 0 | BA37: 0 | BB37: 0 | BC37: 0 | BD37: 0 | BE37: 0 | BF37: 0 | BG37: 0 | BH37: 0 | BI37: 0 | BJ37: 0 | BK37: 0 | BL37: 0 | BM37: 0 | BN37: 0 | BO37: 0 | BP37: 0 | BQ37: 0 | BR37: 0 | BS37: 0 | BT37: 0 | BU37: 0 | BV37: 0 | BW37: 0 | BX37: 0 | BY37: 0 | BZ37: 0
A38: RKH | B38: 3W | C38: werkdag | D38: interieur | E38: =IF(B38="","",VLOOKUP(B38,dagsoorttabel1,2,FALSE)) -> 0.6 | F38: 1 | G38: =IF(prodnorm65>0,1/ROUND(prodnorm65,4),0) -> 0 | H38: =ROUND(uurtarief65,2) -> 0 | I38: 0 | J38: 0 | K38: 0 | L38: 0 | M38: 0 | N38: 0 | O38: 0 | P38: 0 | Q38: 0 | R38: 0 | S38: 0 | T38: 0 | U38: 0 | V38: 0 | W38: 0 | X38: 0 | Y38: 0 | Z38: 7.4 | AA38: 37.9 | AB38: 0 | AC38: 0 | AD38: 0 | AE38: 0 | AF38: 0 | AG38: 0 | AH38: 0 | AI38: 0 | AJ38: 0 | AK38: 0 | AL38: 0 | AM38: 0 | AN38: 0 | AO38: 0 | AP38: 0 | AQ38: 0 | AR38: 0 | AS38: 0 | AT38: 0 | AU38: 2 | AV38: 0 | AW38: 0 | AX38: 0 | AY38: 0 | AZ38: 0 | BA38: 0 | BB38: 0 | BC38: 0 | BD38: 0 | BE38: 0 | BF38: 0 | BG38: 0 | BH38: 0 | BI38: 0 | BJ38: 0 | BK38: 0 | BL38: 0 | BM38: 0 | BN38: 0 | BO38: 0 | BP38: 0 | BQ38: 0 | BR38: 0 | BS38: 0 | BT38: 0 | BU38: 0 | BV38: 0 | BW38: 0 | BX38: 0 | BY38: 0 | BZ38: 0
A39: RKH | B39: 4J | C39: werkdag | D39: interieur | E39: =IF(B39="","",VLOOKUP(B39,dagsoorttabel1,2,FALSE)) -> 0.015686275 | F39: 1 | G39: =IF(prodnorm66>0,1/ROUND(prodnorm66,4),0) -> 0 | H39: =ROUND(uurtarief66,2) -> 0 | I39: 0 | J39: 0 | K39: 0 | L39: 0 | M39: 0 | N39: 0 | O39: 0 | P39: 0 | Q39: 0 | R39: 0 | S39: 0 | T39: 0 | U39: 0 | V39: 0 | W39: 0 | X39: 0 | Y39: 0 | Z39: 0 | AA39: 0 | AB39: 0 | AC39: 0 | AD39: 0 | AE39: 0 | AF39: 0 | AG39: 0 | AH39: 0 | AI39: 0 | AJ39: 0 | AK39: 2.5 | AL39: 0 | AM39: 0 | AN39: 0 | AO39: 0 | AP39: 0 | AQ39: 0 | AR39: 0 | AS39: 0 | AT39: 0 | AU39: 0 | AV39: 0 | AW39: 0 | AX39: 0 | AY39: 0 | AZ39: 0 | BA39: 0 | BB39: 0 | BC39: 0 | BD39: 9.8 | BE39: 0 | BF39: 0 | BG39: 0 | BH39: 0 | BI39: 0 | BJ39: 0 | BK39: 0 | BL39: 0 | BM39: 0 | BN39: 0 | BO39: 0 | BP39: 0 | BQ39: 0 | BR39: 0 | BS39: 0 | BT39: 0 | BU39: 0 | BV39: 0 | BW39: 0 | BX39: 0 | BY39: 0 | BZ39: 0
A40: RKH | B40: 4W | C40: werkdag | D40: interieur | E40: =IF(B40="","",VLOOKUP(B40,dagsoorttabel1,2,FALSE)) -> 0.8 | F40: 1 | G40: =IF(prodnorm67>0,1/ROUND(prodnorm67,4),0) -> 0 | H40: =ROUND(uurtarief67,2) -> 0 | I40: 0 | J40: 6.32 | K40: 0 | L40: 0 | M40: 0 | N40: 0 | O40: 0 | P40: 0 | Q40: 0 | R40: 0 | S40: 0 | T40: 0 | U40: 0 | V40: 0 | W40: 0 | X40: 0 | Y40: 0 | Z40: 0 | AA40: 0 | AB40: 0 | AC40: 0 | AD40: 0 | AE40: 0 | AF40: 0 | AG40: 0 | AH40: 0 | AI40: 0 | AJ40: 0 | AK40: 0 | AL40: 0 | AM40: 0 | AN40: 0 | AO40: 0 | AP40: 0 | AQ40: 0 | AR40: 0 | AS40: 0 | AT40: 0 | AU40: 0 | AV40: 0 | AW40: 0 | AX40: 0 | AY40: 0 | AZ40: 0 | BA40: 0 | BB40: 0 | BC40: 0 | BD40: 0 | BE40: 0 | BF40: 0 | BG40: 0 | BH40: 0 | BI40: 0 | BJ40: 0 | BK40: 0 | BL40: 0 | BM40: 0 | BN40: 0 | BO40: 0 | BP40: 0 | BQ40: 0 | BR40: 0 | BS40: 0 | BT40: 0 | BU40: 0 | BV40: 0 | BW40: 0 | BX40: 0 | BY40: 0 | BZ40: 0
A41: RKH | B41: 5W | C41: werkdag | D41: interieur | E41: =IF(B41="","",VLOOKUP(B41,dagsoorttabel1,2,FALSE)) -> 1 | F41: 1 | G41: =IF(prodnorm68>0,1/ROUND(prodnorm68,4),0) -> 0 | H41: =ROUND(uurtarief68,2) -> 0 | I41: 0 | J41: 0 | K41: 10.3 | L41: 0 | M41: 0 | N41: 0 | O41: 0 | P41: 0 | Q41: 0 | R41: 0 | S41: 7.3 | T41: 0 | U41: 0 | V41: 0 | W41: 0 | X41: 0 | Y41: 0 | Z41: 0 | AA41: 0 | AB41: 0 | AC41: 0 | AD41: 0 | AE41: 0 | AF41: 0 | AG41: 0 | AH41: 0 | AI41: 0 | AJ41: 0 | AK41: 0 | AL41: 0 | AM41: 0 | AN41: 0 | AO41: 0 | AP41: 0 | AQ41: 0 | AR41: 0 | AS41: 0 | AT41: 0 | AU41: 0 | AV41: 0 | AW41: 0 | AX41: 0 | AY41: 0 | AZ41: 0 | BA41: 0 | BB41: 0 | BC41: 0 | BD41: 0 | BE41: 0 | BF41: 0 | BG41: 0 | BH41: 0 | BI41: 0 | BJ41: 0 | BK41: 0 | BL41: 0 | BM41: 0 | BN41: 0 | BO41: 0 | BP41: 0 | BQ41: 0 | BR41: 0 | BS41: 0 | BT41: 0 | BU41: 0 | BV41: 0 | BW41: 0 | BX41: 0 | BY41: 0 | BZ41: 0
A42: RPH | B42: 1W | C42: werkdag | D42: interieur | E42: =IF(B42="","",VLOOKUP(B42,dagsoorttabel1,2,FALSE)) -> 0.2 | F42: 1 | G42: =IF(prodnorm69>0,1/ROUND(prodnorm69,4),0) -> 0 | H42: =ROUND(uurtarief69,2) -> 0 | I42: 0 | J42: 0 | K42: 0 | L42: 0 | M42: 0 | N42: 0 | O42: 0 | P42: 0 | Q42: 9 | R42: 0 | S42: 0 | T42: 0 | U42: 0 | V42: 4.4 | W42: 0 | X42: 0 | Y42: 0 | Z42: 0 | AA42: 0 | AB42: 0 | AC42: 0 | AD42: 0 | AE42: 0 | AF42: 0 | AG42: 0 | AH42: 0 | AI42: 0 | AJ42: 0 | AK42: 0 | AL42: 0 | AM42: 0 | AN42: 0 | AO42: 0 | AP42: 0 | AQ42: 0 | AR42: 0 | AS42: 0 | AT42: 0 | AU42: 0 | AV42: 0 | AW42: 0 | AX42: 0 | AY42: 0 | AZ42: 0 | BA42: 0 | BB42: 0 | BC42: 0 | BD42: 0 | BE42: 0 | BF42: 0 | BG42: 0 | BH42: 0 | BI42: 0 | BJ42: 0 | BK42: 0 | BL42: 0 | BM42: 0 | BN42: 0 | BO42: 0 | BP42: 0 | BQ42: 0 | BR42: 0 | BS42: 0 | BT42: 0 | BU42: 0 | BV42: 0 | BW42: 0 | BX42: 0 | BY42: 0 | BZ42: 0
A43: RPH | B43: 26J | C43: werkdag | D43: interieur | E43: =IF(B43="","",VLOOKUP(B43,dagsoorttabel1,2,FALSE)) -> 0.10196078 | F43: 1 | G43: =IF(prodnorm70>0,1/ROUND(prodnorm70,4),0) -> 0 | H43: =ROUND(uurtarief70,2) -> 0 | I43: 0 | J43: 0 | K43: 0 | L43: 0 | M43: 0 | N43: 0 | O43: 0 | P43: 0 | Q43: 0 | R43: 0 | S43: 0 | T43: 0 | U43: 0 | V43: 0 | W43: 0 | X43: 0 | Y43: 0 | Z43: 0 | AA43: 0 | AB43: 0 | AC43: 4.67 | AD43: 0 | AE43: 0 | AF43: 0 | AG43: 0 | AH43: 0 | AI43: 0 | AJ43: 0 | AK43: 0 | AL43: 0 | AM43: 0 | AN43: 0 | AO43: 0 | AP43: 0 | AQ43: 0 | AR43: 0 | AS43: 0 | AT43: 0 | AU43: 0 | AV43: 0 | AW43: 0 | AX43: 0 | AY43: 0 | AZ43: 0 | BA43: 0 | BB43: 0 | BC43: 0 | BD43: 0 | BE43: 0 | BF43: 0 | BG43: 0 | BH43: 0 | BI43: 0 | BJ43: 0 | BK43: 0 | BL43: 0 | BM43: 0 | BN43: 0 | BO43: 0 | BP43: 0 | BQ43: 0 | BR43: 0 | BS43: 0 | BT43: 0 | BU43: 0 | BV43: 0 | BW43: 0 | BX43: 0 | BY43: 0 | BZ43: 0
A44: RPH | B44: 2J | C44: werkdag | D44: interieur | E44: =IF(B44="","",VLOOKUP(B44,dagsoorttabel1,2,FALSE)) -> 0.0078431373 | F44: 1 | G44: =IF(prodnorm71>0,1/ROUND(prodnorm71,4),0) -> 0 | H44: =ROUND(uurtarief71,2) -> 0 | I44: 0 | J44: 0 | K44: 0 | L44: 0 | M44: 0 | N44: 0 | O44: 0 | P44: 0 | Q44: 0 | R44: 0 | S44: 0 | T44: 0 | U44: 0 | V44: 0 | W44: 0 | X44: 0 | Y44: 0 | Z44: 0 | AA44: 0 | AB44: 0 | AC44: 0 | AD44: 0 | AE44: 0 | AF44: 0 | AG44: 0 | AH44: 0 | AI44: 0 | AJ44: 0 | AK44: 0 | AL44: 0 | AM44: 0 | AN44: 0 | AO44: 0 | AP44: 0 | AQ44: 0 | AR44: 0 | AS44: 0 | AT44: 0 | AU44: 0 | AV44: 0 | AW44: 0 | AX44: 0 | AY44: 0 | AZ44: 0 | BA44: 0 | BB44: 0 | BC44: 0 | BD44: 0 | BE44: 0 | BF44: 0 | BG44: 0 | BH44: 0 | BI44: 0 | BJ44: 0 | BK44: 0 | BL44: 0 | BM44: 0 | BN44: 0 | BO44: 0 | BP44: 0 | BQ44: 0 | BR44: 0 | BS44: 0 | BT44: 9.6 | BU44: 0 | BV44: 0 | BW44: 0 | BX44: 0 | BY44: 0 | BZ44: 0
A45: RPH | B45: 3W | C45: werkdag | D45: interieur | E45: =IF(B45="","",VLOOKUP(B45,dagsoorttabel1,2,FALSE)) -> 0.6 | F45: 1 | G45: =IF(prodnorm72>0,1/ROUND(prodnorm72,4),0) -> 0 | H45: =ROUND(uurtarief72,2) -> 0 | I45: 0 | J45: 0 | K45: 0 | L45: 0 | M45: 0 | N45: 0 | O45: 0 | P45: 0 | Q45: 0 | R45: 0 | S45: 0 | T45: 0 | U45: 0 | V45: 0 | W45: 0 | X45: 0 | Y45: 0 | Z45: 0 | AA45: 0 | AB45: 5.16 | AC45: 0 | AD45: 0 | AE45: 0 | AF45: 0 | AG45: 0 | AH45: 0 | AI45: 0 | AJ45: 0 | AK45: 0 | AL45: 0 | AM45: 0 | AN45: 0 | AO45: 0 | AP45: 0 | AQ45: 0 | AR45: 0 | AS45: 0 | AT45: 0 | AU45: 18.5 | AV45: 0 | AW45: 0 | AX45: 0 | AY45: 0 | AZ45: 0 | BA45: 0 | BB45: 0 | BC45: 0 | BD45: 0 | BE45: 0 | BF45: 0 | BG45: 0 | BH45: 0 | BI45: 0 | BJ45: 0 | BK45: 0 | BL45: 0 | BM45: 0 | BN45: 0 | BO45: 0 | BP45: 0 | BQ45: 0 | BR45: 0 | BS45: 0 | BT45: 0 | BU45: 0 | BV45: 0 | BW45: 0 | BX45: 0 | BY45: 0 | BZ45: 0
A46: RPH | B46: 5W | C46: werkdag | D46: interieur | E46: =IF(B46="","",VLOOKUP(B46,dagsoorttabel1,2,FALSE)) -> 1 | F46: 1 | G46: =IF(prodnorm73>0,1/ROUND(prodnorm73,4),0) -> 0 | H46: =ROUND(uurtarief73,2) -> 0 | I46: 2 | J46: 0 | K46: 0 | L46: 0 | M46: 0 | N46: 0 | O46: 0 | P46: 0 | Q46: 0 | R46: 0 | S46: 0 | T46: 0 | U46: 0 | V46: 0 | W46: 0 | X46: 0 | Y46: 0 | Z46: 0 | AA46: 0 | AB46: 0 | AC46: 0 | AD46: 0 | AE46: 0 | AF46: 0 | AG46: 0 | AH46: 0 | AI46: 0 | AJ46: 0 | AK46: 0 | AL46: 0 | AM46: 0 | AN46: 0 | AO46: 0 | AP46: 0 | AQ46: 0 | AR46: 0 | AS46: 0 | AT46: 0 | AU46: 0 | AV46: 0 | AW46: 0 | AX46: 0 | AY46: 0 | AZ46: 0 | BA46: 0 | BB46: 0 | BC46: 0 | BD46: 0 | BE46: 0 | BF46: 0 | BG46: 0 | BH46: 0 | BI46: 0 | BJ46: 0 | BK46: 0 | BL46: 0 | BM46: 0 | BN46: 0 | BO46: 0 | BP46: 0 | BQ46: 0 | BR46: 0 | BS46: 0 | BT46: 0 | BU46: 0 | BV46: 0 | BW46: 0 | BX46: 0 | BY46: 0 | BZ46: 0
A47: RRH | B47: 1W | C47: werkdag | D47: interieur | E47: =IF(B47="","",VLOOKUP(B47,dagsoorttabel1,2,FALSE)) -> 0.2 | F47: 1 | G47: =IF(prodnorm74>0,1/ROUND(prodnorm74,4),0) -> 0 | H47: =ROUND(uurtarief74,2) -> 0 | I47: 0 | J47: 0 | K47: 0 | L47: 0 | M47: 0 | N47: 0 | O47: 0 | P47: 9.8 | Q47: 0 | R47: 0 | S47: 0 | T47: 0 | U47: 0 | V47: 0 | W47: 18 | X47: 0 | Y47: 0 | Z47: 0 | AA47: 0 | AB47: 0 | AC47: 0 | AD47: 0 | AE47: 44.6 | AF47: 0 | AG47: 0 | AH47: 0 | AI47: 0 | AJ47: 0 | AK47: 0 | AL47: 0 | AM47: 0 | AN47: 0 | AO47: 0 | AP47: 0 | AQ47: 0 | AR47: 0 | AS47: 0 | AT47: 0 | AU47: 0 | AV47: 0 | AW47: 0 | AX47: 0 | AY47: 0 | AZ47: 0 | BA47: 0 | BB47: 0 | BC47: 0 | BD47: 0 | BE47: 0 | BF47: 0 | BG47: 0 | BH47: 0 | BI47: 0 | BJ47: 0 | BK47: 0 | BL47: 0 | BM47: 0 | BN47: 0 | BO47: 0 | BP47: 0 | BQ47: 0 | BR47: 0 | BS47: 0 | BT47: 0 | BU47: 0 | BV47: 0 | BW47: 0 | BX47: 0 | BY47: 0 | BZ47: 0
A48: RRH | B48: 26J | C48: werkdag | D48: interieur | E48: =IF(B48="","",VLOOKUP(B48,dagsoorttabel1,2,FALSE)) -> 0.10196078 | F48: 1 | G48: =IF(prodnorm75>0,1/ROUND(prodnorm75,4),0) -> 0 | H48: =ROUND(uurtarief75,2) -> 0 | I48: 0 | J48: 0 | K48: 0 | L48: 0 | M48: 0 | N48: 0 | O48: 0 | P48: 0 | Q48: 0 | R48: 0 | S48: 0 | T48: 0 | U48: 0 | V48: 0 | W48: 0 | X48: 0 | Y48: 0 | Z48: 0 | AA48: 0 | AB48: 0 | AC48: 37.39 | AD48: 0 | AE48: 0 | AF48: 0 | AG48: 0 | AH48: 0 | AI48: 0 | AJ48: 0 | AK48: 0 | AL48: 0 | AM48: 0 | AN48: 0 | AO48: 15 | AP48: 0 | AQ48: 0 | AR48: 0 | AS48: 0 | AT48: 0 | AU48: 0 | AV48: 0 | AW48: 0 | AX48: 0 | AY48: 0 | AZ48: 0 | BA48: 0 | BB48: 0 | BC48: 0 | BD48: 0 | BE48: 0 | BF48: 0 | BG48: 0 | BH48: 0 | BI48: 0 | BJ48: 0 | BK48: 0 | BL48: 0 | BM48: 0 | BN48: 0 | BO48: 0 | BP48: 0 | BQ48: 0 | BR48: 0 | BS48: 0 | BT48: 0 | BU48: 0 | BV48: 0 | BW48: 0 | BX48: 0 | BY48: 0 | BZ48: 0
A49: RRH | B49: 2W | C49: werkdag | D49: interieur | E49: =IF(B49="","",VLOOKUP(B49,dagsoorttabel1,2,FALSE)) -> 0.4 | F49: 1 | G49: =IF(prodnorm76>0,1/ROUND(prodnorm76,4),0) -> 0 | H49: =ROUND(uurtarief76,2) -> 0 | I49: 0 | J49: 0 | K49: 0 | L49: 0 | M49: 0 | N49: 0 | O49: 0 | P49: 0 | Q49: 0 | R49: 0 | S49: 0 | T49: 0 | U49: 20.3 | V49: 0 | W49: 0 | X49: 0 | Y49: 0 | Z49: 0 | AA49: 0 | AB49: 0 | AC49: 0 | AD49: 0 | AE49: 0 | AF49: 0 | AG49: 0 | AH49: 0 | AI49: 0 | AJ49: 0 | AK49: 0 | AL49: 0 | AM49: 0 | AN49: 0 | AO49: 0 | AP49: 28.4 | AQ49: 0 | AR49: 45 | AS49: 52.6 | AT49: 0 | AU49: 0 | AV49: 0 | AW49: 0 | AX49: 0 | AY49: 0 | AZ49: 0 | BA49: 0 | BB49: 0 | BC49: 0 | BD49: 0 | BE49: 0 | BF49: 0 | BG49: 0 | BH49: 0 | BI49: 0 | BJ49: 0 | BK49: 0 | BL49: 0 | BM49: 0 | BN49: 0 | BO49: 0 | BP49: 0 | BQ49: 0 | BR49: 0 | BS49: 0 | BT49: 0 | BU49: 0 | BV49: 0 | BW49: 0 | BX49: 0 | BY49: 0 | BZ49: 0
A50: RRH | B50: 3W | C50: werkdag | D50: interieur | E50: =IF(B50="","",VLOOKUP(B50,dagsoorttabel1,2,FALSE)) -> 0.6 | F50: 1 | G50: =IF(prodnorm77>0,1/ROUND(prodnorm77,4),0) -> 0 | H50: =ROUND(uurtarief77,2) -> 0 | I50: 0 | J50: 0 | K50: 0 | L50: 0 | M50: 0 | N50: 0 | O50: 0 | P50: 0 | Q50: 0 | R50: 0 | S50: 0 | T50: 20 | U50: 0 | V50: 31 | W50: 0 | X50: 0 | Y50: 33.6 | Z50: 19.4 | AA50: 40 | AB50: 95.4 | AC50: 26 | AD50: 0 | AE50: 0 | AF50: 0 | AG50: 0 | AH50: 0 | AI50: 0 | AJ50: 0 | AK50: 0 | AL50: 0 | AM50: 0 | AN50: 0 | AO50: 0 | AP50: 0 | AQ50: 0 | AR50: 0 | AS50: 0 | AT50: 0 | AU50: 55.7 | AV50: 0 | AW50: 0 | AX50: 0 | AY50: 0 | AZ50: 0 | BA50: 0 | BB50: 0 | BC50: 0 | BD50: 0 | BE50: 0 | BF50: 0 | BG50: 0 | BH50: 0 | BI50: 0 | BJ50: 0 | BK50: 0 | BL50: 0 | BM50: 0 | BN50: 0 | BO50: 0 | BP50: 0 | BQ50: 0 | BR50: 0 | BS50: 0 | BT50: 0 | BU50: 0 | BV50: 0 | BW50: 0 | BX50: 0 | BY50: 0 | BZ50: 0
A51: RRH | B51: 4J | C51: werkdag | D51: interieur | E51: =IF(B51="","",VLOOKUP(B51,dagsoorttabel1,2,FALSE)) -> 0.015686275 | F51: 1 | G51: =IF(prodnorm78>0,1/ROUND(prodnorm78,4),0) -> 0 | H51: =ROUND(uurtarief78,2) -> 0 | I51: 0 | J51: 0 | K51: 0 | L51: 0 | M51: 0 | N51: 0 | O51: 0 | P51: 0 | Q51: 0 | R51: 0 | S51: 0 | T51: 0 | U51: 0 | V51: 0 | W51: 0 | X51: 0 | Y51: 0 | Z51: 0 | AA51: 0 | AB51: 0 | AC51: 0 | AD51: 0 | AE51: 0 | AF51: 0 | AG51: 0 | AH51: 0 | AI51: 0 | AJ51: 0 | AK51: 0 | AL51: 0 | AM51: 0 | AN51: 0 | AO51: 0 | AP51: 0 | AQ51: 0 | AR51: 0 | AS51: 0 | AT51: 10.8 | AU51: 0 | AV51: 0 | AW51: 0 | AX51: 0 | AY51: 0 | AZ51: 0 | BA51: 0 | BB51: 0 | BC51: 0 | BD51: 0 | BE51: 0 | BF51: 0 | BG51: 0 | BH51: 0 | BI51: 0 | BJ51: 0 | BK51: 0 | BL51: 0 | BM51: 0 | BN51: 0 | BO51: 0 | BP51: 0 | BQ51: 0 | BR51: 0 | BS51: 0 | BT51: 0 | BU51: 0 | BV51: 0 | BW51: 0 | BX51: 0 | BY51: 0 | BZ51: 0
A52: RRH | B52: 4W | C52: werkdag | D52: interieur | E52: =IF(B52="","",VLOOKUP(B52,dagsoorttabel1,2,FALSE)) -> 0.8 | F52: 1 | G52: =IF(prodnorm79>0,1/ROUND(prodnorm79,4),0) -> 0 | H52: =ROUND(uurtarief79,2) -> 0 | I52: 9.3 | J52: 0 | K52: 0 | L52: 0 | M52: 0 | N52: 0 | O52: 0 | P52: 0 | Q52: 0 | R52: 0 | S52: 0 | T52: 0 | U52: 0 | V52: 0 | W52: 0 | X52: 0 | Y52: 0 | Z52: 0 | AA52: 0 | AB52: 0 | AC52: 0 | AD52: 0 | AE52: 0 | AF52: 0 | AG52: 0 | AH52: 0 | AI52: 0 | AJ52: 0 | AK52: 0 | AL52: 0 | AM52: 0 | AN52: 0 | AO52: 0 | AP52: 0 | AQ52: 0 | AR52: 0 | AS52: 0 | AT52: 0 | AU52: 0 | AV52: 0 | AW52: 0 | AX52: 0 | AY52: 0 | AZ52: 0 | BA52: 0 | BB52: 0 | BC52: 0 | BD52: 0 | BE52: 0 | BF52: 0 | BG52: 0 | BH52: 0 | BI52: 0 | BJ52: 0 | BK52: 0 | BL52: 0 | BM52: 0 | BN52: 0 | BO52: 0 | BP52: 0 | BQ52: 0 | BR52: 0 | BS52: 0 | BT52: 0 | BU52: 0 | BV52: 0 | BW52: 0 | BX52: 0 | BY52: 0 | BZ52: 0
A53: RRH | B53: 5W | C53: werkdag | D53: interieur | E53: =IF(B53="","",VLOOKUP(B53,dagsoorttabel1,2,FALSE)) -> 1 | F53: 1 | G53: =IF(prodnorm80>0,1/ROUND(prodnorm80,4),0) -> 0 | H53: =ROUND(uurtarief80,2) -> 0 | I53: 155.2 | J53: 0 | K53: 112.6 | L53: 57 | M53: 19.7 | N53: 0 | O53: 0 | P53: 0 | Q53: 0 | R53: 47.2 | S53: 0 | T53: 0 | U53: 0 | V53: 0 | W53: 0 | X53: 0 | Y53: 0 | Z53: 0 | AA53: 0 | AB53: 0 | AC53: 0 | AD53: 0 | AE53: 0 | AF53: 0 | AG53: 0 | AH53: 0 | AI53: 0 | AJ53: 0 | AK53: 0 | AL53: 0 | AM53: 0 | AN53: 0 | AO53: 0 | AP53: 0 | AQ53: 0 | AR53: 0 | AS53: 0 | AT53: 0 | AU53: 0 | AV53: 0 | AW53: 0 | AX53: 0 | AY53: 0 | AZ53: 0 | BA53: 0 | BB53: 0 | BC53: 0 | BD53: 0 | BE53: 0 | BF53: 0 | BG53: 0 | BH53: 0 | BI53: 0 | BJ53: 0 | BK53: 0 | BL53: 0 | BM53: 0 | BN53: 0 | BO53: 0 | BP53: 0 | BQ53: 0 | BR53: 0 | BS53: 0 | BT53: 0 | BU53: 0 | BV53: 0 | BW53: 0 | BX53: 0 | BY53: 0 | BZ53: 0
A54: RRZ | B54: 4W | C54: werkdag | D54: interieur | E54: =IF(B54="","",VLOOKUP(B54,dagsoorttabel1,2,FALSE)) -> 0.8 | F54: 1 | G54: =IF(prodnorm81>0,1/ROUND(prodnorm81,4),0) -> 0 | H54: =ROUND(uurtarief81,2) -> 0 | I54: 90 | J54: 0 | K54: 0 | L54: 0 | M54: 0 | N54: 0 | O54: 0 | P54: 0 | Q54: 0 | R54: 0 | S54: 0 | T54: 0 | U54: 0 | V54: 0 | W54: 0 | X54: 0 | Y54: 0 | Z54: 0 | AA54: 0 | AB54: 0 | AC54: 0 | AD54: 0 | AE54: 0 | AF54: 0 | AG54: 0 | AH54: 0 | AI54: 0 | AJ54: 0 | AK54: 0 | AL54: 0 | AM54: 0 | AN54: 0 | AO54: 0 | AP54: 0 | AQ54: 0 | AR54: 0 | AS54: 0 | AT54: 0 | AU54: 0 | AV54: 0 | AW54: 0 | AX54: 0 | AY54: 0 | AZ54: 0 | BA54: 0 | BB54: 0 | BC54: 0 | BD54: 0 | BE54: 0 | BF54: 0 | BG54: 0 | BH54: 0 | BI54: 0 | BJ54: 0 | BK54: 0 | BL54: 0 | BM54: 0 | BN54: 0 | BO54: 0 | BP54: 0 | BQ54: 0 | BR54: 0 | BS54: 0 | BT54: 0 | BU54: 0 | BV54: 0 | BW54: 0 | BX54: 0 | BY54: 0 | BZ54: 0
A55: RRZ | B55: 5W | C55: werkdag | D55: interieur | E55: =IF(B55="","",VLOOKUP(B55,dagsoorttabel1,2,FALSE)) -> 1 | F55: 1 | G55: =IF(prodnorm82>0,1/ROUND(prodnorm82,4),0) -> 0 | H55: =ROUND(uurtarief82,2) -> 0 | I55: 347.3 | J55: 0 | K55: 0 | L55: 0 | M55: 0 | N55: 0 | O55: 0 | P55: 0 | Q55: 0 | R55: 0 | S55: 0 | T55: 0 | U55: 0 | V55: 0 | W55: 0 | X55: 0 | Y55: 0 | Z55: 0 | AA55: 0 | AB55: 0 | AC55: 0 | AD55: 0 | AE55: 0 | AF55: 0 | AG55: 0 | AH55: 0 | AI55: 0 | AJ55: 0 | AK55: 0 | AL55: 0 | AM55: 0 | AN55: 0 | AO55: 0 | AP55: 0 | AQ55: 0 | AR55: 0 | AS55: 0 | AT55: 0 | AU55: 0 | AV55: 0 | AW55: 0 | AX55: 0 | AY55: 0 | AZ55: 0 | BA55: 0 | BB55: 0 | BC55: 0 | BD55: 0 | BE55: 0 | BF55: 0 | BG55: 0 | BH55: 0 | BI55: 0 | BJ55: 0 | BK55: 0 | BL55: 0 | BM55: 0 | BN55: 0 | BO55: 0 | BP55: 0 | BQ55: 0 | BR55: 0 | BS55: 0 | BT55: 0 | BU55: 0 | BV55: 0 | BW55: 0 | BX55: 0 | BY55: 0 | BZ55: 0
A56: SDH | B56: 1W | C56: werkdag | D56: interieur | E56: =IF(B56="","",VLOOKUP(B56,dagsoorttabel1,2,FALSE)) -> 0.2 | F56: 1 | G56: =IF(prodnorm83>0,1/ROUND(prodnorm83,4),0) -> 0 | H56: =ROUND(uurtarief83,2) -> 0 | I56: 0 | J56: 0 | K56: 0 | L56: 0 | M56: 0 | N56: 0 | O56: 0 | P56: 0 | Q56: 0 | R56: 0 | S56: 0 | T56: 0 | U56: 0 | V56: 0 | W56: 2 | X56: 0 | Y56: 0 | Z56: 0 | AA56: 0 | AB56: 0 | AC56: 0 | AD56: 0 | AE56: 0 | AF56: 0 | AG56: 0 | AH56: 0 | AI56: 0 | AJ56: 0 | AK56: 0 | AL56: 0 | AM56: 0 | AN56: 0 | AO56: 0 | AP56: 0 | AQ56: 0 | AR56: 0 | AS56: 0 | AT56: 0 | AU56: 0 | AV56: 0 | AW56: 0 | AX56: 0 | AY56: 0 | AZ56: 0 | BA56: 0 | BB56: 0 | BC56: 0 | BD56: 0 | BE56: 0 | BF56: 0 | BG56: 0 | BH56: 0 | BI56: 0 | BJ56: 0 | BK56: 0 | BL56: 0 | BM56: 0 | BN56: 0 | BO56: 0 | BP56: 0 | BQ56: 0 | BR56: 0 | BS56: 0 | BT56: 0 | BU56: 0 | BV56: 0 | BW56: 0 | BX56: 0 | BY56: 0 | BZ56: 0
A57: SDH | B57: 2W | C57: werkdag | D57: interieur | E57: =IF(B57="","",VLOOKUP(B57,dagsoorttabel1,2,FALSE)) -> 0.4 | F57: 1 | G57: =IF(prodnorm84>0,1/ROUND(prodnorm84,4),0) -> 0 | H57: =ROUND(uurtarief84,2) -> 0 | I57: 0 | J57: 0 | K57: 0 | L57: 0 | M57: 0 | N57: 0 | O57: 0 | P57: 0 | Q57: 0 | R57: 0 | S57: 0 | T57: 0 | U57: 0 | V57: 0 | W57: 0 | X57: 0 | Y57: 0 | Z57: 0 | AA57: 0 | AB57: 0 | AC57: 0 | AD57: 0 | AE57: 0 | AF57: 0 | AG57: 0 | AH57: 0 | AI57: 0 | AJ57: 0 | AK57: 0 | AL57: 0 | AM57: 0 | AN57: 0 | AO57: 0 | AP57: 0 | AQ57: 0 | AR57: 1.4 | AS57: 0 | AT57: 0 | AU57: 0 | AV57: 0 | AW57: 0 | AX57: 0 | AY57: 0 | AZ57: 0 | BA57: 0 | BB57: 0 | BC57: 0 | BD57: 0 | BE57: 0 | BF57: 0 | BG57: 0 | BH57: 0 | BI57: 0 | BJ57: 0 | BK57: 0 | BL57: 0 | BM57: 0 | BN57: 0 | BO57: 0 | BP57: 0 | BQ57: 0 | BR57: 0 | BS57: 0 | BT57: 0 | BU57: 0 | BV57: 0 | BW57: 0 | BX57: 0 | BY57: 0 | BZ57: 0
A58: SDH | B58: 3W | C58: werkdag | D58: interieur | E58: =IF(B58="","",VLOOKUP(B58,dagsoorttabel1,2,FALSE)) -> 0.6 | F58: 1 | G58: =IF(prodnorm85>0,1/ROUND(prodnorm85,4),0) -> 0 | H58: =ROUND(uurtarief85,2) -> 0 | I58: 0 | J58: 0 | K58: 0 | L58: 0 | M58: 0 | N58: 0 | O58: 0 | P58: 0 | Q58: 0 | R58: 0 | S58: 0 | T58: 0 | U58: 0 | V58: 2 | W58: 0 | X58: 0 | Y58: 0 | Z58: 0 | AA58: 0 | AB58: 6.3 | AC58: 0 | AD58: 0 | AE58: 0 | AF58: 0 | AG58: 0 | AH58: 0 | AI58: 0 | AJ58: 0 | AK58: 0 | AL58: 0 | AM58: 0 | AN58: 0 | AO58: 0 | AP58: 0 | AQ58: 0 | AR58: 0 | AS58: 0 | AT58: 0 | AU58: 3.3 | AV58: 0 | AW58: 0 | AX58: 0 | AY58: 0 | AZ58: 0 | BA58: 0 | BB58: 0 | BC58: 0 | BD58: 0 | BE58: 0 | BF58: 0 | BG58: 0 | BH58: 0 | BI58: 0 | BJ58: 0 | BK58: 0 | BL58: 0 | BM58: 0 | BN58: 0 | BO58: 0 | BP58: 0 | BQ58: 0 | BR58: 0 | BS58: 0 | BT58: 0 | BU58: 0 | BV58: 0 | BW58: 0 | BX58: 0 | BY58: 0 | BZ58: 0
A59: SDH | B59: 5W | C59: werkdag | D59: interieur | E59: =IF(B59="","",VLOOKUP(B59,dagsoorttabel1,2,FALSE)) -> 1 | F59: 1 | G59: =IF(prodnorm86>0,1/ROUND(prodnorm86,4),0) -> 0 | H59: =ROUND(uurtarief86,2) -> 0 | I59: 5.4 | J59: 0 | K59: 0 | L59: 3 | M59: 0 | N59: 0 | O59: 0 | P59: 0 | Q59: 0 | R59: 0 | S59: 0 | T59: 0 | U59: 0 | V59: 0 | W59: 0 | X59: 0 | Y59: 0 | Z59: 0 | AA59: 0 | AB59: 0 | AC59: 0 | AD59: 0 | AE59: 0 | AF59: 0 | AG59: 0 | AH59: 0 | AI59: 0 | AJ59: 0 | AK59: 0 | AL59: 0 | AM59: 0 | AN59: 0 | AO59: 0 | AP59: 0 | AQ59: 0 | AR59: 0 | AS59: 0 | AT59: 0 | AU59: 0 | AV59: 0 | AW59: 0 | AX59: 0 | AY59: 0 | AZ59: 0 | BA59: 0 | BB59: 0 | BC59: 0 | BD59: 0 | BE59: 0 | BF59: 0 | BG59: 0 | BH59: 0 | BI59: 0 | BJ59: 0 | BK59: 0 | BL59: 0 | BM59: 0 | BN59: 0 | BO59: 0 | BP59: 0 | BQ59: 0 | BR59: 0 | BS59: 0 | BT59: 0 | BU59: 0 | BV59: 0 | BW59: 0 | BX59: 0 | BY59: 0 | BZ59: 0
A60: SDHN | B60: 5W | C60: werkdag | D60: interieur | E60: =IF(B60="","",VLOOKUP(B60,dagsoorttabel1,2,FALSE)) -> 1 | F60: 1 | G60: =IF(prodnorm87>0,1/ROUND(prodnorm87,4),0) -> 0 | H60: =ROUND(uurtarief87,2) -> 0 | I60: 5.4 | J60: 0 | K60: 0 | L60: 0 | M60: 0 | N60: 0 | O60: 0 | P60: 0 | Q60: 0 | R60: 0 | S60: 0 | T60: 0 | U60: 0 | V60: 0 | W60: 0 | X60: 0 | Y60: 0 | Z60: 0 | AA60: 0 | AB60: 0 | AC60: 0 | AD60: 0 | AE60: 0 | AF60: 0 | AG60: 0 | AH60: 0 | AI60: 0 | AJ60: 0 | AK60: 0 | AL60: 0 | AM60: 0 | AN60: 0 | AO60: 0 | AP60: 0 | AQ60: 0 | AR60: 0 | AS60: 0 | AT60: 0 | AU60: 0 | AV60: 0 | AW60: 0 | AX60: 0 | AY60: 0 | AZ60: 0 | BA60: 0 | BB60: 0 | BC60: 0 | BD60: 0 | BE60: 0 | BF60: 0 | BG60: 0 | BH60: 0 | BI60: 0 | BJ60: 0 | BK60: 0 | BL60: 0 | BM60: 0 | BN60: 0 | BO60: 0 | BP60: 0 | BQ60: 0 | BR60: 0 | BS60: 0 | BT60: 0 | BU60: 0 | BV60: 0 | BW60: 0 | BX60: 0 | BY60: 0 | BZ60: 0
A61: SKH | B61: 1W | C61: werkdag | D61: interieur | E61: =IF(B61="","",VLOOKUP(B61,dagsoorttabel1,2,FALSE)) -> 0.2 | F61: 1 | G61: =IF(prodnorm88>0,1/ROUND(prodnorm88,4),0) -> 0 | H61: =ROUND(uurtarief88,2) -> 0 | I61: 0 | J61: 0 | K61: 0 | L61: 0 | M61: 0 | N61: 0 | O61: 0 | P61: 0 | Q61: 0 | R61: 0 | S61: 0 | T61: 0 | U61: 0 | V61: 0 | W61: 12 | X61: 0 | Y61: 0 | Z61: 0 | AA61: 0 | AB61: 0 | AC61: 0 | AD61: 15.6 | AE61: 3.5 | AF61: 0 | AG61: 0 | AH61: 0 | AI61: 0 | AJ61: 0 | AK61: 0 | AL61: 0 | AM61: 0 | AN61: 0 | AO61: 0 | AP61: 0 | AQ61: 0 | AR61: 0 | AS61: 0 | AT61: 0 | AU61: 0 | AV61: 0 | AW61: 0 | AX61: 0 | AY61: 0 | AZ61: 0 | BA61: 0 | BB61: 0 | BC61: 0 | BD61: 0 | BE61: 0 | BF61: 0 | BG61: 0 | BH61: 0 | BI61: 0 | BJ61: 0 | BK61: 0 | BL61: 0 | BM61: 0 | BN61: 0 | BO61: 0 | BP61: 0 | BQ61: 0 | BR61: 0 | BS61: 0 | BT61: 0 | BU61: 0 | BV61: 0 | BW61: 0 | BX61: 0 | BY61: 0 | BZ61: 0
A62: SKH | B62: 26J | C62: werkdag | D62: interieur | E62: =IF(B62="","",VLOOKUP(B62,dagsoorttabel1,2,FALSE)) -> 0.10196078 | F62: 1 | G62: =IF(prodnorm89>0,1/ROUND(prodnorm89,4),0) -> 0 | H62: =ROUND(uurtarief89,2) -> 0 | I62: 0 | J62: 0 | K62: 0 | L62: 0 | M62: 0 | N62: 0 | O62: 0 | P62: 0 | Q62: 0 | R62: 0 | S62: 0 | T62: 0 | U62: 0 | V62: 0 | W62: 0 | X62: 5 | Y62: 0 | Z62: 0 | AA62: 0 | AB62: 0 | AC62: 0 | AD62: 0 | AE62: 0 | AF62: 0 | AG62: 0 | AH62: 0 | AI62: 0 | AJ62: 0 | AK62: 0 | AL62: 0 | AM62: 0 | AN62: 0 | AO62: 0 | AP62: 0 | AQ62: 0 | AR62: 0 | AS62: 0 | AT62: 0 | AU62: 0 | AV62: 0 | AW62: 0 | AX62: 0 | AY62: 0 | AZ62: 0 | BA62: 0 | BB62: 0 | BC62: 0 | BD62: 0 | BE62: 0 | BF62: 0 | BG62: 0 | BH62: 0 | BI62: 0 | BJ62: 0 | BK62: 0 | BL62: 0 | BM62: 0 | BN62: 0 | BO62: 0 | BP62: 0 | BQ62: 0 | BR62: 0 | BS62: 0 | BT62: 0 | BU62: 0 | BV62: 0 | BW62: 0 | BX62: 0 | BY62: 0 | BZ62: 0
A63: SKH | B63: 2W | C63: werkdag | D63: interieur | E63: =IF(B63="","",VLOOKUP(B63,dagsoorttabel1,2,FALSE)) -> 0.4 | F63: 1 | G63: =IF(prodnorm90>0,1/ROUND(prodnorm90,4),0) -> 0 | H63: =ROUND(uurtarief90,2) -> 0 | I63: 0 | J63: 0 | K63: 0 | L63: 0 | M63: 0 | N63: 0 | O63: 0 | P63: 0 | Q63: 0 | R63: 0 | S63: 0 | T63: 0 | U63: 11 | V63: 0 | W63: 0 | X63: 0 | Y63: 0 | Z63: 0 | AA63: 0 | AB63: 0 | AC63: 0 | AD63: 0 | AE63: 0 | AF63: 0 | AG63: 0 | AH63: 0 | AI63: 0 | AJ63: 0 | AK63: 0 | AL63: 0 | AM63: 0 | AN63: 0 | AO63: 0 | AP63: 14.5 | AQ63: 0 | AR63: 0 | AS63: 17.6 | AT63: 0 | AU63: 0 | AV63: 0 | AW63: 0 | AX63: 0 | AY63: 0 | AZ63: 0 | BA63: 0 | BB63: 0 | BC63: 0 | BD63: 0 | BE63: 0 | BF63: 0 | BG63: 0 | BH63: 0 | BI63: 0 | BJ63: 0 | BK63: 0 | BL63: 0 | BM63: 0 | BN63: 0 | BO63: 0 | BP63: 0 | BQ63: 0 | BR63: 0 | BS63: 0 | BT63: 0 | BU63: 0 | BV63: 0 | BW63: 0 | BX63: 0 | BY63: 0 | BZ63: 0
A64: SKH | B64: 3W | C64: werkdag | D64: interieur | E64: =IF(B64="","",VLOOKUP(B64,dagsoorttabel1,2,FALSE)) -> 0.6 | F64: 1 | G64: =IF(prodnorm91>0,1/ROUND(prodnorm91,4),0) -> 0 | H64: =ROUND(uurtarief91,2) -> 0 | I64: 0 | J64: 0 | K64: 0 | L64: 0 | M64: 0 | N64: 0 | O64: 0 | P64: 0 | Q64: 0 | R64: 0 | S64: 0 | T64: 9 | U64: 0 | V64: 26 | W64: 0 | X64: 0 | Y64: 28.3 | Z64: 0 | AA64: 36.2 | AB64: 17.2 | AC64: 18.6 | AD64: 0 | AE64: 0 | AF64: 0 | AG64: 0 | AH64: 0 | AI64: 0 | AJ64: 0 | AK64: 0 | AL64: 0 | AM64: 0 | AN64: 0 | AO64: 0 | AP64: 0 | AQ64: 0 | AR64: 0 | AS64: 0 | AT64: 0 | AU64: 15.7 | AV64: 0 | AW64: 0 | AX64: 0 | AY64: 0 | AZ64: 0 | BA64: 0 | BB64: 0 | BC64: 0 | BD64: 0 | BE64: 0 | BF64: 0 | BG64: 0 | BH64: 0 | BI64: 0 | BJ64: 0 | BK64: 0 | BL64: 0 | BM64: 0 | BN64: 0 | BO64: 0 | BP64: 0 | BQ64: 0 | BR64: 0 | BS64: 0 | BT64: 0 | BU64: 0 | BV64: 0 | BW64: 0 | BX64: 0 | BY64: 0 | BZ64: 0
A65: SKH | B65: 5W | C65: werkdag | D65: interieur | E65: =IF(B65="","",VLOOKUP(B65,dagsoorttabel1,2,FALSE)) -> 1 | F65: 1 | G65: =IF(prodnorm92>0,1/ROUND(prodnorm92,4),0) -> 0 | H65: =ROUND(uurtarief92,2) -> 0 | I65: 62 | J65: 0 | K65: 51.5 | L65: 32 | M65: 0 | N65: 0 | O65: 0 | P65: 0 | Q65: 0 | R65: 42.5 | S65: 0 | T65: 0 | U65: 0 | V65: 0 | W65: 0 | X65: 0 | Y65: 0 | Z65: 0 | AA65: 0 | AB65: 0 | AC65: 0 | AD65: 0 | AE65: 0 | AF65: 0 | AG65: 0 | AH65: 0 | AI65: 0 | AJ65: 0 | AK65: 0 | AL65: 0 | AM65: 0 | AN65: 0 | AO65: 0 | AP65: 0 | AQ65: 0 | AR65: 0 | AS65: 0 | AT65: 0 | AU65: 0 | AV65: 0 | AW65: 0 | AX65: 0 | AY65: 0 | AZ65: 0 | BA65: 0 | BB65: 0 | BC65: 0 | BD65: 0 | BE65: 0 | BF65: 0 | BG65: 0 | BH65: 0 | BI65: 0 | BJ65: 0 | BK65: 0 | BL65: 0 | BM65: 0 | BN65: 0 | BO65: 0 | BP65: 0 | BQ65: 0 | BR65: 0 | BS65: 0 | BT65: 0 | BU65: 0 | BV65: 0 | BW65: 0 | BX65: 0 | BY65: 0 | BZ65: 0
A66: STH | B66: 12J | C66: werkdag | D66: interieur | E66: =IF(B66="","",VLOOKUP(B66,dagsoorttabel1,2,FALSE)) -> 0.047058824 | F66: 1 | G66: =IF(prodnorm93>0,1/ROUND(prodnorm93,4),0) -> 0 | H66: =ROUND(uurtarief93,2) -> 0 | I66: 0 | J66: 0 | K66: 0 | L66: 0 | M66: 0 | N66: 0 | O66: 0 | P66: 0 | Q66: 0 | R66: 0 | S66: 0 | T66: 0 | U66: 0 | V66: 0 | W66: 0 | X66: 0 | Y66: 0 | Z66: 0 | AA66: 0 | AB66: 0 | AC66: 0 | AD66: 0 | AE66: 0 | AF66: 0 | AG66: 0 | AH66: 0 | AI66: 0 | AJ66: 0 | AK66: 0 | AL66: 0 | AM66: 0 | AN66: 0 | AO66: 0 | AP66: 0 | AQ66: 0 | AR66: 0 | AS66: 0 | AT66: 0 | AU66: 0 | AV66: 0 | AW66: 0 | AX66: 0 | AY66: 0 | AZ66: 0 | BA66: 0 | BB66: 0 | BC66: 0 | BD66: 0 | BE66: 0 | BF66: 0 | BG66: 0 | BH66: 0 | BI66: 0 | BJ66: 0 | BK66: 0 | BL66: 0 | BM66: 0 | BN66: 0 | BO66: 0 | BP66: 0 | BQ66: 0 | BR66: 0 | BS66: 0 | BT66: 0 | BU66: 0 | BV66: 5 | BW66: 0 | BX66: 0 | BY66: 0 | BZ66: 0
A67: STH | B67: 1W | C67: werkdag | D67: interieur | E67: =IF(B67="","",VLOOKUP(B67,dagsoorttabel1,2,FALSE)) -> 0.2 | F67: 1 | G67: =IF(prodnorm94>0,1/ROUND(prodnorm94,4),0) -> 0 | H67: =ROUND(uurtarief94,2) -> 0 | I67: 0 | J67: 0 | K67: 0 | L67: 0 | M67: 0 | N67: 0 | O67: 0 | P67: 4.9 | Q67: 2 | R67: 0 | S67: 0 | T67: 0 | U67: 0 | V67: 6 | W67: 6 | X67: 0 | Y67: 0 | Z67: 0 | AA67: 0 | AB67: 0 | AC67: 0 | AD67: 7.6 | AE67: 7 | AF67: 0 | AG67: 0 | AH67: 0 | AI67: 0 | AJ67: 0 | AK67: 0 | AL67: 0 | AM67: 0 | AN67: 0 | AO67: 0 | AP67: 0 | AQ67: 6.5 | AR67: 0 | AS67: 0 | AT67: 0 | AU67: 0 | AV67: 0 | AW67: 0 | AX67: 0 | AY67: 0 | AZ67: 0 | BA67: 0 | BB67: 0 | BC67: 0 | BD67: 0 | BE67: 0 | BF67: 0 | BG67: 0 | BH67: 0 | BI67: 0 | BJ67: 0 | BK67: 0 | BL67: 0 | BM67: 0 | BN67: 0 | BO67: 0 | BP67: 0 | BQ67: 0 | BR67: 0 | BS67: 0 | BT67: 0 | BU67: 0 | BV67: 0 | BW67: 0 | BX67: 0 | BY67: 0 | BZ67: 0
A68: STH | B68: 26J | C68: werkdag | D68: interieur | E68: =IF(B68="","",VLOOKUP(B68,dagsoorttabel1,2,FALSE)) -> 0.10196078 | F68: 1 | G68: =IF(prodnorm95>0,1/ROUND(prodnorm95,4),0) -> 0 | H68: =ROUND(uurtarief95,2) -> 0 | I68: 0 | J68: 0 | K68: 0 | L68: 0 | M68: 0 | N68: 0 | O68: 0 | P68: 0 | Q68: 0 | R68: 0 | S68: 0 | T68: 0 | U68: 0 | V68: 0 | W68: 0 | X68: 3 | Y68: 0 | Z68: 0 | AA68: 0 | AB68: 0 | AC68: 1.04 | AD68: 0 | AE68: 0 | AF68: 0 | AG68: 0 | AH68: 0 | AI68: 0 | AJ68: 0 | AK68: 0 | AL68: 0 | AM68: 0 | AN68: 0 | AO68: 3 | AP68: 0 | AQ68: 0 | AR68: 0 | AS68: 0 | AT68: 0 | AU68: 0 | AV68: 0 | AW68: 0 | AX68: 0 | AY68: 0 | AZ68: 0 | BA68: 0 | BB68: 0 | BC68: 0 | BD68: 0 | BE68: 0 | BF68: 0 | BG68: 0 | BH68: 0 | BI68: 0 | BJ68: 0 | BK68: 0 | BL68: 0 | BM68: 0 | BN68: 0 | BO68: 0 | BP68: 0 | BQ68: 0 | BR68: 0 | BS68: 0 | BT68: 0 | BU68: 0 | BV68: 0 | BW68: 0 | BX68: 0 | BY68: 0 | BZ68: 0
